Workbook

Sheet 001
G1: Бюджеттік сұранымды жасау, ұсыну және қарау қағидаларына №4-қосымша
B2: Бюджеттік бағдарлама паспорты
B3: 333 Шымкент қаласының жұмыспен қамту және әлеуметтік қорғау басқармасы
B4: бюджеттiк бағдарлама әкiмшiсiнiң коды және атауы
B5: 2026 - 2028 жылдарға арналған
B6: Бюджеттік бағдарламаның коды мен атауы: | C6: 001 - «Жергілікті деңгейде халық үшін жұмыспен қамтуды қамтамасыз ету және әлеуметтік бағдарламаларды іске асыру саласындағы мемлекеттік саясатты іске асыру жөніндегі қызметтер»
B7: Мемлекеттік органдар функцияларының тізіліміне сәйкес мемлекеттік орган функциясының (функцияларының) коды мен атауы: | C7: 06 - «Әлеуметтiк көмек және әлеуметтiк қамсыздандыру»
B8: Мемлекеттік көрсетілетін қызметтер тізіліміне сәйкес мемлекеттік көрсетілетін қызметтің коды мен атауы: | C8: -
B9: Сипаттама (негіздеме), оның ішінде ағымдағы мәртебе: | C9: Шымкент қаласының жұмыспен қамту және әлеуметтік қорғау басқармасының бюджетінің жобасын үш жылдық кезеңге әзірлеу, 56 мемлекеттік әкімшілік қызметкерлер мен 34 келісім шартпен жұмыс істейтін тех персонал қызметкерлердің толығымен еңбек жалақысын төлеу және барлық құрал жабдықтармен қамтамасыз ету, қызметкерлердің біліктілігін арттыру, байланыс қызметтеріне ақы төлеу, өзгеде қорларды сатып алу, жабдықтарды ағымдағы жөндеу, қызметтер мен жұмыстарды сатып алу.
B10: Бюджеттік бағдарламаның түрі:
B11: мазмұнына байланысты: | C11: Мемлекеттік функцияларды, өкілеттіктерді жүзеге асыруға және олардан туындайтын мемлекеттік қызметтерді көрсетуге бағытталған бюджеттік бағдарлама
B12: мемлекеттік басқару деңгейіне байланысты: | C12: Республикалық маңызы бар қаланың бюджеті
B13: іске асыру тәсіліне байланысты: | C13: Жеке
B14: ағымдағы/даму | C14: ағымдағы
H15: (мың теңге)
B16: Көрсеткіштердің атауы | C16: Факт 2024 жыл | D16: 2025 жылғы есепті кезең | F16: Жоспарлы кезең
D17: Бекітілген | E17: Нақтыланған | F17: 2026 жыл | G17: 2027 жыл | H17: 2028 жыл
B18: Мемлекеттік жоспарлау жүйесі құжаттарының, бюджеттік бағдарлама әкімшісінің қызметінің көрсеткіштерін белгілейтін меншікті құжаттардың нысаналы индикаторы:
B19: Бюджеттік бағдарламаның түпкілікті нәтижесі:
B20: Бюджеттік бағдарламаның түпкілікті нәтижесінің нысаналы индикаторлардан ауытқуы
B21: Мемлекеттік жоспарлау жүйесінің құжаттарына, бюджеттік бағдарлама әкімшісінің қызметінің көрсеткіштерін белгілейтін меншікті құжаттарға сәйкес бюджет қаражатына қажеттілік
B22: Жоспар | C22: 565649 | D22: 583076 | E22: 622816 | F22: 604076 | G22: 655088 | H22: 665166
B23: Нысаналы индикаторларға қол жеткізу үшін жоспардың жоспарланған қаражаттан ауытқуы
B25: Бюджеттік кіші бағдарламаның коды мен атауы: 015 «Жергілікті бюджет қаражаты есебінен»
B26: 2026 жылға 604 076,0 мың теңге
B27: Іс-шаралар, барлығы, оның ішінде | C27: Іс-шара көрсеткіші | D27: Мемлекеттік жоспарлау жүйелері құжатының көрсеткіші (бар болған жағдайда) | E27: Ауытқу (бар болған жағдайда)
B28: Басқарманың мемлекеттік әкімшілік қызметшілерінің штаттық бірліктерін ұстау | C28: 56
B29: Басқарманың штаттан тыс техникалық қызметшілерінің штаттық бірліктерін ұстау | C29: 34
B31: 2027 жылға 655 088,0 мың теңге
B32: Іс-шаралар, барлығы, оның ішінде | C32: Іс-шара көрсеткіші | D32: Мемлекеттік жоспарлау жүйелері құжатының көрсеткіші (бар болған жағдайда) | E32: Ауытқу (бар болған жағдайда)
B33: Басқарманың мемлекеттік әкімшілік қызметшілерінің штаттық бірліктерін ұстау | C33: 56
B34: Басқарманың штаттан тыс техникалық қызметшілерінің штаттық бірліктерін ұстау | C34: 34
B36: 2028 жылға 665 166,0 мың теңге
B37: Іс-шаралар, барлығы, оның ішінде | C37: Іс-шара көрсеткіші | D37: Мемлекеттік жоспарлау жүйелері құжатының көрсеткіші (бар болған жағдайда) | E37: Ауытқу (бар болған жағдайда)
B38: Басқарманың мемлекеттік әкімшілік қызметшілерінің штаттық бірліктерін ұстау | C38: 56
B39: Басқарманың штаттан тыс техникалық қызметшілерінің штаттық бірліктерін ұстау | C39: 34
B42: Басқарма басшысының орынбасары | D42: К. Калдыкараев
C43: (қолы)
B44: Шоғырландырылған қаржылық есептілікті қалыптастыру және бюджеттік жоспарлау бөлімінің басшысы | D44: К. Даулбаева
C45: (қолы)
B46: Шоғырландырылған қаржылық есептілікті қалыптастыру және бюджеттік жоспарлау бөлімінің бас маманы | D46: Ж. Бейсембаева
C47: (қолы)

Sheet 001-рус
F1: Приложение 4 к Правилам составления, представления, рассмотрения бюджетного запроса
B2: Паспорт бюджетной программы
B3: 333 Управление занятости и социальной защиты города Шымкента
B4: Код и наименование администратора бюджетных программ
B5: на 2026 - 2028 годы
B6: Код и наименование бюджетной программы: | C6: 001 - «Услуги по реализации государственной политики на местном уровне в области обеспечения занятости и реализации социальных программ для населения на местном уровне»
B7: Код и наименование функции (функций) государственного органа (в соответствии с реестром функций государственных органов): | C7: 06 - «Социальная помощь и социальное обеспечение»
B8: Код и наименование государственной услуги (в соответствии с реестром государственных услуг): | C8: -
B9: Описание (обоснование), в том числе текущий статус: | C9: Разработка проекта бюджета Управления занятости и социальной защиты города Шымкента на трехлетний период, обеспечение полной выплаты заработной платы 56 государственным административным служащим и 34 техническим сотрудникам, работающим по трудовым договорам, а также обеспечение их всеми необходимыми оборудованием и материально-техническими средствами, повышение квалификации работников, оплата услуг связи, приобретение прочих материальных запасов, текущий ремонт оборудования, приобретение услуг и выполнение работ.
B10: Вид бюджетной программы:
B11: в зависимости от содержания: | C11: Бюджетная программа, направленная на осуществление государственных функций, полномочий и оказание вытекающих из них государственных услуг
B12: в зависимости от уровня государственного управления: | C12: Бюджет города республиканского значения
B13: в зависимости от способа реализации: | C13: Индивидуальная
B14: текущая/развития | C14: Текущий
H15: (тыс. тенге)
B16: Наименование показателей | C16: Факт 2024 год | D16: План текущего 2025 года | F16: Плановый период
D17: Утвержденный | E17: Уточненный | F17: 2026 год | G17: 2027 год | H17: 2028 год
B18: Целевой индикатор документов Системы государственного планирования, собственных документов, устанавливающих показатели деятельности администратора бюджетных программ:
B19: Конечный результат бюджетной программы:
B20: Отклонение конечного результата бюджетной программы от целевого индикатора
B21: Потребность в бюджетных средствах согласно документам Системы государственного планирования, собственных документов, устанавливающих показатели деятельности администратора бюджетных программ | K21: =SUM(K23-K22) -> 0
B22: План | C22: 565649 | D22: 583076 | E22: 622816 | F22: 604076 | G22: 655088 | H22: 665166 | K22: =F22+'026-рус'!F22+'003-рус'!F24+'004-рус'!F23+'007-рус'!F22+'008-рус'!F22+'009-рус'!F22+'015-рус'!F22+'053-рус'!F22+'013-рус'!F22+'023-рус'!F22+'066-рус'!F22+'034-рус'!F22+'076-рус'!F22+'077-рус'!F22+'032-рус'!F22+'002+-рус'!F22+'020-рус'!F22+'022-рус'!F22+'028-рус'!F22+'006-рус'!F22+'016-рус'!F22+'064-рус'!F22 -> 39951522
B23: Отклонение плана от запланированных средств для достижения целевых индикаторов | K23: 39951522
B25: Код и наименование бюджетной подпрограммы: 015 «За счет средств местного бюджета»
B26: на 2026 год 604 076,0 тыс. тенге
B27: Мероприятия, всего, в том числе: | C27: Показатель мероприятия | D27: Показатель документа Системы государственного планирования (при наличии) | E27: Отклонение (при наличии) | F27: Расходы тыс. тенге
B28: Содержание штатных единиц государственных административных служащих управления | C28: 56 | F28: 604076
B29: Содержание штатных единиц внештатных технических работников управления | C29: 34
B31: на 2027 год 655 088,0 тыс. тенге
B32: Мероприятия, всего, в том числе: | C32: Показатель мероприятия | D32: Показатель документа Системы государственного планирования (при наличии) | E32: Отклонение (при наличии) | F32: Расходы тыс. тенге
B33: Содержание штатных единиц государственных административных служащих управления | C33: 56 | F33: 655088
B34: Содержание штатных единиц внештатных технических работников управления | C34: 34
B36: на 2028 год 665 166,0 тыс. тенге
B37: Мероприятия, всего, в том числе: | C37: Показатель мероприятия | D37: Показатель документа Системы государственного планирования (при наличии) | E37: Отклонение (при наличии) | F37: Расходы тыс. тенге
B38: Содержание штатных единиц государственных административных служащих управления | C38: 56 | F38: 665166
B39: Содержание штатных единиц внештатных технических работников управления | C39: 34
B42: Заместитель руководителя управления | D42: К. Калдыкараев
C43: (подпись)
B44: Руководитель отдела формирование консолидированная финансовая отчетность и планирования бюджета | D44: К. Даулбаева
C45: (подпись)
B46: Главный специалист отдела формирование консолидированная финансовая отчетность и планирования бюджета | D46: Ж. Бейсембаева
C47: (подпись)

Sheet 026
G1: Бюджеттік сұранымды жасау, ұсыну және қарау қағидаларына №4-қосымша
B2: Бюджеттік бағдарлама паспорты
B3: 333 Шымкент қаласының жұмыспен қамту және әлеуметтік қорғау басқармасы
B4: бюджеттiк бағдарлама әкiмшiсiнiң коды және атауы
B5: 2026 - 2028 жылдарға арналған
B6: Бюджеттік бағдарламаның коды мен атауы: | C6: 026 - «Мемлекеттік органның күрделі шығыстары»
B7: Мемлекеттік органдар функцияларының тізіліміне сәйкес мемлекеттік орган функциясының (функцияларының) коды мен атауы: | C7: 06 - «Әлеуметтiк көмек және әлеуметтiк қамсыздандыру»
B8: Мемлекеттік көрсетілетін қызметтер тізіліміне сәйкес мемлекеттік көрсетілетін қызметтің коды мен атауы: | C8: -
B9: Сипаттама (негіздеме), оның ішінде ағымдағы мәртебе: | C9: Мемлекеттік органның күрделі шығыстарын мақсатты орындау және материалдық техникалық базасын 100% қамтамасыз ету
B10: Бюджеттік бағдарламаның түрі:
B11: мазмұнына байланысты: | C11: Мемлекеттік функцияларды, өкілеттіктерді жүзеге асыруға және олардан туындайтын мемлекеттік қызметтерді көрсетуге бағытталған бюджеттік бағдарлама
B12: мемлекеттік басқару деңгейіне байланысты: | C12: Республикалық маңызы бар қаланың бюджеті
B13: іске асыру тәсіліне байланысты: | C13: Жеке
B14: ағымдағы/даму | C14: ағымдағы
H15: (мың теңге)
B16: Көрсеткіштердің атауы | C16: Факт 2024 жыл | D16: 2025 жылғы есепті кезең | F16: Жоспарлы кезең
D17: Бекітілген | E17: Нақтыланған | F17: 2026 жыл | G17: 2027 жыл | H17: 2028 жыл
B18: Мемлекеттік жоспарлау жүйесі құжаттарының, бюджеттік бағдарлама әкімшісінің қызметінің көрсеткіштерін белгілейтін меншікті құжаттардың нысаналы индикаторы:
B19: Бюджеттік бағдарламаның түпкілікті нәтижесі:
B20: Бюджеттік бағдарламаның түпкілікті нәтижесінің нысаналы индикаторлардан ауытқуы
B21: Мемлекеттік жоспарлау жүйесінің құжаттарына, бюджеттік бағдарлама әкімшісінің қызметінің көрсеткіштерін белгілейтін меншікті құжаттарға сәйкес бюджет қаражатына қажеттілік
B22: Жоспар | C22: 4469 | F22: 30385
B23: Нысаналы индикаторларға қол жеткізу үшін жоспардың жоспарланған қаражаттан ауытқуы
B25: Бюджеттік кіші бағдарламаның коды мен атауы: 015 «Жергілікті бюджет қаражаты есебінен»
B26: 2026 жылға 30 385,0 мың теңге
B27: Іс-шаралар, барлығы, оның ішінде | C27: Іс-шара көрсеткіші | D27: Мемлекеттік жоспарлау жүйелері құжатының көрсеткіші (бар болған жағдайда) | E27: Ауытқу (бар болған жағдайда)
B28: Компьютер жиынтығының саны | C28: 45
B29: Принтер МФУ саны | C29: 40
B30: Салқындатқыш (Кондиционер) саны | C30: 17
B33: Басқарма басшысының орынбасары | D33: К. Калдыкараев
C34: (қолы)
B35: Шоғырландырылған қаржылық есептілікті қалыптастыру және бюджеттік жоспарлау бөлімінің басшысы | D35: К. Даулбаева
C36: (қолы)
B37: Шоғырландырылған қаржылық есептілікті қалыптастыру және бюджеттік жоспарлау бөлімінің бас маманы | D37: Ж. Бейсембаева
C38: (қолы)

Sheet 026-рус
F1: Приложение 4 к Правилам составления, представления, рассмотрения бюджетного запроса
B2: Паспорт бюджетной программы
B3: 333 Управление занятости и социальной защиты города Шымкента
B4: Код и наименование администратора бюджетных программ
B5: на 2026 - 2028 годы
B6: Код и наименование бюджетной программы: | C6: 026 - «Капитальные расходы государственного органа»
B7: Код и наименование функции (функций) государственного органа (в соответствии с реестром функций государственных органов): | C7: 06 - «Социальная помощь и социальное обеспечение»
B8: Код и наименование государственной услуги (в соответствии с реестром государственных услуг): | C8: -
B9: Описание (обоснование), в том числе текущий статус: | C9: Целевое исполнение капитальных расходов государственного органа и 100% обеспечение материально-технической базы
B10: Вид бюджетной программы:
B11: в зависимости от содержания: | C11: Осуществление капитальных расходов
B12: в зависимости от уровня государственного управления: | C12: Бюджет города республиканского значения
B13: в зависимости от способа реализации: | C13: Индивидуальная
B14: текущая/развития | C14: Текущий
H15: (тыс. тенге)
B16: Наименование показателей | C16: Факт 2024 год | D16: План текущего 2025 года | F16: Плановый период
D17: Утвержденный | E17: Уточненный | F17: 2026 год | G17: 2027 год | H17: 2028 год
B18: Целевой индикатор документов Системы государственного планирования, собственных документов, устанавливающих показатели деятельности администратора бюджетных программ:
B19: Конечный результат бюджетной программы:
B20: Отклонение конечного результата бюджетной программы от целевого индикатора
B21: Потребность в бюджетных средствах согласно документам Системы государственного планирования, собственных документов, устанавливающих показатели деятельности администратора бюджетных программ
B22: План | C22: 4469 | F22: 30385
B23: Отклонение плана от запланированных средств для достижения целевых индикаторов
B25: Код и наименование бюджетной подпрограммы: 015 «За счет средств местного бюджета»
B26: на 2026 год 30 385,0 тыс. тенге
B27: Мероприятия, всего, в том числе: | C27: Показатель мероприятия | D27: Показатель документа Системы государственного планирования (при наличии) | E27: Отклонение (при наличии) | F27: Расходы тыс. тенге
B28: Количество комплектов компьютеров | C28: 45
B29: Количество Принтер МФУ | C29: 40
B30: Количество кондиционеров | C30: 17
B33: Заместитель руководителя управления | D33: К. Калдыкараев
C34: (подпись)
B35: Руководитель отдела формирование консолидированная финансовая отчетность и планирования бюджета | D35: К. Даулбаева
C36: (подпись)
B37: Главный специалист отдела формирование консолидированная финансовая отчетность и планирования бюджета | D37: Ж. Бейсембаева
C38: (подпись)

Sheet 003
G1: Бюджеттік сұранымды жасау, ұсыну және қарау қағидаларына №4-қосымша
B2: Бюджеттік бағдарлама паспорты
B3: 333 Шымкент қаласының жұмыспен қамту және әлеуметтік қорғау басқармасы
B4: бюджеттiк бағдарлама әкiмшiсiнiң коды және атауы
B5: 2026 - 2028 жылдарға арналған
B6: Бюджеттік бағдарламаның коды мен атауы: | C6: 003 - «Жұмыспен қамту бағдарламасы»
B7: Мемлекеттік органдар функцияларының тізіліміне сәйкес мемлекеттік орган функциясының (функцияларының) коды мен атауы: | C7: 06 - «Әлеуметтiк көмек және әлеуметтiк қамсыздандыру»
B8: Мемлекеттік көрсетілетін қызметтер тізіліміне сәйкес мемлекеттік көрсетілетін қызметтің коды мен атауы: | C8: 701004 - Жұмыспен қамтуға жәрдемдесудің белсенді шараларына қатысуға жолдамалар беру
B9: Сипаттама (негіздеме), оның ішінде ағымдағы мәртебе: | C9: Шығындар жұмыссыз азаматтарды еңбек нарығында сұранысқа ие мамандықтар бойынша оқытуға, жаңа бизнес-идеяларды іске асыруға арналған гранттар беруге, бағдарламаға қатысушыларға өтеусіз және қайтарымсыз мемлекеттік гранттар ұсынуға, сондай-ақ жұмыссыз азаматтарды әлеуметтік жұмыс орындарына, жастар практикасына, қоғамдық жұмыстарға және алғашқы жұмыс орындарына жұмысқа орналастыруға бағытталады. Сонымен қатар, халықты жұмыспен қамтуға жәрдемдесу бойынша іс-шаралар қолданыстағы заңнамаға және мемлекеттік жоспарлау жүйесінің құжаттарына сәйкес жүзеге асырылуда. Бағдарламаның орындалуына тұрақты мониторинг жүргізіліп, жұмыспен қамту шараларына қатысушылардың саны, жұмысқа орналасуы және құрылған жұмыс орындарының нәтижелілігі бағаланады.
B10: Бюджеттік бағдарламаның түрі:
B11: мазмұнына байланысты: | C11: Мемлекеттік функцияларды, өкілеттіктерді жүзеге асыруға және олардан туындайтын мемлекеттік қызметтерді көрсетуге бағытталған бюджеттік бағдарлама
B12: мемлекеттік басқару деңгейіне байланысты: | C12: Республикалық маңызы бар қаланың бюджеті
B13: іске асыру тәсіліне байланысты: | C13: Жеке
B14: ағымдағы/даму | C14: ағымдағы
H15: (мың теңге)
B16: Көрсеткіштердің атауы | C16: Факт 2024 жыл | D16: 2025 жылғы есепті кезең | F16: Жоспарлы кезең
D17: Бекітілген | E17: Нақтыланған | F17: 2026 жыл | G17: 2027 жыл | H17: 2028 жыл
B18: Мемлекеттік жоспарлау жүйесі құжаттарының, бюджеттік бағдарлама әкімшісінің қызметінің көрсеткіштерін белгілейтін меншікті құжаттардың нысаналы индикаторы:
B19: Жұмыссыздық деңгейі | C19: 0.048 | D19: 0.048 | E19: 0.048 | F19: 0.048 | G19: 0.048 | H19: 0.048
B20: Жұмысқа орналастырылған азаматтардың, оның ішінде жастардың саны | C20: 26 622 оның ішінде жастар 13 573 | D20: 23 202 оның ішінде жастар 13 534 | E20: 23 202 оның ішінде жастар 13 534 | F20: 23 202 оның ішінде жастар 15 710 | G20: 23 202 оның ішінде жастар 20 060 | H20: 23 202 оның ішінде жастар 20 302
B21: Бюджеттік бағдарламаның түпкілікті нәтижесі:
B22: Бюджеттік бағдарламаның түпкілікті нәтижесінің нысаналы индикаторлардан ауытқуы
B23: Мемлекеттік жоспарлау жүйесінің құжаттарына, бюджеттік бағдарлама әкімшісінің қызметінің көрсеткіштерін белгілейтін меншікті құжаттарға сәйкес бюджет қаражатына қажеттілік
B24: Жоспар | C24: 6695982 | D24: 9115744 | E24: 5380174 | F24: =7365937-1269350 -> 6096587 | G24: 8390697 | H24: 9130793
B25: Нысаналы индикаторларға қол жеткізу үшін жоспардың жоспарланған қаражаттан ауытқуы
B27: Бюджеттік кіші бағдарламаның коды мен атауы: 015 «Жергілікті бюджет қаражаты есебінен»
B28: 2026 жылға 6 096 587,0 мың теңге
B29: Іс-шаралар, барлығы, оның ішінде | C29: Іс-шара көрсеткіші | D29: Мемлекеттік жоспарлау жүйелері құжатының көрсеткіші (бар болған жағдайда) | E29: Ауытқу (бар болған жағдайда) | F29: Шығыстар сомасы мың тенге
B30: Қоғамдық жұмыстар | C30: 1403 | F30: =1699033 -> 1699033
B31: Қысқа мерзімдік кәсіптік оқыту | C31: 450 | F31: =136967 -> 136967
B32: Жұмыссызды жұмыс берушілердегі жұмыс орнында кәсіптік оқыту | C32: 160 | F32: =80349.3 -> 80349.3
B33: Ваучерлер беру | C33: 50 | F33: =1081.3 -> 1081.3
B34: Жастар практикасы | C34: 3575 | F34: =2783138 -> 2783138
B35: Күміс жас жобасы | C35: =1503-908 -> 595 | F35: =1896037-1269350 -> 626687
B36: Мемлекеттік гранттарды беру (400 АЕК) | C36: 340 | F36: =588200 -> 588200
B37: Әлеуметтік жұмыс орындары | C37: 170 | F37: 176460
B38: Әлеуметтік жұмыс орындары мүгедектігі бар адамдарды жұмысқа орналастыру үшін арнайы жұмыс орындарын ұйымдастыру | C38: 3 | F38: 4671
B40: 2027 жылға 8 390 697,0 мың теңге
B41: Іс-шаралар, барлығы, оның ішінде | C41: Іс-шара көрсеткіші | D41: Мемлекеттік жоспарлау жүйелері құжатының көрсеткіші (бар болған жағдайда) | E41: Ауытқу (бар болған жағдайда) | F41: Шығыстар сомасы мың тенге
B42: Қоғамдық жұмыстар | C42: 1403 | F42: 1809421
B43: Қысқа мерзімдік кәсіптік оқыту | C43: 450 | F43: 140933
B44: Жұмыссызды жұмыс берушілердегі жұмыс орнында кәсіптік оқыту | C44: 160 | F44: 85491
B45: Ваучерлер беру | C45: 50 | F45: 1151.5
B46: Жастар практикасы | C46: 3442 | F46: 2853694
B47: Күміс жас жобасы | C47: 1800 | F47: 2570148
B48: Мемлекеттік гранттарды беру (400 АЕК) | C48: 400 | F48: 736960
B49: Әлеуметтік жұмыс орындары | C49: 170 | F49: 187925
B50: Әлеуметтік жұмыс орындары мүгедектігі бар адамдарды жұмысқа орналастыру үшін арнайы жұмыс орындарын ұйымдастыру | C50: 3 | F50: 4973.5
B52: 2028 жылға 9 130 793,0 мың теңге
B53: Іс-шаралар, барлығы, оның ішінде | C53: Іс-шара көрсеткіші | D53: Мемлекеттік жоспарлау жүйелері құжатының көрсеткіші (бар болған жағдайда) | E53: Ауытқу (бар болған жағдайда) | F53: Шығыстар сомасы мың тенге
B54: Қоғамдық жұмыстар | C54: 1403 | F54: 1917844.9
B55: Қысқа мерзімдік кәсіптік оқыту | C55: 450 | F55: 145079
B56: Жұмыссызды жұмыс берушілердегі жұмыс орнында кәсіптік оқыту | C56: 160 | F56: 90561
B57: Ваучерлер беру | C57: 50 | F57: 1221
B58: Жастар практикасы | C58: 3442 | F58: 3024693
B59: Күміс жас жобасы | C59: 1950 | F59: 2965815
B60: Мемлекеттік гранттарды беру (400 АЕК) | C60: 400 | F60: 781120
B61: Әлеуметтік жұмыс орындары | C61: 170 | F61: 199186
B62: Әлеуметтік жұмыс орындары мүгедектігі бар адамдарды жұмысқа орналастыру үшін арнайы жұмыс орындарын ұйымдастыру | C62: 3 | F62: 5273
B65: Басқарма басшысының орынбасары | D65: К. Калдыкараев
C66: (қолы)
B67: Шоғырландырылған қаржылық есептілікті қалыптастыру және бюджеттік жоспарлау бөлімінің басшысы | D67: К. Даулбаева
C68: (қолы)
B69: Жұмыспен қамтуды және еңбек нарығын үйлестіру бөлімінің басшысы | D69: З. Кадирова
C70: (қолы)

Sheet 003-рус
F1: Приложение 4 к Правилам составления, представления, рассмотрения бюджетного запроса
B2: Паспорт бюджетной программы
B3: 333 Управление занятости и социальной защиты города Шымкента
B4: Код и наименование администратора бюджетных программ
B5: на 2026 - 2028 годы
B6: Код и наименование бюджетной программы: | C6: 003 - «Программа занятости»
B7: Код и наименование функции (функций) государственного органа (в соответствии с реестром функций государственных органов): | C7: 06 - «Социальная помощь и социальное обеспечение»
B8: Код и наименование государственной услуги (в соответствии с реестром государственных услуг): | C8: 701004 - Выдача направлений для участия в активных мерах содействия занятости
B9: Описание (обоснование), в том числе текущий статус: | C9: Расходы направляются на обучение безработных граждан по востребованным на рынке труда профессиям, предоставление грантов на реализацию новых бизнес-идей, предоставление участникам программы безвозмездных и безвозвратных государственных грантов, а также на трудоустройство безработных граждан на социальные рабочие места, молодежную практику, общественные работы и первые рабочие места. Кроме того, мероприятия по содействию занятости населения реализуются в соответствии с действующим законодательством и документами Системы государственного планирования. Осуществляется постоянный мониторинг реализации программы, оцениваются количество участников мер содействия занятости, их трудоустройство и эффективность созданных рабочих мест.
B10: Вид бюджетной программы:
B11: в зависимости от содержания: | C11: Бюджетная программа, направленная на осуществление государственных функций, полномочий и оказание вытекающих из них государственных услуг
B12: в зависимости от уровня государственного управления: | C12: Бюджет города республиканского значения
B13: в зависимости от способа реализации: | C13: Индивидуальная
B14: текущая/развития | C14: Текущий
H15: (тыс. тенге)
B16: Наименование показателей | C16: Факт 2024 год | D16: План текущего 2025 года | F16: Плановый период
D17: Утвержденный | E17: Уточненный | F17: 2026 год | G17: 2027 год | H17: 2028 год
B18: Целевой индикатор документов Системы государственного планирования, собственных документов, устанавливающих показатели деятельности администратора бюджетных программ:
B19: Уровень безработицы | C19: 0.048 | D19: 0.048 | E19: 0.048 | F19: 0.048 | G19: 0.048 | H19: 0.048
B20: Количество трудоустроенных граждан, в том числе молодежи | C20: 26 622 в том числе молодежь 13 573 | D20: 23 202 в том числе молодежь 13 534 | E20: 23 202 в том числе молодежь 13 534 | F20: 23 202 в том числе молодежь 15 710 | G20: 23 202 в том числе молодежь 20 060 | H20: 23 202 в том числе молодежь 20 302
B21: Конечный результат бюджетной программы:
B22: Отклонение конечного результата бюджетной программы от целевого индикатора
B23: Потребность в бюджетных средствах согласно документам Системы государственного планирования, собственных документов, устанавливающих показатели деятельности администратора бюджетных программ
B24: План | C24: 6695982 | D24: 9115744 | E24: 5380174 | F24: =7365937-1269350 -> 6096587 | G24: 8390697 | H24: 9130793
B25: Отклонение плана от запланированных средств для достижения целевых индикаторов
B27: Код и наименование бюджетной подпрограммы: 015 «За счет средств местного бюджета»
B28: на 2026 год 6 096 587,0 тыс. тенге
B29: Мероприятия, всего, в том числе: | C29: Показатель мероприятия | D29: Показатель документа Системы государственного планирования (при наличии) | E29: Отклонение (при наличии) | F29: Расходы тыс. тенге
B30: Общественные работы | C30: =SUM('003'!C30) -> 1403 | F30: =SUM('003'!F30) -> 1699033
B31: Краткосрочное профессиональное обучение | C31: =SUM('003'!C31) -> 450 | F31: =SUM('003'!F31) -> 136967
B32: Профессиональное обучение безработных на рабочих местах у работодателей | C32: =SUM('003'!C32) -> 160 | F32: =SUM('003'!F32) -> 80349.3
B33: Выдача ваучеров | C33: =SUM('003'!C33) -> 50 | F33: =SUM('003'!F33) -> 1081.3
B34: Молодежная практика | C34: =SUM('003'!C34) -> 3575 | F34: =SUM('003'!F34) -> 2783138
B35: Проект «Серебряный возраст» | C35: =SUM('003'!C35) -> 595 | F35: =SUM('003'!F35) -> 626687
B36: Предоставление государственных грантов (400 МРП) | C36: =SUM('003'!C36) -> 340 | F36: =SUM('003'!F36) -> 588200
B37: Социальные рабочие места | C37: =SUM('003'!C37) -> 170 | F37: =SUM('003'!F37) -> 176460
B38: Организация специальных рабочих мест для трудоустройства лиц с инвалидностью в рамках социальных рабочих мест | C38: =SUM('003'!C38) -> 3 | F38: =SUM('003'!F38) -> 4671
B40: на 2027 год 8 390 697,0 тыс. тенге
B41: Мероприятия, всего, в том числе: | C41: Показатель мероприятия | D41: Показатель документа Системы государственного планирования (при наличии) | E41: Отклонение (при наличии) | F41: Расходы тыс. тенге
B42: Общественные работы | C42: 1403 | F42: 1809421
B43: Краткосрочное профессиональное обучение | C43: 450 | F43: 140933
B44: Профессиональное обучение безработных на рабочих местах у работодателей | C44: 160 | F44: 85491
B45: Выдача ваучеров | C45: 50 | F45: 1151.5
B46: Молодежная практика | C46: 3442 | F46: 2853694
B47: Проект «Серебряный возраст» | C47: 1800 | F47: 2570148
B48: Предоставление государственных грантов (400 МРП) | C48: 400 | F48: 736960
B49: Социальные рабочие места | C49: 170 | F49: 187925
B50: Организация специальных рабочих мест для трудоустройства лиц с инвалидностью в рамках социальных рабочих мест | C50: 3 | F50: 4973.5
B52: на 2028 год 9 130 793,0 тыс. тенге
B53: Мероприятия, всего, в том числе: | C53: Показатель мероприятия | D53: Показатель документа Системы государственного планирования (при наличии) | E53: Отклонение (при наличии) | F53: Расходы тыс. тенге
B54: Общественные работы | C54: 1403 | F54: 1917844.9
B55: Краткосрочное профессиональное обучение | C55: 450 | F55: 145079
B56: Профессиональное обучение безработных на рабочих местах у работодателей | C56: 160 | F56: 90561
B57: Выдача ваучеров | C57: 50 | F57: 1221
B58: Молодежная практика | C58: 3442 | F58: 3024693
B59: Проект «Серебряный возраст» | C59: 1950 | F59: 2965815
B60: Предоставление государственных грантов (400 МРП) | C60: 400 | F60: 781120
B61: Социальные рабочие места | C61: 170 | F61: 199186
B62: Организация специальных рабочих мест для трудоустройства лиц с инвалидностью в рамках социальных рабочих мест | C62: 3 | F62: 5273
B65: Заместитель руководителя управления | D65: К. Калдыкараев
C66: (подпись)
B67: Руководитель отдела формирование консолидированная финансовая отчетность и планирования бюджета | D67: К. Даулбаева
C68: (подпись)
B69: Руководитель отдела координации занятости и рынка труда | D69: З. Кадирова
C70: (подпись)

Sheet 004
G1: Бюджеттік сұранымды жасау, ұсыну және қарау қағидаларына №4-қосымша
B2: Бюджеттік бағдарлама паспорты
B3: 333 Шымкент қаласының жұмыспен қамту және әлеуметтік қорғау басқармасы
B4: бюджеттiк бағдарлама әкiмшiсiнiң коды және атауы
B5: 2026 - 2028 жылдарға арналған
B6: Бюджеттік бағдарламаның коды мен атауы: | C6: 004 - «Мемлекеттік атаулы әлеуметтік көмек»
B7: Мемлекеттік органдар функцияларының тізіліміне сәйкес мемлекеттік орган функциясының (функцияларының) коды мен атауы: | C7: 06 - «Әлеуметтiк көмек және әлеуметтiк қамсыздандыру»
B8: Мемлекеттік көрсетілетін қызметтер тізіліміне сәйкес мемлекеттік көрсетілетін қызметтің коды мен атауы: | C8: 704002 - "Мемлекеттік атаулы әлеуметтік көмек тағайындау"
B9: Сипаттама (негіздеме), оның ішінде ағымдағы мәртебе: | C9: Шығыстар жан басына шаққандағы орташа табысы кедейлік шегінен төмен халықты әлеуметтік қолдау үшін мемлекеттік атаулы әлеуметтік көмекті тағайындауға және төлеуге жіберіледі.
B10: Бюджеттік бағдарламаның түрі:
B11: мазмұнына байланысты: | C11: Мемлекеттік функцияларды, өкілеттіктерді жүзеге асыруға және олардан туындайтын мемлекеттік қызметтерді көрсетуге бағытталған бюджеттік бағдарлама
B12: мемлекеттік басқару деңгейіне байланысты: | C12: Республикалық маңызы бар қаланың бюджеті
B13: іске асыру тәсіліне байланысты: | C13: Жеке
B14: ағымдағы/даму | C14: ағымдағы
H15: (мың теңге)
B16: Көрсеткіштердің атауы | C16: Факт 2024 жыл | D16: 2025 жылғы есепті кезең | F16: Жоспарлы кезең
D17: Бекітілген | E17: Нақтыланған | F17: 2026 жыл | G17: 2027 жыл | H17: 2028 жыл
B18: Мемлекеттік жоспарлау жүйесі құжаттарының, бюджеттік бағдарлама әкімшісінің қызметінің көрсеткіштерін белгілейтін меншікті құжаттардың нысаналы индикаторы:
B19: Табысы ең төменгі күнкөріс деңгейінен /кедейлік шегінен төмен халықтың үлесі, % | C19: 0.056 | D19: 0.062 | E19: 0.062 | F19: 0.062 | G19: 0.06 | H19: 0.059
B20: Бюджеттік бағдарламаның түпкілікті нәтижесі:
B21: Бюджеттік бағдарламаның түпкілікті нәтижесінің нысаналы индикаторлардан ауытқуы
B22: Мемлекеттік жоспарлау жүйесінің құжаттарына, бюджеттік бағдарлама әкімшісінің қызметінің көрсеткіштерін белгілейтін меншікті құжаттарға сәйкес бюджет қаражатына қажеттілік
B23: Жоспар | C23: 5356543 | D23: 5710461 | E23: 3260741 | F23: 2634929 | G23: 4035172 | H23: 4240554
B24: Нысаналы индикаторларға қол жеткізу үшін жоспардың жоспарланған қаражаттан ауытқуы
B26: Бюджеттік кіші бағдарламаның коды мен атауы: 015 «Жергілікті бюджет қаражаты есебінен»
B27: 2026 жылға 2 634 929,0 мың теңге
B28: Іс-шаралар, барлығы, оның ішінде | C28: Іс-шара көрсеткіші | D28: Мемлекеттік жоспарлау жүйелері құжатының көрсеткіші (бар болған жағдайда) | E28: Ауытқу (бар болған жағдайда) | F28: Шығыстар сомасы мың тенге
B29: Атаулы әлеуметтік көмек алушылар саны | C29: =25500-13610 -> 11890 | F29: =3487439-1213604 -> 2273835
B30: Кепілдік берілген әлеуметтік топтама алушылар балалар саны | C30: =5566 -> 5566 | F30: =361094 -> 361094
B32: 2027 жылға 4 035 172,0 мың теңге
B33: Іс-шаралар, барлығы, оның ішінде | C33: Іс-шара көрсеткіші | D33: Мемлекеттік жоспарлау жүйелері құжатының көрсеткіші (бар болған жағдайда) | E33: Ауытқу (бар болған жағдайда) | F33: Шығыстар сомасы мың тенге
B34: Атаулы әлеуметтік көмек алушылар саны | C34: 39110 | F34: 3670045
B35: Кепілдік берілген әлеуметтік топтама алушылар балалар саны | C35: 5566 | F35: 365127
B37: 2028 жылға 4 240 554,0 мың теңге
B38: Іс-шаралар, барлығы, оның ішінде | C38: Іс-шара көрсеткіші | D38: Мемлекеттік жоспарлау жүйелері құжатының көрсеткіші (бар болған жағдайда) | E38: Ауытқу (бар болған жағдайда) | F38: Шығыстар сомасы мың тенге
B39: Атаулы әлеуметтік көмек алушылар саны | C39: 39110 | F39: 3853548
B40: Кепілдік берілген әлеуметтік топтама алушылар балалар саны | C40: 5566 | F40: 387006
B43: Басқарма басшысының орынбасары | D43: К. Калдыкараев
C44: (қолы)
B45: Шоғырландырылған қаржылық есептілікті қалыптастыру және бюджеттік жоспарлау бөлімінің басшысы | D45: К. Даулбаева
C46: (қолы)
B47: Әлеуметтік көмекті тағайындау және төлемдерін жүргізу бөлімінің басшысы м.у.а | D47: А. Байырбекова
C48: (қолы)

Sheet 004-рус
F1: Приложение 4 к Правилам составления, представления, рассмотрения бюджетного запроса
B2: Паспорт бюджетной программы
B3: 333 Управление занятости и социальной защиты города Шымкента
B4: Код и наименование администратора бюджетных программ
B5: на 2026 - 2028 годы
B6: Код и наименование бюджетной программы: | C6: 004 - «Государственная адресная социальная помощь»
B7: Код и наименование функции (функций) государственного органа (в соответствии с реестром функций государственных органов): | C7: 06 - «Социальная помощь и социальное обеспечение»
B8: Код и наименование государственной услуги (в соответствии с реестром государственных услуг): | C8: 704002 - "Назначение государственной адресной социальной помощи"
B9: Описание (обоснование), в том числе текущий статус: | C9: Расходы направляются на назначение и выплату государственной адресной социальной помощи для социальной поддержки населения, имеющего среднедушевой доход ниже черты бедности
B10: Вид бюджетной программы:
B11: в зависимости от содержания: | C11: Бюджетная программа, направленная на осуществление государственных функций, полномочий и оказание вытекающих из них государственных услуг
B12: в зависимости от уровня государственного управления: | C12: Бюджет города республиканского значения
B13: в зависимости от способа реализации: | C13: Индивидуальная
B14: текущая/развития | C14: Текущий
H15: (тыс. тенге)
B16: Наименование показателей | C16: Факт 2024 год | D16: План текущего 2025 года | F16: Плановый период
D17: Утвержденный | E17: Уточненный | F17: 2026 год | G17: 2027 год | H17: 2028 год
B18: Целевой индикатор документов Системы государственного планирования, собственных документов, устанавливающих показатели деятельности администратора бюджетных программ:
B19: Доля населения с доходами ниже прожиточного минимума / черты бедности, %. | C19: 0.056 | D19: 0.062 | E19: 0.062 | F19: 0.062 | G19: 0.06 | H19: 0.059
B20: Конечный результат бюджетной программы:
B21: Отклонение конечного результата бюджетной программы от целевого индикатора
B22: Потребность в бюджетных средствах согласно документам Системы государственного планирования, собственных документов, устанавливающих показатели деятельности администратора бюджетных программ
B23: План | C23: 5356543 | D23: 5710461 | E23: 3260741 | F23: 2634929 | G23: 4035172 | H23: 4240554
B24: Отклонение плана от запланированных средств для достижения целевых индикаторов
B26: Код и наименование бюджетной подпрограммы: 015 «За счет средств местного бюджета»
B27: на 2026 год 2 634 929,0 тыс. тенге
B28: Мероприятия, всего, в том числе: | C28: Показатель мероприятия | D28: Показатель документа Системы государственного планирования (при наличии) | E28: Отклонение (при наличии) | F28: Расходы тыс. тенге
B29: Количество получателей адресной социальной помощи АСП | C29: =SUM('004'!C29) -> 11890 | F29: =SUM('004'!F29) -> 2273835
B30: Количество детей получателей гарантированного социального пакета ГСП | C30: =SUM('004'!C30) -> 5566 | F30: =SUM('004'!F30) -> 361094
B32: на 2027 год 4 035 172,0 тыс. тенге
B33: Мероприятия, всего, в том числе: | C33: Показатель мероприятия | D33: Показатель документа Системы государственного планирования (при наличии) | E33: Отклонение (при наличии) | F33: Расходы тыс. тенге
B34: Количество получателей адресной социальной помощи АСП | C34: 39110 | F34: 3670045
B35: Количество детей получателей гарантированного социального пакета ГСП | C35: 5566 | F35: 365127
B37: на 2028 год 4 240 554,0 тыс. тенге
B38: Мероприятия, всего, в том числе: | C38: Показатель мероприятия | D38: Показатель документа Системы государственного планирования (при наличии) | E38: Отклонение (при наличии) | F38: Расходы тыс. тенге
B39: Количество получателей адресной социальной помощи АСП | C39: 39110 | F39: 3853548
B40: Количество детей получателей гарантированного социального пакета ГСП | C40: 5566 | F40: 387006
B43: Заместитель руководителя управления | D43: К. Калдыкараев
C44: (подпись)
B45: Руководитель отдела формирование консолидированная финансовая отчетность и планирования бюджета | D45: К. Даулбаева
C46: (подпись)
B47: И.о руководитель отдела назначения и выплат по социальной помощи | D47: А. Байырбекова
C48: (подпись)

Sheet 007
G1: Бюджеттік сұранымды жасау, ұсыну және қарау қағидаларына №4-қосымша
B2: Бюджеттік бағдарлама паспорты
B3: 333 Шымкент қаласының жұмыспен қамту және әлеуметтік қорғау басқармасы
B4: бюджеттiк бағдарлама әкiмшiсiнiң коды және атауы
B5: 2026 - 2028 жылдарға арналған
B6: Бюджеттік бағдарламаның коды мен атауы: | C6: 007 - «Тұрғын үйге көмек көрсету»
B7: Мемлекеттік органдар функцияларының тізіліміне сәйкес мемлекеттік орган функциясының (функцияларының) коды мен атауы: | C7: 06 - «Әлеуметтiк көмек және әлеуметтiк қамсыздандыру»
B8: Мемлекеттік көрсетілетін қызметтер тізіліміне сәйкес мемлекеттік көрсетілетін қызметтің коды мен атауы: | C8: 704007 - "Жергілікті өкілді органдардың шешімдері бойынша мұқтаж азаматтардың жекелеген санаттарына әлеуметтік көмек тағайындау"
B9: Сипаттама (негіздеме), оның ішінде ағымдағы мәртебе: | C9: Тұрғын үй көмегі аз қамтылған отбасыларға беріледі. Тұрғын үй көмегі тұрғын үйді (тұрғын үй ғимаратын) күтіп ұстау және коммуналдық қызметтерді пайдалану үшін төлем мөлшері арасындағы айырма ретінде айқындалады, рұқсат етілген шығыстардың белгіленген нормалар шегіндегі үлестің жалпы кірісінің 5 пайызында белгіленеді.
B10: Бюджеттік бағдарламаның түрі:
B11: мазмұнына байланысты: | C11: Мемлекеттік функцияларды, өкілеттіктерді жүзеге асыруға және олардан туындайтын мемлекеттік қызметтерді көрсетуге бағытталған бюджеттік бағдарлама
B12: мемлекеттік басқару деңгейіне байланысты: | C12: Республикалық маңызы бар қаланың бюджеті
B13: іске асыру тәсіліне байланысты: | C13: Жеке
B14: ағымдағы/даму | C14: ағымдағы
H15: (мың теңге)
B16: Көрсеткіштердің атауы | C16: Факт 2024 жыл | D16: 2025 жылғы есепті кезең | F16: Жоспарлы кезең
D17: Бекітілген | E17: Нақтыланған | F17: 2026 жыл | G17: 2027 жыл | H17: 2028 жыл
B18: Мемлекеттік жоспарлау жүйесі құжаттарының, бюджеттік бағдарлама әкімшісінің қызметінің көрсеткіштерін белгілейтін меншікті құжаттардың нысаналы индикаторы:
B19: Бюджеттік бағдарламаның түпкілікті нәтижесі:
B20: Бюджеттік бағдарламаның түпкілікті нәтижесінің нысаналы индикаторлардан ауытқуы
B21: Мемлекеттік жоспарлау жүйесінің құжаттарына, бюджеттік бағдарлама әкімшісінің қызметінің көрсеткіштерін белгілейтін меншікті құжаттарға сәйкес бюджет қаражатына қажеттілік
B22: Жоспар | C22: 16491 | D22: 34864 | E22: 8574 | F22: 11111 | G22: 12411 | H22: 14094
B23: Нысаналы индикаторларға қол жеткізу үшін жоспардың жоспарланған қаражаттан ауытқуы
B25: Бюджеттік кіші бағдарламаның коды мен атауы: 015 «Жергілікті бюджет қаражаты есебінен»
B26: 2026 жылға 11 111,0 мың теңге
B27: Іс-шаралар, барлығы, оның ішінде | C27: Іс-шара көрсеткіші | D27: Мемлекеттік жоспарлау жүйелері құжатының көрсеткіші (бар болған жағдайда) | E27: Ауытқу (бар болған жағдайда)
B28: Тұрғын үй көмегі тағайындалатын аз қамтылған отбасылар саны | C28: 136
B30: 2027 жылға 12 411,0 мың теңге
B31: Іс-шаралар, барлығы, оның ішінде | C31: Іс-шара көрсеткіші | D31: Мемлекеттік жоспарлау жүйелері құжатының көрсеткіші (бар болған жағдайда) | E31: Ауытқу (бар болған жағдайда)
B32: Тұрғын үй көмегі тағайындалатын аз қамтылған отбасылар саны | C32: 144
B34: 2028 жылға 14 094,0 мың теңге
B35: Іс-шаралар, барлығы, оның ішінде | C35: Іс-шара көрсеткіші | D35: Мемлекеттік жоспарлау жүйелері құжатының көрсеткіші (бар болған жағдайда) | E35: Ауытқу (бар болған жағдайда)
B36: Тұрғын үй көмегі тағайындалатын аз қамтылған отбасылар саны | C36: 155
B39: Басқарма басшысының орынбасары | D39: К. Калдыкараев
C40: (қолы)
B41: Шоғырландырылған қаржылық есептілікті қалыптастыру және бюджеттік жоспарлау бөлімінің басшысы | D41: К. Даулбаева
C42: (қолы)
B43: Әлеуметтік көмекті тағайындау және төлемдерін жүргізу бөлімінің басшысы м.у.а | D43: А. Байырбекова
C44: (қолы)

Sheet 007-рус
F1: Приложение 4 к Правилам составления, представления, рассмотрения бюджетного запроса
B2: Паспорт бюджетной программы
B3: 333 Управление занятости и социальной защиты города Шымкента
B4: Код и наименование администратора бюджетных программ
B5: на 2026 - 2028 годы
B6: Код и наименование бюджетной программы: | C6: 007 - «Оказание жилищной помощи»
B7: Код и наименование функции (функций) государственного органа (в соответствии с реестром функций государственных органов): | C7: 06 - «Социальная помощь и социальное обеспечение»
B8: Код и наименование государственной услуги (в соответствии с реестром государственных услуг): | C8: 704007 - "Назначение социальной помощи отдельным категориям нуждающихся граждан по решениям местных представительных органов"
B9: Описание (обоснование), в том числе текущий статус: | C9: Жилищная помощь предоставляется малообеспеченным семьям. Размер жилищной помощи определяется как разница между суммой расходов на содержание жилища (жилого здания) и оплату коммунальных услуг и долей расходов, установленной в размере 5% от совокупного дохода семьи в пределах утвержденных норм допустимых расходов
B10: Вид бюджетной программы:
B11: в зависимости от содержания: | C11: Бюджетная программа, направленная на осуществление государственных функций, полномочий и оказание вытекающих из них государственных услуг
B12: в зависимости от уровня государственного управления: | C12: Бюджет города республиканского значения
B13: в зависимости от способа реализации: | C13: Индивидуальная
B14: текущая/развития | C14: Текущий
H15: (тыс. тенге)
B16: Наименование показателей | C16: Факт 2024 год | D16: План текущего 2025 года | F16: Плановый период
D17: Утвержденный | E17: Уточненный | F17: 2026 год | G17: 2027 год | H17: 2028 год
B18: Целевой индикатор документов Системы государственного планирования, собственных документов, устанавливающих показатели деятельности администратора бюджетных программ:
B19: Конечный результат бюджетной программы:
B20: Отклонение конечного результата бюджетной программы от целевого индикатора
B21: Потребность в бюджетных средствах согласно документам Системы государственного планирования, собственных документов, устанавливающих показатели деятельности администратора бюджетных программ
B22: План | C22: 16491 | D22: 34864 | E22: 8574 | F22: 11111 | G22: 12411 | H22: 14094
B23: Отклонение плана от запланированных средств для достижения целевых индикаторов
B25: Код и наименование бюджетной подпрограммы: 015 «За счет средств местного бюджета»
B26: на 2026 год 11 111,0 тыс. тенге
B27: Мероприятия, всего, в том числе: | C27: Показатель мероприятия | D27: Показатель документа Системы государственного планирования (при наличии) | E27: Отклонение (при наличии) | F27: Расходы тыс. тенге
B28: Количество малообеспеченных семей, которым назначается жилищная помощь | C28: 136
B30: на 2027 год 12 411,0 тыс. тенге
B31: Мероприятия, всего, в том числе: | C31: Показатель мероприятия | D31: Показатель документа Системы государственного планирования (при наличии) | E31: Отклонение (при наличии) | F31: Расходы тыс. тенге
B32: Количество малообеспеченных семей, которым назначается жилищная помощь | C32: 144
B34: на 2028 год 14 094,0 тыс. тенге
B35: Мероприятия, всего, в том числе: | C35: Показатель мероприятия | D35: Показатель документа Системы государственного планирования (при наличии) | E35: Отклонение (при наличии) | F35: Расходы тыс. тенге
B36: Количество малообеспеченных семей, которым назначается жилищная помощь | C36: 155
B39: Заместитель руководителя управления | D39: К. Калдыкараев
C40: (подпись)
B41: Руководитель отдела формирование консолидированная финансовая отчетность и планирования бюджета | D41: К. Даулбаева
C42: (подпись)
B43: И.о руководитель отдела назначения и выплат по социальной помощи | D43: А. Байырбекова
C44: (подпись)

Sheet 008
F1: Бюджеттік сұранымды жасау, ұсыну және қарау қағидаларына №4-қосымша
B2: Бюджеттік бағдарлама паспорты
B3: 333 Шымкент қаласының жұмыспен қамту және әлеуметтік қорғау басқармасы
B4: бюджеттiк бағдарлама әкiмшiсiнiң коды және атауы
B5: 2026 - 2028 жылдарға арналған
B6: Бюджеттік бағдарламаның коды мен атауы: | C6: 008 - «Жергілікті өкілді органдардың шешімі бойынша азаматардың жекелеген санаттарына әлеуметтік көмек»
B7: Мемлекеттік органдар функцияларының тізіліміне сәйкес мемлекеттік орган функциясының (функцияларының) коды мен атауы: | C7: 06 - «Әлеуметтiк көмек және әлеуметтiк қамсыздандыру»
B8: Мемлекеттік көрсетілетін қызметтер тізіліміне сәйкес мемлекеттік көрсетілетін қызметтің коды мен атауы: | C8: 704007 - "Жергілікті өкілді органдардың шешімдері бойынша мұқтаж азаматтардың жекелеген санаттарына әлеуметтік көмек тағайындау"
B9: Сипаттама (негіздеме), оның ішінде ағымдағы мәртебе: | C9: Аз қамтамасыз етілген азаматтарға, бір реттік, ай сайынғы әлеуметтік және материалдық көмектер көрсету. Ардагерлерді санаторлық курорттық емделу орталықтарына жолдау.
B10: Бюджеттік бағдарламаның түрі:
B11: мазмұнына байланысты: | C11: Мемлекеттік функцияларды, өкілеттіктерді жүзеге асыруға және олардан туындайтын мемлекеттік қызметтерді көрсетуге бағытталған бюджеттік бағдарлама
B12: мемлекеттік басқару деңгейіне байланысты: | C12: Республикалық маңызы бар қаланың бюджеті
B13: іске асыру тәсіліне байланысты: | C13: Жеке
B14: ағымдағы/даму | C14: ағымдағы
H15: (мың теңге)
B16: Көрсеткіштердің атауы | C16: Факт 2024 жыл | D16: 2025 жылғы есепті кезең | F16: Жоспарлы кезең
D17: Бекітілген | E17: Нақтыланған | F17: 2026 жыл | G17: 2027 жыл | H17: 2028 жыл
B18: Мемлекеттік жоспарлау жүйесі құжаттарының, бюджеттік бағдарлама әкімшісінің қызметінің көрсеткіштерін белгілейтін меншікті құжаттардың нысаналы индикаторы:
B19: Бюджеттік бағдарламаның түпкілікті нәтижесі:
B20: Бюджеттік бағдарламаның түпкілікті нәтижесінің нысаналы индикаторлардан ауытқуы
B21: Мемлекеттік жоспарлау жүйесінің құжаттарына, бюджеттік бағдарлама әкімшісінің қызметінің көрсеткіштерін белгілейтін меншікті құжаттарға сәйкес бюджет қаражатына қажеттілік
B22: Жоспар | C22: 2295305 | D22: 2718600 | E22: 3525947 | F22: 4058373 | G22: 4241683 | H22: 4932680
B23: Нысаналы индикаторларға қол жеткізу үшін жоспардың жоспарланған қаражаттан ауытқуы
B25: Бюджеттік кіші бағдарламаның коды мен атауы: 015 «Жергілікті бюджет қаражаты есебінен»
B26: 2026 жылға 4 058 373,0 мың теңге
B27: Іс-шаралар, барлығы, оның ішінде | E27: Іс-шара көрсеткіші | F27: Мемлекеттік жоспарлау жүйелері құжатының көрсеткіші (бар болған жағдайда) | G27: Ауытқу (бар болған жағдайда) | H27: Шығыстар сомасы мың тенге
B28: Шекті шамасы 40 АЕК-ті құрайтын санаторийлік-курорттық емделуге жолдама беруге, Ұлы Отан соғысының ардагерлеріне; жеңілдіктер бойынша Ұлы Отан соғысының ардагерлеріне теңестірілген ардагерлерге; Қазақстандағы 1986 жылғы 17-18 желтоқсан оқиғасына қатысып, Қазақстан Республикасының "Жаппай саяси қуғын-сүргіндер құрбандарын ақтау туралы" Заңында белгіленген тәртіпке сәйкес ақталған тұлғаларға жасы бойынша зейнеткерлерге ұсынылады. | E28: 5500 | H28: 783875
B29: Мереке күндері мен атаулы күндерге әлеуметтік көмек азаматтардың келесі санаттарына ақшалай төлемдер түрінде жылына 1 рет көрсетіледі 50 АЕК мөлшерінде, 15 ақпан - Ауғанстан Демократиялық Республикасынан кеңестік әскерлерінің шектеулі контингентінің шығарылған күні; басқа мемлекеттердiң аумағындағы ұрыс қимылдарының ардагерлеріне; | E29: 1248 | H29: 269880
B30: 8 наурызда Халықаралық әйелдер күнiне 5 АЕК мөлшерінде, "Алтын алқа", "Күміс алқа" алқаларымен наградталған немесе бұрын "Батыр ана" атағын алған, І және II дәрежелі "Ана даңқы" ордендерімен наградталған аналарға | E30: 14487 | H30: 313281.38
B31: 26 сәуір - Чернобыль атом электр станциясы апатының құрбандарын еске алу күніне 45 АЕК мөлшерінде, - Чернобыль атом электр станциясындағы апаттың салдарынан мүгедек болған адамдар және мүгедектігі ата-анасының бірінің радиациялық сәуле алуымен генетикалық байланысты олардың балаларына; - 1986 – 1987 жылдары Чернобыль атом электр станциясындағы апаттың салдарларын жоюға қатысқан адамдарға; - 1988 – 1989 жылдары Чернобыль атом электр станциясындағы апаттың салдарларын жоюға қатысушылар қатарындағы, қоныс аудару күні құрсақта болған балаларды қоса алғанда, оқшаулау және көшіру аймақтарынан Қазақстан Республикасына қоныс аударылған (өз еркімен кеткен) адамдарға. | E31: 194 | H31: 37757.25
B32: 7 мамыр - Отан қорғаушы күніне. 45 АЕК мөлшерінде Ұлы Отан соғысының ардагерлеріне теңестірілген ардагерлерге | E32: 187 | H32: 36394.875
B33: 9 мамыр - Жеңіс күніне 1272 АЕК мөлшерінде: Ұлы Отан соғысының ардагерлеріне; | H33: 0
B34: 15 АЕК мөлшерінде, Еңбек ардагерлеріне | E34: 1229 | H34: 79731.375
B35: 15 АЕК мөлшерінде, Ұлы Отан соғысы мүгедектігі бар азаматтардың жесірлері | E35: 55 | H35: 3568.125
B36: 15 АЕК мөлшерінде, Қаза тапқан әскери қызметшiлердiң отбасыларына. | E36: 161 | H36: 10444.875
B37: 31 мамыр - Саяси қуғын-сүргін және ашаршылық құрбандарын еске алу күніне 5 АЕК мөлшерінде, Саяси қуғын-сүргін құрбандарына, саяси қуғын-сүргіннен зардап шеккен адамдарға | E37: 997 | H37: 21560.125
B38: 29 тамыз - Семей ядролық сынақ полигонының жабылған күніне 45 АЕК мөлшерінде, Семей ядролық сынақ полигонындағы ядролық сынақтардың салдарынан мүгедектік белгіленген адамдар, сондай-ақ ядролық сынақтарға тікелей қатысқан адамдарға | E38: 483 | H38: 94003.875
B39: 30 тамыз – Қазақстан Республикасының Конституциясы күніне 5 АЕК мөлшерінде, Мүгедектігі бар балаларға; | E39: 8238 | H39: 178146.75
B40: 20 АЕК мөлшерінде, Жетім балалар, ата-анасының қамқорлығынсыз қалған балаларға. | E40: 720 | H40: 62280
B41: 1 қазан – Қарттар күніне 3 АЕК мөлшерінде: 70 жасқа толған және одан асқан адамдарға; | E41: 41170 | H41: 534180.75
B42: 16 желтоқсан - Тәуелсіздік күніне 65 АЕК мөлшерінде: Қазақстандағы 1986 жылғы 17-18 желтоқсан оқиғаларына қатысып, Қазақстан Республикасының "Жаппай саяси қуғын-сүргіндер құрбандарын ақтау туралы" Заңында белгіленген тәртіпке сәйкес ақталған тұлғалар ішінен саяси қуғын-сүргін құрбандарына | E42: 37 | H42: 10401.625
B43: Мұқтаж азаматтардың жекелеген санаттарына әлеуметтік көмек 400 АЕК мөлшерінде: Тұрғын үй жойылған, бүлінген, оған елеулі зиян келтірілген жағдайда - отбасына | H43: 0
B44: отбасы мүшелері қайтыс болған жағдайда - қайтыс болған әрбір отбасы мүшесіне 100 АЕК құрайды | H44: 0
B45: 10 АЕК мөлшерінде ай сайын, Туберкулездің жұқпалы нысанымен ауыратын адамдарға; | E45: 210 | H45: 104405.5
B46: 10 АЕК мөлшерінде ай сайын, Қатерлі ісіктері бар балаларға; | E46: 290 | H46: 141341
B47: 24 АЕК мөлшерінде медицина қызметкерлерінің және тұрмыстық қызмет көрсету саласы қызметкерлерінің кінәсінен жұқтырған адамның иммун тапшылығы вирусы туындатқан (АИТВ) иммун тапшылығының синдромынан зардап шегетін адамдарға, сонымен қатар иммун тапшылығы вирусын жұқтырған балалары бар отбасыларға олардың денсаулығына келтірілген зиянның өтемақысына. | E47: 156 | H47: 193068
B48: 10 АЕК мөлшерінде әлеуметтік көмек, Жазаның өтелмеген бөлiгiн неғұрлым жеңiл жаза түрiмен ауыстыру не тағайындалған жаза мерзімін қысқарту түрінде пробация қызметінің есебінде тұрған адамдарға пробация қызметінің есебіне қойылған күннен бастап үш айдың ішінде көрсетіледі. | E48: 77 | H48: 3330.25
B49: 2 АЕК мөлшерінде ай сайынғы ақшалай төлем түріндегі әлеуметтік көмек 80 жастан асқан жалғызілікті қарттарға | E49: 107 | H49: 10623
B50: 5 АЕК мөлшерінде ай сайынғы ақшалай төлем түріндегі әлеуметтік көмек: 1) Ұлы Отан соғысының ардагерлеріне; 2) тірек-қимыл аппараты бұзылған бірінші, екінші топтағы мүгедектігі бар адамдар мен балаларға; 3) тірек-қимыл аппараты бұзылған жеті жасқа дейінгі мүгедектігі бар балаларға беріледі. | E50: 4788 | H50: 1167970.2
B51: 40 АЕК мөлшерінде Жүріп-тұруы қиын бірінші топтағы мүгедектігі бар адамға Қазақстан Республикасы шегінде санаторийлік-курорттық емдеуде бірге алып жүру бойынша қызметтер көрсететін адамға (жеке көмекшіге) әлеуметтік көмек. | E51: 13 | H51: 2130
B53: 2027 жылға 4 241 683,0 мың теңге
B54: Іс-шаралар, барлығы, оның ішінде | E54: Іс-шара көрсеткіші | F54: Мемлекеттік жоспарлау жүйелері құжатының көрсеткіші (бар болған жағдайда) | G54: Ауытқу (бар болған жағдайда) | H54: Шығыстар сомасы мың тенге
B55: Шекті шамасы 40 АЕК-ті құрайтын санаторийлік-курорттық емделуге жолдама беруге | E55: 5500 | H55: 1013320
B56: 1,5 АЕК мөлшерінде ақшалай төлем түріндегі әлеуметтік көмек баспасөз басылымдарына жазылуға жартыжылдықта бір рет | E56: 2185 | H56: 30192
B57: Бір реттік әлеуметтік көмектер | E57: 65695 | H57: 1702013.7
B58: Ай сайынғы әлеуметтік көмектер | E58: 4567 | H58: 1496157.8
B60: 2028 жылға 4 932 680,0 мың теңге
B61: Іс-шаралар, барлығы, оның ішінде | E61: Іс-шара көрсеткіші | F61: Мемлекеттік жоспарлау жүйелері құжатының көрсеткіші (бар болған жағдайда) | G61: Ауытқу (бар болған жағдайда) | H61: Шығыстар сомасы мың тенге
B62: Шекті шамасы 40 АЕК-ті құрайтын санаторийлік-курорттық емделуге жолдама беруге | E62: 5500 | H62: 1510686.1
B63: 1,5 АЕК мөлшерінде ақшалай төлем түріндегі әлеуметтік көмек баспасөз басылымдарына жазылуға жартыжылдықта бір рет | E63: 2197 | H63: 32182.242
B64: Бір реттік әлеуметтік көмектер | E64: 65695 | H64: 1804001.5
B65: Ай сайынғы әлеуметтік көмектер | E65: 4567 | H65: 1585810.3
B68: Басқарма басшысының орынбасары | D68: К. Калдыкараев
C69: (қолы)
B70: Шоғырландырылған қаржылық есептілікті қалыптастыру және бюджеттік жоспарлау бөлімінің басшысы | D70: К. Даулбаева
C71: (қолы)
B72: Мүгедектігі бар азаматтармен және ардагерлермен жұмыс жөніндегі бөлімнің басшысы м.у.а | D72: А. Мокенова
C73: (қолы)

Sheet 008-рус
F1: Приложение 4 к Правилам составления, представления, рассмотрения бюджетного запроса
B2: Паспорт бюджетной программы
B3: 333 Управление занятости и социальной защиты города Шымкента
B4: Код и наименование администратора бюджетных программ
B5: на 2026 - 2028 годы
B6: Код и наименование бюджетной программы: | C6: 008 - «Социальная помощь отдельным категориям нуждающихся граждан по решениям местных представительных органов»
B7: Код и наименование функции (функций) государственного органа (в соответствии с реестром функций государственных органов): | C7: 06 - «Социальная помощь и социальное обеспечение»
B8: Код и наименование государственной услуги (в соответствии с реестром государственных услуг): | C8: 704007 - "Назначение социальной помощи отдельным категориям нуждающихся граждан по решениям местных представительных органов"
B9: Описание (обоснование), в том числе текущий статус: | C9: Оказание малообеспеченным гражданам единовременной и ежемесячной социальной и материальной помощи. Направление ветеранов на санаторно-курортное лечение.
B10: Вид бюджетной программы:
B11: в зависимости от содержания: | C11: Бюджетная программа, направленная на осуществление государственных функций, полномочий и оказание вытекающих из них государственных услуг
B12: в зависимости от уровня государственного управления: | C12: Бюджет города республиканского значения
B13: в зависимости от способа реализации: | C13: Индивидуальная
B14: текущая/развития | C14: Текущий
H15: (тыс. тенге)
B16: Наименование показателей | C16: Факт 2024 год | D16: План текущего 2025 года | F16: Плановый период
D17: Утвержденный | E17: Уточненный | F17: 2026 год | G17: 2027 год | H17: 2028 год
B18: Целевой индикатор документов Системы государственного планирования, собственных документов, устанавливающих показатели деятельности администратора бюджетных программ:
B19: Конечный результат бюджетной программы:
B20: Отклонение конечного результата бюджетной программы от целевого индикатора
B21: Потребность в бюджетных средствах согласно документам Системы государственного планирования, собственных документов, устанавливающих показатели деятельности администратора бюджетных программ
B22: План | C22: 2295305 | D22: 2718600 | E22: 3525947 | F22: 4058373 | G22: 4241683 | H22: 4932680
B23: Отклонение плана от запланированных средств для достижения целевых индикаторов
B25: Код и наименование бюджетной подпрограммы: 015 «За счет средств местного бюджета»
B26: на 2026 год 4 058 373,0 тыс. тенге
B27: Мероприятия, всего, в том числе: | E27: Показатель мероприятия | F27: Показатель документа Системы государственного планирования (при наличии) | G27: Отклонение (при наличии) | H27: Расходы тыс. тенге
B28: Путёвки на санаторно-курортное лечение с предельной стоимостью 40 МРП предоставляются: - ветеранам Великой Отечественной войны; - ветеранам, приравненным по льготам к ветеранам Великой Отечественной войны; - лицам, участвовавшим в событиях 17–18 декабря 1986 года в Казахстане и реабилитированным в порядке, установленном Законом Республики Казахстан «О реабилитации жертв массовых политических репрессий»; - пенсионерам по возрасту. | E28: 5500 | H28: 783875
B29: В праздничные и памятные даты социальная помощь предоставляется в виде денежных выплат один раз в год в размере 50 МРП следующим категориям граждан: 15 февраля — в День вывода ограниченного контингента советских войск из Демократической Республики Афганистан; ветеранам боевых действий на территории других государств. | E29: 1248 | H29: 269880
B30: Международный женский день – 8 марта: многодетным матерям, награжденным подвесками "Алтын алқа", "Күміс алқа" или получившим ранее звание "Мать-героиня", награжденным орденами "Материнская слава" І и ІІ степени – в размере 5 МРП; | E30: 14487 | H30: 313281.38
B31: Международный день памяти о чернобыльской катастрофе – 26 апреля: в размере 45 МРП; - лицам, которым инвалидность установлена вследствие катастрофы на Чернобыльской атомной электростанции и их детям, инвалидность которых генетически связана с радиационным облучением одного из родителей; - лицам, принимавшим участие в ликвидации последствий катастрофы на Чернобыльской атомной электростанции в 1986 – 1987 годах; - лицам из числа участников ликвидации последствий катастрофы на Чернобыльской атомной электростанции в 1988 – 1989 годах, эвакуированным (самостоятельно выехавшим) из зон отчуждения и отселения в Республику Казахстан, включая детей, которые на день эвакуации находились во внутриутробном состоянии. | E31: 194 | H31: 37757.25
B32: День защитника Отечества – 7 мая, в размере 45 МРП: Ветеранам, приравненным к ветеранам Великой Отечественной войны; | E32: 187 | H32: 36394.875
B33: День Победы – 9 мая, в размере 1 272 МРП: ветеранам Великой Отечественной войны; | H33: 0
B34: В размере 15 МРП Ветеранам труда | E34: 1229 | H34: 79731.375
B35: В размере 15 МРП, вдовам граждан с инвалидностью вследствие Великой Отечественной войны; | E35: 55 | H35: 3568.125
B36: В размере 15 МРП, Семьям погибших военнослужащих; | E36: 161 | H36: 10444.875
B37: Ко Дню памяти жертв политических репрессий и голода - 31 мая, в размере 5 МРП для жертв политических репрессий и лиц, пострадавших от политических репрессий. | E37: 997 | H37: 21560.125
B38: День закрытия Семипалатинского испытательного ядерного полигона - 29 августа – в размере 45 МРП: Лицам, которым инвалидность установлена вследствие ядерных испытаний, а также лицам, участвовавшим непосредственно в ядерных испытаниях на Семипалатинском испытательном ядерном полигоне; | E38: 483 | H38: 94003.875
B39: День Конституции РК – 30 августа в размере 5 МРП: Детям с инвалидностью; | E39: 8238 | H39: 178146.75
B40: в размере 20 МРП: Детям-сиротам, детям, оставшимся без попечения родителей; | E40: 720 | H40: 62280
B41: День пожилых людей – 1 октября в размере 3 МРП: лицам, достигшие 70 лет и старше; | E41: 41170 | H41: 534180.75
B42: День Независимости - 16 декабря в размере 65 МРП: Жертвам политических репрессий за участие в событиях 17-18 декабря 1986 года в Казахстане, реабилитированным в порядке; | E42: 37 | H42: 10401.625
B43: Социальная помощь отдельным категориям нуждающихся граждан в размере 400 МРП: В случае уничтожения, повреждения либо причинения значительного ущерба жилому дому - на семью; | H43: 0
B44: В случае смерти членов семьи - по 100 МРП на каждого умершего члена семьи; | H44: 0
B45: В размере 10 МРП ежемесячно: Лицам, больным заразной формой туберкулёза; | E45: 210 | H45: 104405.5
B46: В размере 10 МРП ежемесячно: Детям, имеющим злокачественные новообразования; | E46: 290 | H46: 141341
B47: В размере 24 МРП ежемесячно: лицам, страдающим синдромом приобретенного иммунодефицита, вызванным вирусом иммунодефицита человека (ВИЧ), инфицированным по вине медицинских работников и работников в сфере социально-бытовых услуг, а также родителям или законным представителям детей с заболеванием, вызванным вирусом иммунодефицита человека (ВИЧ); | E47: 156 | H47: 193068
B48: Социальная помощь в размере 10 МРП: предоставляется лицам, состоящим на учёте службы пробации, в течение трёх месяцев со дня постановки на учёт службы пробации, в связи с заменой неотбытой части наказания более мягким видом наказания либо сокращением назначенного срока наказания. | E48: 77 | H48: 3330.25
B49: В размере 2 МРП ежемесячно: Социальная помощь в виде ежемесячной денежной выплаты одиноким пожилым гражданам в возрасте старше 80 лет. | E49: 107 | H49: 10623
B50: В размере 5 МРП ежемесячно: Социальная помощь в виде ежемесячной денежной выплаты предоставляется: 1)ветеранам Великой Отечественной войны; 2)лицам с инвалидностью первой и второй группы, а также детям с нарушениями опорно-двигательного аппарата; 3)детям с инвалидностью в возрасте до семи лет с нарушениями опорно-двигательного аппарата. | E50: 4788 | H50: 1167970.2
B51: В размере 40 МРП: Социальная помощь лицу, сопровождающему (личному помощнику) человека с инвалидностью первой группы, имеющего затруднения в передвижении, при оказании услуг по сопровождению на санаторно-курортное лечение в пределах Республики Казахстан. | E51: 13 | H51: 2130
B53: на 2027 год 4 241 683,0 тыс. тенге
B54: Мероприятия, всего, в том числе: | E54: Показатель мероприятия | F54: Показатель документа Системы государственного планирования (при наличии) | G54: Отклонение (при наличии) | H54: Расходы тыс. тенге
B55: Количество лиц, которым предоставляются путёвки на санаторно-курортное лечение, с предельной суммой 40 МРП размере | E55: 5500 | H55: 1013320
B56: Социальная помощь в виде денежной выплаты предоставляется один раз в полугодие в размере 1,5 МРП для подписки на печатные издания | E56: 2185 | H56: 30192
B57: Количество лиц, получающих единовременную социальную помощь | E57: 65695 | H57: 1702013.7
B58: Количество лиц, получающих ежемесячную социальную помощь | E58: 4567 | H58: 1496157.8
B60: на 2028 год 4 932 680,0 тыс. тенге
B61: Мероприятия, всего, в том числе: | E61: Показатель мероприятия | F61: Показатель документа Системы государственного планирования (при наличии) | G61: Отклонение (при наличии) | H61: Расходы тыс. тенге
B62: Количество лиц, которым предоставляются путёвки на санаторно-курортное лечение, с предельной суммой 40 МРП размере | E62: 5500 | H62: 1510686.1
B63: Социальная помощь в виде денежной выплаты предоставляется один раз в полугодие в размере 1,5 МРП для подписки на печатные издания | E63: 2197 | H63: 32182.242
B64: Количество лиц, получающих единовременную социальную помощь | E64: 65695 | H64: 1804001.5
B65: Количество лиц, получающих ежемесячную социальную помощь | E65: 4567 | H65: 1585810.3
B68: Заместитель руководителя управления | D68: К. Калдыкараев
C69: (подпись)
B70: Руководитель отдела формирование консолидированная финансовая отчетность и планирования бюджета | D70: К. Даулбаева
C71: (подпись)
B72: И.о руководитель отдела по работе с лицами с инвалидностью и ветеранами | D72: А. Мокенова
C73: (подпись)

Sheet 009
G1: Бюджеттік сұранымды жасау, ұсыну және қарау қағидаларына №4-қосымша
B2: Бюджеттік бағдарлама паспорты
B3: 333 Шымкент қаласының жұмыспен қамту және әлеуметтік қорғау басқармасы
B4: бюджеттiк бағдарлама әкiмшiсiнiң коды және атауы
B5: 2026 - 2028 жылдарға арналған
B6: Бюджеттік бағдарламаның коды мен атауы: | C6: 009 - «Мүгедектігі бар адамдарды әлеуметтік қолдау»
B7: Мемлекеттік органдар функцияларының тізіліміне сәйкес мемлекеттік орган функциясының (функцияларының) коды мен атауы: | C7: 06 - «Әлеуметтiк көмек және әлеуметтiк қамсыздандыру»
B8: Мемлекеттік көрсетілетін қызметтер тізіліміне сәйкес мемлекеттік көрсетілетін қызметтің коды мен атауы: | C8: 01101009-2 - "Жүріп-тұруы қиын бірінші топтағы мүгедектігі бар адамдарды автокөлікпен тасымалдау (инватакси)" 705002 - "Мүгедектігі бар адамдарды протездік-ортопедиялық көмекпен қамтамасыз етуге құжаттарды ресімдеу" 705006 - "Мүгедектігі бар адамдарды арнаулы жүріп-тұру құралдарымен қамтамасыз етуге құжаттарды ресімдеу" 705007 - "Мүгедектігі бар адамдарды және мүгедектігі бар балаларды санаторийлік-курорттық емделумен қамтамасыз етуге құжаттарды рәсімдеу" 404001 - "Мүгедектігі бар балаларды үйде оқытуға жұмсалған шығындарды өтеу"
B9: Сипаттама (негіздеме), оның ішінде ағымдағы мәртебе: | C9: Мүгедектігі бар адамды абилитациялаудың және оңалтудың жеке бағдарламасына сәйкес мүгедектігі бар адамдарға тиісті қызметтерді көрсету арқылы, қажетті құрал жабдықтармен қамтамасыз ету, олардың тiршiлiк-тынысы мен қоғаммен етене араласуы үшiн тең мүмкiндiктер жасау,өмір сүру сапасын жақсарту.
B10: Бюджеттік бағдарламаның түрі:
B11: мазмұнына байланысты: | C11: Мемлекеттік функцияларды, өкілеттіктерді жүзеге асыруға және олардан туындайтын мемлекеттік қызметтерді көрсетуге бағытталған бюджеттік бағдарлама
B12: мемлекеттік басқару деңгейіне байланысты: | C12: Республикалық маңызы бар қаланың бюджеті
B13: іске асыру тәсіліне байланысты: | C13: Жеке
B14: ағымдағы/даму | C14: ағымдағы
H15: (мың теңге)
B16: Көрсеткіштердің атауы | C16: Факт 2024 жыл | D16: 2025 жылғы есепті кезең | F16: Жоспарлы кезең
D17: Бекітілген | E17: Нақтыланған | F17: 2026 жыл | G17: 2027 жыл | H17: 2028 жыл
B18: Мемлекеттік жоспарлау жүйесі құжаттарының, бюджеттік бағдарлама әкімшісінің қызметінің көрсеткіштерін белгілейтін меншікті құжаттардың нысаналы индикаторы:
B19: Бюджеттік бағдарламаның түпкілікті нәтижесі:
B20: Бюджеттік бағдарламаның түпкілікті нәтижесінің нысаналы индикаторлардан ауытқуы
B21: Мемлекеттік жоспарлау жүйесінің құжаттарына, бюджеттік бағдарлама әкімшісінің қызметінің көрсеткіштерін белгілейтін меншікті құжаттарға сәйкес бюджет қаражатына қажеттілік
B22: Жоспар | C22: 4156048 | D22: 5819180 | E22: 6524988 | F22: 6799040 | G22: 6401219 | H22: 6722448
B23: Нысаналы индикаторларға қол жеткізу үшін жоспардың жоспарланған қаражаттан ауытқуы
B25: Бюджеттік кіші бағдарламаның коды мен атауы: 015 «Жергілікті бюджет қаражаты есебінен»
B26: 2026 жылға 6 799 040,0 мың теңге
B27: Іс-шаралар, барлығы, оның ішінде | D27: Іс-шара көрсеткіші | E27: Мемлекеттік жоспарлау жүйелері құжатының көрсеткіші (бар болған жағдайда) | F27: Ауытқу (бар болған жағдайда) | G27: Шығыстар сомасы мың тенге
B28: Инватакси қызметіне ақы төлеу (автокөлік саны) | D28: 38 | G28: 294742
B29: Санаторлы курорттық емделуге жолданған адамдар саны | D29: 14500 | G29: 4807401
B30: Арнаулы жүріп тұру құралдар саны | D30: 1279 | G30: 314706
B31: Сурдотехникалық құралдар саны | D31: 650 | G31: 108383
B32: Тифлотехникалық құралдар саны | D32: 1797 | G32: 455668
B33: Үйден тәрбиеленіп оқытылатын мүгедектігі бар балаларды материалдық қамтамасыз ету (балалар саны) | D33: 950 | G33: 110936
B34: Протездік-ортопедиялық құралдар саны | D34: 8394 | G34: 707204
B36: 2027 жылға 6 401 219,0 мың теңге
B37: Іс-шаралар, барлығы, оның ішінде | D37: Іс-шара көрсеткіші | E37: Мемлекеттік жоспарлау жүйелері құжатының көрсеткіші (бар болған жағдайда) | F37: Ауытқу (бар болған жағдайда) | G37: Шығыстар сомасы мың тенге
B38: Инватакси қызметіне ақы төлеу (автокөлік саны) | D38: 38 | G38: 309479
B39: Санаторлы курорттық емделуге жолданған адамдар саны | D39: 14500 | G39: 4505041
B40: Арнаулы жүріп тұру құралдар саны | D40: 1279 | G40: 318570
B41: Сурдотехникалық құралдар саны | D41: 650 | G41: 115849
B42: Тифлотехникалық құралдар саны | D42: 1797 | G42: 482749
B43: Үйден тәрбиеленіп оқытылатын мүгедектігі бар балаларды материалдық қамтамасыз ету (балалар саны) | D43: 950 | G43: 118144
B44: Протездік-ортопедиялық құралдар саны | D44: 8394 | G44: 551387
B46: 2028 жылға 6 722 448,0 мың теңге
B47: Іс-шаралар, барлығы, оның ішінде | D47: Іс-шара көрсеткіші | E47: Мемлекеттік жоспарлау жүйелері құжатының көрсеткіші (бар болған жағдайда) | F47: Ауытқу (бар болған жағдайда) | G47: Шығыстар сомасы мың тенге
B48: Инватакси қызметіне ақы төлеу (автокөлік саны) | D48: 38 | G48: 324953
B49: Санаторлы курорттық емделуге жолданған адамдар саны | D49: 14500 | G49: 4730293
B50: Арнаулы жүріп тұру құралдар саны | D50: 1279 | G50: 334499
B51: Сурдотехникалық құралдар саны | D51: 650 | G51: 121642
B52: Тифлотехникалық құралдар саны | D52: 1797 | G52: 506885
B53: Үйден тәрбиеленіп оқытылатын мүгедектігі бар балаларды материалдық қамтамасыз ету (балалар саны) | D53: 950 | G53: 125223
B54: Протездік-ортопедиялық құралдар саны | D54: 8394 | G54: 578953
B57: Басқарма басшысының орынбасары | D57: К. Калдыкараев
C58: (қолы)
B59: Шоғырландырылған қаржылық есептілікті қалыптастыру және бюджеттік жоспарлау бөлімінің басшысы | D59: К. Даулбаева
C60: (қолы)
B61: Мүгедектігі бар азаматтармен және ардагерлермен жұмыс жөніндегі бөлімнің басшысы м.у.а | D61: А. Мокенова
C62: (қолы)

Sheet 009-рус
F1: Приложение 4 к Правилам составления, представления, рассмотрения бюджетного запроса
B2: Паспорт бюджетной программы
B3: 333 Управление занятости и социальной защиты города Шымкента
B4: Код и наименование администратора бюджетных программ
B5: на 2026 - 2028 годы
B6: Код и наименование бюджетной программы: | C6: 009 - «Социальная поддержка лиц с инвалидностью»
B7: Код и наименование функции (функций) государственного органа (в соответствии с реестром функций государственных органов): | C7: 06 - «Социальная помощь и социальное обеспечение»
B8: Код и наименование государственной услуги (в соответствии с реестром государственных услуг): | C8: 01101009-2. — «Перевозка автотранспортом лиц с инвалидностью первой группы, имеющих затруднения в передвижении (инватакси)» 705002 — «Оформление документов для обеспечения лиц с инвалидностью протезно-ортопедической помощью» 705006 — «Оформление документов для обеспечения лиц с инвалидностью специальными средствами передвижения» 705007 — «Оформление документов для обеспечения лиц с инвалидностью и детей с инвалидностью санаторно-курортным лечением» 404001 — «Возмещение затрат на обучение детей с инвалидностью на дому»
B9: Описание (обоснование), в том числе текущий статус: | C9: Обеспечение лиц с инвалидностью необходимыми средствами и оборудованием в соответствии с индивидуальной программой абилитации и реабилитации, предоставление им соответствующих услуг, создание равных возможностей для их жизнедеятельности и интеграции в общество, улучшение качества жизни.
B10: Вид бюджетной программы:
B11: в зависимости от содержания: | C11: Бюджетная программа, направленная на осуществление государственных функций, полномочий и оказание вытекающих из них государственных услуг
B12: в зависимости от уровня государственного управления: | C12: Бюджет города республиканского значения
B13: в зависимости от способа реализации: | C13: Индивидуальная
B14: текущая/развития | C14: Текущий
H15: (тыс. тенге)
B16: Наименование показателей | C16: Факт 2024 год | D16: План текущего 2025 года | F16: Плановый период
D17: Утвержденный | E17: Уточненный | F17: 2026 год | G17: 2027 год | H17: 2028 год
B18: Целевой индикатор документов Системы государственного планирования, собственных документов, устанавливающих показатели деятельности администратора бюджетных программ:
B19: Конечный результат бюджетной программы:
B20: Отклонение конечного результата бюджетной программы от целевого индикатора
B21: Потребность в бюджетных средствах согласно документам Системы государственного планирования, собственных документов, устанавливающих показатели деятельности администратора бюджетных программ
B22: План | C22: 4156048 | D22: 5819180 | E22: 6524988 | F22: 6799040 | G22: 6401219 | H22: 6722448
B23: Отклонение плана от запланированных средств для достижения целевых индикаторов
B25: Код и наименование бюджетной подпрограммы: 015 «За счет средств местного бюджета»
B26: на 2026 год 6 799 040,0 тыс. тенге
B27: Мероприятия, всего, в том числе: | D27: Показатель мероприятия | E27: Показатель документа Системы государственного планирования (при наличии) | F27: Отклонение (при наличии) | G27: Расходы тыс. тенге
B28: Оплата услуг инватакси (количество автомобилей) | D28: 38 | G28: 294742
B29: Количество лиц, направленных на санаторно-курортное лечение | D29: 14500 | G29: 4807401
B30: Количество специальных средств передвижения | D30: 1279 | G30: 314706
B31: Количество сурдотехнических средств | D31: 650 | G31: 108383
B32: Количество тифлотехнических средств | D32: 1797 | G32: 455668
B33: Материальное обеспечение детей с инвалидностью, воспитывающихся и обучающихся на дому (количество детей) | D33: 950 | G33: 110936
B34: Количество протезно-ортопедических средств | D34: 8394 | G34: 707204
B36: на 2027 год 6 401 219,0 тыс. тенге
B37: Мероприятия, всего, в том числе: | D37: Показатель мероприятия | E37: Показатель документа Системы государственного планирования (при наличии) | F37: Отклонение (при наличии) | G37: Расходы тыс. тенге
B38: Оплата услуг инватакси (количество автомобилей) | D38: 38 | G38: 309479
B39: Количество лиц, направленных на санаторно-курортное лечение | D39: 14500 | G39: 4505041
B40: Количество специальных средств передвижения | D40: 1279 | G40: 318570
B41: Количество сурдотехнических средств | D41: 650 | G41: 115849
B42: Количество тифлотехнических средств | D42: 1797 | G42: 482749
B43: Материальное обеспечение детей с инвалидностью, воспитывающихся и обучающихся на дому (количество детей) | D43: 950 | G43: 118144
B44: Количество протезно-ортопедических средств | D44: 8394 | G44: 551387
B46: на 2028 год 6 722 448,0 тыс. тенге
B47: Мероприятия, всего, в том числе: | D47: Показатель мероприятия | E47: Показатель документа Системы государственного планирования (при наличии) | F47: Отклонение (при наличии) | G47: Расходы тыс. тенге
B48: Оплата услуг инватакси (количество автомобилей) | D48: 38 | G48: 324953
B49: Количество лиц, направленных на санаторно-курортное лечение | D49: 14500 | G49: 4730293
B50: Количество специальных средств передвижения | D50: 1279 | G50: 334499
B51: Количество сурдотехнических средств | D51: 650 | G51: 121642
B52: Количество тифлотехнических средств | D52: 1797 | G52: 506885
B53: Материальное обеспечение детей с инвалидностью, воспитывающихся и обучающихся на дому (количество детей) | D53: 950 | G53: 125223
B54: Количество протезно-ортопедических средств | D54: 8394 | G54: 578953
B57: Заместитель руководителя управления | D57: К. Калдыкараев
C58: (подпись)
B59: Руководитель отдела формирование консолидированная финансовая отчетность и планирования бюджета | D59: К. Даулбаева
C60: (подпись)
B61: И.о руководитель отдела по работе с лицами с инвалидностью и ветеранами | D61: А. Мокенова
C62: (подпись)

Sheet 015
G1: Бюджеттік сұранымды жасау, ұсыну және қарау қағидаларына №4-қосымша
B2: Бюджеттік бағдарлама паспорты
B3: 333 Шымкент қаласының жұмыспен қамту және әлеуметтік қорғау басқармасы
B4: бюджеттiк бағдарлама әкiмшiсiнiң коды және атауы
B5: 2026 - 2028 жылдарға арналған
B6: Бюджеттік бағдарламаның коды мен атауы: | C6: 015 - «Оңалтудың жеке бағдарламасына сәйкес мұқтаж мүгедектігі бар адамдарды мiндеттi гигиеналық құралдармен қамтамасыз ету, қозғалуға қиындығы бар бірінші топтағы мүгедектігі бар адамдарға жеке көмекшінің және есту бойынша мүгедектігі бар адамдарға қолмен көрсететiн тіл маманының қызметтерін ұсыну»
B7: Мемлекеттік органдар функцияларының тізіліміне сәйкес мемлекеттік орган функциясының (функцияларының) коды мен атауы: | C7: 06 - «Әлеуметтiк көмек және әлеуметтiк қамсыздандыру»
B8: Мемлекеттік көрсетілетін қызметтер тізіліміне сәйкес мемлекеттік көрсетілетін қызметтің коды мен атауы: | C8: 705004 - "Жүріп-тұруы қиын бірінші топтағы мүгедектігі бар адамдарды жеке көмекшінің қызметімен қамтамасыз етуге құжаттарды ресімдеу" 705003 - "Мүгедектігі бар адамдарды техникалық көмекші (компенсаторлық) құралдармен қамтамасыз етуге құжаттарды ресімдеу" 705005 - "Естуі бойынша мүгедектігі бар адамдар үшін ымдау тілі маманының қызметімен мүгедектігі бар адамдарды қамтамасыз етуге құжаттарды ресімдеу"
B9: Сипаттама (негіздеме), оның ішінде ағымдағы мәртебе: | C9: І топтағы жүріп тұру қиынға түсетін мүгедектігі бар адамды жеке көмекші қызметін көрсету және құлағы нашар еститін мүгедектігі бар адамдарға ымдау тілі қызметін көрсету, мүгедектігі бар адамдарға міндетті гигиеналық құралдармен қамтамасыз ету үшін құжаттар қабылдау және қамтамасыз ету жұмыстарын жүргізу
B10: Бюджеттік бағдарламаның түрі:
B11: мазмұнына байланысты: | C11: Мемлекеттік функцияларды, өкілеттіктерді жүзеге асыруға және олардан туындайтын мемлекеттік қызметтерді көрсетуге бағытталған бюджеттік бағдарлама
B12: мемлекеттік басқару деңгейіне байланысты: | C12: Республикалық маңызы бар қаланың бюджеті
B13: іске асыру тәсіліне байланысты: | C13: Жеке
B14: ағымдағы/даму | C14: ағымдағы
H15: (мың теңге)
B16: Көрсеткіштердің атауы | C16: Факт 2024 жыл | D16: 2025 жылғы есепті кезең | F16: Жоспарлы кезең
D17: Бекітілген | E17: Нақтыланған | F17: 2026 жыл | G17: 2027 жыл | H17: 2028 жыл
B18: Мемлекеттік жоспарлау жүйесі құжаттарының, бюджеттік бағдарлама әкімшісінің қызметінің көрсеткіштерін белгілейтін меншікті құжаттардың нысаналы индикаторы:
B19: Бюджеттік бағдарламаның түпкілікті нәтижесі:
B20: Бюджеттік бағдарламаның түпкілікті нәтижесінің нысаналы индикаторлардан ауытқуы
B21: Мемлекеттік жоспарлау жүйесінің құжаттарына, бюджеттік бағдарлама әкімшісінің қызметінің көрсеткіштерін белгілейтін меншікті құжаттарға сәйкес бюджет қаражатына қажеттілік
B22: Жоспар | C22: 6564306 | D22: 7115530 | E22: 7605677 | F22: 9253989 | G22: 7415423 | H22: 8237116
B23: Нысаналы индикаторларға қол жеткізу үшін жоспардың жоспарланған қаражаттан ауытқуы
B25: Бюджеттік кіші бағдарламаның коды мен атауы: 015 «Жергілікті бюджет қаражаты есебінен»
B26: 2026 жылға 9 253 989,0 мың теңге
B27: Іс-шаралар, барлығы, оның ішінде | D27: Іс-шара көрсеткіші | E27: Мемлекеттік жоспарлау жүйелері құжатының көрсеткіші (бар болған жағдайда) | F27: Ауытқу (бар болған жағдайда) | G27: Шығыстар сомасы мың тенге
B28: Жеке көмекшінің қызметтеріне ақы төлеу (адам саны) | D28: 2322 | G28: 3999867.3
B29: Несеп қабылдағыш (адам саны) | D29: 205 | G29: 93590
B30: Нәжіс қабылдағыш (адам саны) | D30: 206 | G30: 107621
B31: Жөргектер (адам саны) | D31: 6380 | G31: 3832068
B32: Техникалық көмекші құралдар саны | D32: 13970 | G32: 848642
B33: Ымдау тілі қызметі (адам саны) | D33: 693 | G33: 372200.3
B34: 2027 жылға 7 415 423,0 мың теңге
B35: Іс-шаралар, барлығы, оның ішінде | D35: Іс-шара көрсеткіші | E35: Мемлекеттік жоспарлау жүйелері құжатының көрсеткіші (бар болған жағдайда) | F35: Ауытқу (бар болған жағдайда) | G35: Шығыстар сомасы мың тенге
B36: Жеке көмекшінің қызметтеріне ақы төлеу (адам саны) | D36: 2000 | G36: 3669029
B37: Несеп қабылдағыш (адам саны) | D37: 169 | G37: 72079
B38: Нәжіс қабылдағыш (адам саны) | D38: 168 | G38: 88858.5
B39: Жөргектер (адам саны) | D39: 5183 | G39: 2851070
B40: Техникалық көмекші құралдар саны | D40: 6162 | G40: 367021
B41: Ымдау тілі қызметі (адам саны) | D41: 633 | G41: 367365
B42: 2028 жылға 8 237 116,0 мың теңге
B43: Іс-шаралар, барлығы, оның ішінде | D43: Іс-шара көрсеткіші | E43: Мемлекеттік жоспарлау жүйелері құжатының көрсеткіші (бар болған жағдайда) | F43: Ауытқу (бар болған жағдайда) | G43: Шығыстар сомасы мың тенге
B44: Жеке көмекшінің қызметтеріне ақы төлеу (адам саны) | D44: 2150 | G44: 4180550
B45: Несеп қабылдағыш (адам саны) | D45: 205 | G45: 75683
B46: Нәжіс қабылдағыш (адам саны) | D46: 206 | G46: 93302
B47: Жөргектер (адам саны) | D47: 5238 | G47: 3037820
B48: Техникалық көмекші құралдар саны | D48: 6031 | G48: 476991
B49: Ымдау тілі қызметі (адам саны) | D49: 606 | G49: 372770
B52: Басқарма басшысының орынбасары | D52: К. Калдыкараев
C53: (қолы)
B54: Шоғырландырылған қаржылық есептілікті қалыптастыру және бюджеттік жоспарлау бөлімінің басшысы | D54: К. Даулбаева
C55: (қолы)
B56: Мүгедектігі бар азаматтармен және ардагерлермен жұмыс жөніндегі бөлімнің басшысы м.у.а | D56: А. Мокенова
C57: (қолы)

Sheet 015-рус
F1: Приложение 4 к Правилам составления, представления, рассмотрения бюджетного запроса
B2: Паспорт бюджетной программы
B3: 333 Управление занятости и социальной защиты города Шымкента
B4: Код и наименование администратора бюджетных программ
B5: на 2026 - 2028 годы
B6: Код и наименование бюджетной программы: | C6: 015 - «Обеспечение нуждающихся лиц с инвалидностью обязательными гигиеническими средствами, предоставление социальных услуг индивидуального помощника для лиц с инвалидностью первой группы, имеющих затруднение в передвижении, и специалиста жестового языка для лиц с инвалидностью по слуху в соответствии с индивидуальной программой реабилитации лица с инвалидностью»
B7: Код и наименование функции (функций) государственного органа (в соответствии с реестром функций государственных органов): | C7: 06 - «Социальная помощь и социальное обеспечение»
B8: Код и наименование государственной услуги (в соответствии с реестром государственных услуг): | C8: 705004 — «Оформление документов для обеспечения лиц с инвалидностью первой группы, имеющих затруднения в передвижении, услугами личного помощника» 705003 — «Оформление документов для обеспечения лиц с инвалидностью техническими вспомогательными (компенсаторными) средствами» 705005 — «Оформление документов для обеспечения лиц с инвалидностью по слуху услугами специалиста по жестовому языку»
B9: Описание (обоснование), в том числе текущий статус: | C9: Приём документов и проведение работы по предоставлению услуг личного помощника лицам с инвалидностью первой группы, имеющим затруднения в передвижении, услуг сурдоперевода для лиц с нарушениями слуха, а также по обеспечению лиц с инвалидностью обязательными гигиеническими средствами.
B10: Вид бюджетной программы:
B11: в зависимости от содержания: | C11: Бюджетная программа, направленная на осуществление государственных функций, полномочий и оказание вытекающих из них государственных услуг
B12: в зависимости от уровня государственного управления: | C12: Бюджет города республиканского значения
B13: в зависимости от способа реализации: | C13: Индивидуальная
B14: текущая/развития | C14: Текущий
H15: (тыс. тенге)
B16: Наименование показателей | C16: Факт 2024 год | D16: План текущего 2025 года | F16: Плановый период
D17: Утвержденный | E17: Уточненный | F17: 2026 год | G17: 2027 год | H17: 2028 год
B18: Целевой индикатор документов Системы государственного планирования, собственных документов, устанавливающих показатели деятельности администратора бюджетных программ:
B19: Конечный результат бюджетной программы:
B20: Отклонение конечного результата бюджетной программы от целевого индикатора
B21: Потребность в бюджетных средствах согласно документам Системы государственного планирования, собственных документов, устанавливающих показатели деятельности администратора бюджетных программ
B22: План | C22: 6564306 | D22: 7115530 | E22: 7605677 | F22: 9253989 | G22: 7415423 | H22: 8237116
B23: Отклонение плана от запланированных средств для достижения целевых индикаторов
B25: Код и наименование бюджетной подпрограммы: 015 «За счет средств местного бюджета»
B26: на 2026 год 9 253 989,0 тыс. тенге
B27: Мероприятия, всего, в том числе: | D27: Показатель мероприятия | E27: Показатель документа Системы государственного планирования (при наличии) | F27: Отклонение (при наличии) | G27: Расходы тыс. тенге
B28: Оплата услуг индивидуального помощника (количество человек) | D28: 2322 | G28: 3999867.3
B29: Мочеприёмники | D29: 205 | G29: 93590
B30: Калоприёмники | D30: 206 | G30: 107621
B31: Подгузники (количество человек) | D31: 6380 | G31: 3832068
B32: Количество технических вспомогательных средств | D32: 13970 | G32: 848642
B33: Услуги специалиста по жестовому языку (количество человек) | D33: 693 | G33: 372200.3
B35: на 2027 год 7 415 423,0 тыс. тенге
B36: Мероприятия, всего, в том числе: | D36: Показатель мероприятия | E36: Показатель документа Системы государственного планирования (при наличии) | F36: Отклонение (при наличии) | G36: Расходы тыс. тенге
B37: Оплата услуг индивидуального помощника (количество человек) | D37: 2000 | G37: 3669029
B38: Мочеприёмники | D38: 169 | G38: 72079
B39: Калоприёмники | D39: 168 | G39: 88858.5
B40: Подгузники (количество человек) | D40: 5183 | G40: 2851070
B41: Количество технических вспомогательных средств | D41: 6162 | G41: 367021
B42: Услуги специалиста по жестовому языку (количество человек) | D42: 633 | G42: 367365
B44: на 2028 год 8 237 116,0 тыс. тенге
B45: Мероприятия, всего, в том числе: | D45: Показатель мероприятия | E45: Показатель документа Системы государственного планирования (при наличии) | F45: Отклонение (при наличии) | G45: Расходы тыс. тенге
B46: Оплата услуг индивидуального помощника (количество человек) | D46: 2150 | G46: 4180550
B47: Мочеприёмники | D47: 205 | G47: 75683
B48: Калоприёмники | D48: 206 | G48: 93302
B49: Подгузники (количество человек) | D49: 5238 | G49: 3037820
B50: Количество технических вспомогательных средств | D50: 6031 | G50: 476991
B51: Услуги специалиста по жестовому языку (количество человек) | D51: 606 | G51: 372770
B54: Заместитель руководителя управления | D54: К. Калдыкараев
C55: (подпись)
B56: Руководитель отдела формирование консолидированная финансовая отчетность и планирования бюджета | D56: К. Даулбаева
C57: (подпись)
B58: И.о руководитель отдела по работе с лицами с инвалидностью и ветеранами | D58: А. Мокенова
C59: (подпись)

Sheet 053
G1: Бюджеттік сұранымды жасау, ұсыну және қарау қағидаларына №4-қосымша
B2: Бюджеттік бағдарлама паспорты
B3: 333 Шымкент қаласының жұмыспен қамту және әлеуметтік қорғау басқармасы
B4: бюджеттiк бағдарлама әкiмшiсiнiң коды және атауы
B5: 2026 - 2028 жылдарға арналған
B6: Бюджеттік бағдарламаның коды мен атауы: | C6: 053 - «Кохлеарлық импланттарға дәлдеп сөйлеу процессорларын ауыстыру және келтіру бойынша қызмет көрсету»
B7: Мемлекеттік органдар функцияларының тізіліміне сәйкес мемлекеттік орган функциясының (функцияларының) коды мен атауы: | C7: 06 - «Әлеуметтiк көмек және әлеуметтiк қамсыздандыру»
B8: Мемлекеттік көрсетілетін қызметтер тізіліміне сәйкес мемлекеттік көрсетілетін қызметтің коды мен атауы: | C8: 705006 - "Мүгедектігі бар адамдарды арнаулы жүріп-тұру құралдарымен қамтамасыз етуге құжаттарды ресімдеу"
B9: Сипаттама (негіздеме), оның ішінде ағымдағы мәртебе: | C9: Есту қабілеті бұзылған мүгедектігі бар балаларды кохлеарлық имплантациядан кейін есту-сөйлеуге бейімдеу – сурдологиялық зерттеп-қарауға, консультация беруге, сөйлеу процессорын баптауға, оларды пайдалануды оқытуға және жаттықтыруға, әлеуметтік-психологиялық жұмыс жүргізуге, естуді қабылдауды, ауызша сөйлеуді және танымдық қызметті дамытуға бағытталған ата-аналар (заңды өкілдер) қатысатын іс-шаралар жүйесі.
B10: Бюджеттік бағдарламаның түрі:
B11: мазмұнына байланысты: | C11: Мемлекеттік функцияларды, өкілеттіктерді жүзеге асыруға және олардан туындайтын мемлекеттік қызметтерді көрсетуге бағытталған бюджеттік бағдарлама
B12: мемлекеттік басқару деңгейіне байланысты: | C12: Республикалық маңызы бар қаланың бюджеті
B13: іске асыру тәсіліне байланысты: | C13: Жеке
B14: ағымдағы/даму | C14: ағымдағы
H15: (мың теңге)
B16: Көрсеткіштердің атауы | C16: Факт 2024 жыл | D16: 2025 жылғы есепті кезең | F16: Жоспарлы кезең
D17: Бекітілген | E17: Нақтыланған | F17: 2026 жыл | G17: 2027 жыл | H17: 2028 жыл
B18: Мемлекеттік жоспарлау жүйесі құжаттарының, бюджеттік бағдарлама әкімшісінің қызметінің көрсеткіштерін белгілейтін меншікті құжаттардың нысаналы индикаторы:
B19: Бюджеттік бағдарламаның түпкілікті нәтижесі:
B20: Бюджеттік бағдарламаның түпкілікті нәтижесінің нысаналы индикаторлардан ауытқуы
B21: Мемлекеттік жоспарлау жүйесінің құжаттарына, бюджеттік бағдарлама әкімшісінің қызметінің көрсеткіштерін белгілейтін меншікті құжаттарға сәйкес бюджет қаражатына қажеттілік
B22: Жоспар | C22: 120750 | D22: 273364 | E22: 252320 | F22: 294840 | G22: 304761.5 | H22: 325660.7
B23: Нысаналы индикаторларға қол жеткізу үшін жоспардың жоспарланған қаражаттан ауытқуы
B25: Бюджеттік кіші бағдарламаның коды мен атауы: 015 «Жергілікті бюджет қаражаты есебінен»
B26: 2026 жылға 294 840,0 мың теңге
B27: Іс-шаралар, барлығы, оның ішінде | D27: Іс-шара көрсеткіші | E27: Мемлекеттік жоспарлау жүйелері құжатының көрсеткіші (бар болған жағдайда) | F27: Ауытқу (бар болған жағдайда)
B28: Кохлярлық импланттары бар балаларға сөйлеу процессорларын ауыстыру және келтіру (бала саны) | D28: 31
B29: Кохлярлық импланттары бар ересектерге сөйлеу процессорларын ауыстыру және келтіру (адам саны) | D29: 8
B30: 2027 жылға 304 762,0 мың теңге
B31: Іс-шаралар, барлығы, оның ішінде | D31: Іс-шара көрсеткіші | E31: Мемлекеттік жоспарлау жүйелері құжатының көрсеткіші (бар болған жағдайда) | F31: Ауытқу (бар болған жағдайда)
B32: Кохлярлық импланттары бар балаларға сөйлеу процессорларын ауыстыру және келтіру (бала саны) | D32: 31
B33: Кохлярлық импланттары бар ересектерге сөйлеу процессорларын ауыстыру және келтіру (адам саны) | D33: 8
B34: 2028 жылға 325 661,0 мың теңге
B35: Іс-шаралар, барлығы, оның ішінде | D35: Іс-шара көрсеткіші | E35: Мемлекеттік жоспарлау жүйелері құжатының көрсеткіші (бар болған жағдайда) | F35: Ауытқу (бар болған жағдайда)
B36: Кохлярлық импланттары бар балаларға сөйлеу процессорларын ауыстыру және келтіру (бала саны) | D36: 31
B37: Кохлярлық импланттары бар ересектерге сөйлеу процессорларын ауыстыру және келтіру (адам саны) | D37: 8
B40: Басқарма басшысының орынбасары | D40: К. Калдыкараев
C41: (қолы)
B42: Шоғырландырылған қаржылық есептілікті қалыптастыру және бюджеттік жоспарлау бөлімінің басшысы | D42: К. Даулбаева
C43: (қолы)
B44: Мүгедектігі бар азаматтармен және ардагерлермен жұмыс жөніндегі бөлімнің басшысы м.у.а | D44: А. Мокенова
C45: (қолы)

Sheet 053-рус
F1: Приложение 4 к Правилам составления, представления, рассмотрения бюджетного запроса
B2: Паспорт бюджетной программы
B3: 333 Управление занятости и социальной защиты города Шымкента
B4: Код и наименование администратора бюджетных программ
B5: на 2026 - 2028 годы
B6: Код и наименование бюджетной программы: | C6: 053 - «Услуги по замене и настройке речевых процессоров к кохлеарным имплантам»
B7: Код и наименование функции (функций) государственного органа (в соответствии с реестром функций государственных органов): | C7: 06 - «Социальная помощь и социальное обеспечение»
B8: Код и наименование государственной услуги (в соответствии с реестром государственных услуг): | C8: 705006 — «Оформление документов для обеспечения лиц с инвалидностью специальными средствами передвижения»
B9: Описание (обоснование), в том числе текущий статус: | C9: Слухоречевая адаптация детей с нарушением слуха после кохлеарной имплантации — комплекс мероприятий с участием родителей (законных представителей), направленный на проведение сурдологического обследования, консультирование, настройку речевого процессора, обучение и тренировку навыков его использования, проведение социально-психологической работы, развитие слухового восприятия, устной речи и познавательной деятельности.
B10: Вид бюджетной программы:
B11: в зависимости от содержания: | C11: Бюджетная программа, направленная на осуществление государственных функций, полномочий и оказание вытекающих из них государственных услуг
B12: в зависимости от уровня государственного управления: | C12: Бюджет города республиканского значения
B13: в зависимости от способа реализации: | C13: Индивидуальная
B14: текущая/развития | C14: Текущий
H15: (тыс. тенге)
B16: Наименование показателей | C16: Факт 2024 год | D16: План текущего 2025 года | F16: Плановый период
D17: Утвержденный | E17: Уточненный | F17: 2026 год | G17: 2027 год | H17: 2028 год
B18: Целевой индикатор документов Системы государственного планирования, собственных документов, устанавливающих показатели деятельности администратора бюджетных программ:
B19: Конечный результат бюджетной программы:
B20: Отклонение конечного результата бюджетной программы от целевого индикатора
B21: Потребность в бюджетных средствах согласно документам Системы государственного планирования, собственных документов, устанавливающих показатели деятельности администратора бюджетных программ
B22: План | C22: 120750 | D22: 273364 | E22: 252320 | F22: 294840 | G22: 304761.5 | H22: 325660.7
B23: Отклонение плана от запланированных средств для достижения целевых индикаторов
B25: Код и наименование бюджетной подпрограммы: 015 «За счет средств местного бюджета»
B26: на 2026 год 294 840,0 тыс. тенге
B27: Мероприятия, всего, в том числе: | D27: Показатель мероприятия | E27: Показатель документа Системы государственного планирования (при наличии) | F27: Отклонение (при наличии) | G27: Расходы тыс. тенге
B28: Замена и настройка речевых процессоров детям с кохлеарными имплантами (количество детей) | D28: 31
B29: Замена и настройка речевых процессоров взрослым с кохлеарными имплантами (количество человек) | D29: 8
B30: на 2027 год 304 762,0 тыс. тенге
B31: Мероприятия, всего, в том числе: | D31: Показатель мероприятия | E31: Показатель документа Системы государственного планирования (при наличии) | F31: Отклонение (при наличии) | G31: Расходы тыс. тенге
B32: Замена и настройка речевых процессоров детям с кохлеарными имплантами (количество детей) | D32: 31
B33: Замена и настройка речевых процессоров взрослым с кохлеарными имплантами (количество человек) | D33: 8
B34: на 2028 год 325 661,0 тыс. тенге
B35: Мероприятия, всего, в том числе: | D35: Показатель мероприятия | E35: Показатель документа Системы государственного планирования (при наличии) | F35: Отклонение (при наличии) | G35: Расходы тыс. тенге
B36: Замена и настройка речевых процессоров детям с кохлеарными имплантами (количество детей) | D36: 31
B37: Замена и настройка речевых процессоров взрослым с кохлеарными имплантами (количество человек) | D37: 8
B40: Заместитель руководителя управления | D40: К. Калдыкараев
C41: (подпись)
B42: Руководитель отдела формирование консолидированная финансовая отчетность и планирования бюджета | D42: К. Даулбаева
C43: (подпись)
B44: И.о руководитель отдела по работе с лицами с инвалидностью и ветеранами | D44: А. Мокенова
C45: (подпись)

Sheet 013
G1: Бюджеттік сұранымды жасау, ұсыну және қарау қағидаларына №4-қосымша
B2: Бюджеттік бағдарлама паспорты
B3: 333 Шымкент қаласының жұмыспен қамту және әлеуметтік қорғау басқармасы
B4: бюджеттiк бағдарлама әкiмшiсiнiң коды және атауы
B5: 2026 - 2028 жылдарға арналған
B6: Бюджеттік бағдарламаның коды мен атауы: | C6: 013 «Жәрдемақыларды және басқа да әлеуметтік төлемдерді есептеу, төлеу мен жеткізу бойынша қызметтерге ақы төлеу»
B7: Мемлекеттік органдар функцияларының тізіліміне сәйкес мемлекеттік орган функциясының (функцияларының) коды мен атауы: | C7: 06 - «Әлеуметтiк көмек және әлеуметтiк қамсыздандыру»
B8: Мемлекеттік көрсетілетін қызметтер тізіліміне сәйкес мемлекеттік көрсетілетін қызметтің коды мен атауы: | C8: -
B9: Сипаттама (негіздеме), оның ішінде ағымдағы мәртебе: | C9: Жәрдемақыларды және басқа да бір реттік, ай сайынғы әлеуметтік төлемдерді есептеу, төлеу мен жеткізу бойынша қызметтерге ақы төлеу
B10: Бюджеттік бағдарламаның түрі:
B11: мазмұнына байланысты: | C11: Мемлекеттік функцияларды, өкілеттіктерді жүзеге асыруға және олардан туындайтын мемлекеттік қызметтерді көрсетуге бағытталған бюджеттік бағдарлама
B12: мемлекеттік басқару деңгейіне байланысты: | C12: Республикалық маңызы бар қаланың бюджеті
B13: іске асыру тәсіліне байланысты: | C13: Жеке
B14: ағымдағы/даму | C14: ағымдағы
H15: (мың теңге)
B16: Көрсеткіштердің атауы | C16: Факт 2024 жыл | D16: 2025 жылғы есепті кезең | F16: Жоспарлы кезең
D17: Бекітілген | E17: Нақтыланған | F17: 2026 жыл | G17: 2027 жыл | H17: 2028 жыл
B18: Мемлекеттік жоспарлау жүйесі құжаттарының, бюджеттік бағдарлама әкімшісінің қызметінің көрсеткіштерін белгілейтін меншікті құжаттардың нысаналы индикаторы:
B19: Бюджеттік бағдарламаның түпкілікті нәтижесі:
B20: Бюджеттік бағдарламаның түпкілікті нәтижесінің нысаналы индикаторлардан ауытқуы
B21: Мемлекеттік жоспарлау жүйесінің құжаттарына, бюджеттік бағдарлама әкімшісінің қызметінің көрсеткіштерін белгілейтін меншікті құжаттарға сәйкес бюджет қаражатына қажеттілік
B22: Жоспар | C22: 15224 | D22: 18295 | E22: 9347 | F22: 54764 | G22: 11580 | H22: 12159
B23: Нысаналы индикаторларға қол жеткізу үшін жоспардың жоспарланған қаражаттан ауытқуы
B25: Бюджеттік кіші бағдарламаның коды мен атауы: 015 «Жергілікті бюджет қаражаты есебінен»
B26: 2026 жылға 54 764,0 мың теңге
B27: Іс-шаралар, барлығы, оның ішінде | D27: Іс-шара көрсеткіші | E27: Мемлекеттік жоспарлау жүйелері құжатының көрсеткіші (бар болған жағдайда) | F27: Ауытқу (бар болған жағдайда) | G27: Шығыстар сомасы мың тенге
B28: Жәрдемақылар мен басқа да әлеуметтік көмектерге жүгінген азаматтарға төленетін әлеуметтік төлемдерді есептеу, төлеу мен жеткізу бойынша қызметтер | D28: 1 | G28: 54764
B29: 2027 жылға 11 580,0 мың теңге
B30: Іс-шаралар, барлығы, оның ішінде | D30: Іс-шара көрсеткіші | E30: Мемлекеттік жоспарлау жүйелері құжатының көрсеткіші (бар болған жағдайда) | F30: Ауытқу (бар болған жағдайда) | G30: Шығыстар сомасы мың тенге
B31: Жәрдемақылар мен басқа да әлеуметтік көмектерге жүгінген азаматтарға төленетін әлеуметтік төлемдерді есептеу, төлеу мен жеткізу бойынша қызметтер | D31: 1 | G31: 11580
B32: 2028 жылға 12 159,0 мың теңге
B33: Іс-шаралар, барлығы, оның ішінде | D33: Іс-шара көрсеткіші | E33: Мемлекеттік жоспарлау жүйелері құжатының көрсеткіші (бар болған жағдайда) | F33: Ауытқу (бар болған жағдайда) | G33: Шығыстар сомасы мың тенге
B34: Жәрдемақылар мен басқа да әлеуметтік көмектерге жүгінген азаматтарға төленетін әлеуметтік төлемдерді есептеу, төлеу мен жеткізу бойынша қызметтер | D34: 1 | G34: 12159
B37: Басқарма басшысының орынбасары | D37: К. Калдыкараев
C38: (қолы)
B39: Шоғырландырылған қаржылық есептілікті қалыптастыру және бюджеттік жоспарлау бөлімінің басшысы | D39: К. Даулбаева
C40: (қолы)

Sheet 013-рус
F1: Приложение 4 к Правилам составления, представления, рассмотрения бюджетного запроса
B2: Паспорт бюджетной программы
B3: 333 Управление занятости и социальной защиты города Шымкента
B4: Код и наименование администратора бюджетных программ
B5: на 2026 - 2028 годы
B6: Код и наименование бюджетной программы: | C6: 013 «Оплата услуг по зачислению, выплате и доставке пособий и других социальных выплат»
B7: Код и наименование функции (функций) государственного органа (в соответствии с реестром функций государственных органов): | C7: 06 - «Социальная помощь и социальное обеспечение»
B8: Код и наименование государственной услуги (в соответствии с реестром государственных услуг): | C8: -
B9: Описание (обоснование), в том числе текущий статус: | C9: Оплата услуг по начислению, выплате и доставке пособий, а также других единовременных и ежемесячных социальных выплат.
B10: Вид бюджетной программы:
B11: в зависимости от содержания: | C11: Бюджетная программа, направленная на осуществление государственных функций, полномочий и оказание вытекающих из них государственных услуг
B12: в зависимости от уровня государственного управления: | C12: Бюджет города республиканского значения
B13: в зависимости от способа реализации: | C13: Индивидуальная
B14: текущая/развития | C14: Текущий
H15: (тыс. тенге)
B16: Наименование показателей | C16: Факт 2024 год | D16: План текущего 2025 года | F16: Плановый период
D17: Утвержденный | E17: Уточненный | F17: 2026 год | G17: 2027 год | H17: 2028 год
B18: Целевой индикатор документов Системы государственного планирования, собственных документов, устанавливающих показатели деятельности администратора бюджетных программ:
B19: Конечный результат бюджетной программы:
B20: Отклонение конечного результата бюджетной программы от целевого индикатора
B21: Потребность в бюджетных средствах согласно документам Системы государственного планирования, собственных документов, устанавливающих показатели деятельности администратора бюджетных программ
B22: План | C22: 15224 | D22: 18295 | E22: 9347 | F22: 54764 | G22: 11580 | H22: 12159
B23: Отклонение плана от запланированных средств для достижения целевых индикаторов
B25: Код и наименование бюджетной подпрограммы: 015 «За счет средств местного бюджета»
B26: на 2026 год 54 764,0 тыс. тенге
B27: Мероприятия, всего, в том числе: | D27: Показатель мероприятия | E27: Показатель документа Системы государственного планирования (при наличии) | F27: Отклонение (при наличии) | G27: Расходы тыс. тенге
B28: Услуги по начислению, выплате и доставке социальных выплат гражданам, обратившимся за назначением пособий и других видов социальной помощи. | D28: 1 | G28: 54764
B30: на 2027 год 11 580,0 тыс. тенге
B31: Мероприятия, всего, в том числе: | D31: Показатель мероприятия | E31: Показатель документа Системы государственного планирования (при наличии) | F31: Отклонение (при наличии) | G31: Расходы тыс. тенге
B32: Услуги по начислению, выплате и доставке социальных выплат гражданам, обратившимся за назначением пособий и других видов социальной помощи. | D32: 1 | G32: 11580
B34: на 2028 год 12 159,0 тыс. тенге
B35: Мероприятия, всего, в том числе: | D35: Показатель мероприятия | E35: Показатель документа Системы государственного планирования (при наличии) | F35: Отклонение (при наличии) | G35: Расходы тыс. тенге
B36: Услуги по начислению, выплате и доставке социальных выплат гражданам, обратившимся за назначением пособий и других видов социальной помощи. | D36: 1 | G36: 12159
B39: Заместитель руководителя управления | D39: К. Калдыкараев
C40: (подпись)
B41: Руководитель отдела формирование консолидированная финансовая отчетность и планирования бюджета | D41: К. Даулбаева
C42: (подпись)

Sheet 023
G1: Бюджеттік сұранымды жасау, ұсыну және қарау қағидаларына №4-қосымша
B2: Бюджеттік бағдарлама паспорты
B3: 333 Шымкент қаласының жұмыспен қамту және әлеуметтік қорғау басқармасы
B4: бюджеттiк бағдарлама әкiмшiсiнiң коды және атауы
B5: 2026 - 2028 жылдарға арналған
B6: Бюджеттік бағдарламаның коды мен атауы: | C6: 023 - «Мүгедектігі бар адамдарды жұмысқа орналастыру үшін арнайы жұмыс орындарын құруға жұмыс берушінің шығындарын субсидиялау»
B7: Мемлекеттік органдар функцияларының тізіліміне сәйкес мемлекеттік орган функциясының (функцияларының) коды мен атауы: | C7: 06 - «Әлеуметтiк көмек және әлеуметтiк қамсыздандыру»
B8: Мемлекеттік көрсетілетін қызметтер тізіліміне сәйкес мемлекеттік көрсетілетін қызметтің коды мен атауы: | C8: -
B9: Сипаттама (негіздеме), оның ішінде ағымдағы мәртебе: | C9: Мүгедектігі бар адамдардың еңбек нарығына қолжетімділігін қамтамасыз ету үшін оларға бейімделген (арнайы) жұмыс орындарын құру.
B10: Бюджеттік бағдарламаның түрі:
B11: мазмұнына байланысты: | C11: Мемлекеттік функцияларды, өкілеттіктерді жүзеге асыруға және олардан туындайтын мемлекеттік қызметтерді көрсетуге бағытталған бюджеттік бағдарлама
B12: мемлекеттік басқару деңгейіне байланысты: | C12: Республикалық маңызы бар қаланың бюджеті
B13: іске асыру тәсіліне байланысты: | C13: Жеке
B14: ағымдағы/даму | C14: ағымдағы
H15: (мың теңге)
B16: Көрсеткіштердің атауы | C16: Факт 2024 жыл | D16: 2025 жылғы есепті кезең | F16: Жоспарлы кезең
D17: Бекітілген | E17: Нақтыланған | F17: 2026 жыл | G17: 2027 жыл | H17: 2028 жыл
B18: Мемлекеттік жоспарлау жүйесі құжаттарының, бюджеттік бағдарлама әкімшісінің қызметінің көрсеткіштерін белгілейтін меншікті құжаттардың нысаналы индикаторы:
B19: Бюджеттік бағдарламаның түпкілікті нәтижесі:
B20: Бюджеттік бағдарламаның түпкілікті нәтижесінің нысаналы индикаторлардан ауытқуы
B21: Мемлекеттік жоспарлау жүйесінің құжаттарына, бюджеттік бағдарлама әкімшісінің қызметінің көрсеткіштерін белгілейтін меншікті құжаттарға сәйкес бюджет қаражатына қажеттілік
B22: Жоспар | C22: 1108 | D22: 1180 | E22: 1180 | F22: 1298 | G22: 1383 | H22: 1465
B23: Нысаналы индикаторларға қол жеткізу үшін жоспардың жоспарланған қаражаттан ауытқуы
B25: Бюджеттік кіші бағдарламаның коды мен атауы: 015 «Жергілікті бюджет қаражаты есебінен»
B26: 2026 жылға 1 298,0 мың теңге
B27: Іс-шаралар, барлығы, оның ішінде | C27: Іс-шара көрсеткіші | D27: Мемлекеттік жоспарлау жүйелері құжатының көрсеткіші (бар болған жағдайда) | E27: Ауытқу (бар болған жағдайда)
B28: Мүгедектігі бар адамдар үшін бір арнаулы жұмыс орнын жарақтандыруға | C28: 1
B30: 2027 жылға 1 383,0 мың теңге
B31: Іс-шаралар, барлығы, оның ішінде | C31: Іс-шара көрсеткіші | D31: Мемлекеттік жоспарлау жүйелері құжатының көрсеткіші (бар болған жағдайда) | E31: Ауытқу (бар болған жағдайда)
B32: Мүгедектігі бар адамдар үшін бір арнаулы жұмыс орнын жарақтандыруға | C32: 1
B34: 2028 жылға 1 465,0 мың теңге
B35: Іс-шаралар, барлығы, оның ішінде | C35: Іс-шара көрсеткіші | D35: Мемлекеттік жоспарлау жүйелері құжатының көрсеткіші (бар болған жағдайда) | E35: Ауытқу (бар болған жағдайда)
B36: Мүгедектігі бар адамдар үшін бір арнаулы жұмыс орнын жарақтандыруға | C36: 1
B39: Басқарма басшысының орынбасары | D39: К. Калдыкараев
C40: (қолы)
B41: Шоғырландырылған қаржылық есептілікті қалыптастыру және бюджеттік жоспарлау бөлімінің басшысы | D41: К. Даулбаева
C42: (қолы)
B43: Жұмыспен қамтуды және еңбек нарығын үйлестіру бөлімінің басшысы | D43: З. Кадирова
C44: (қолы)

Sheet 023-рус
F1: Приложение 4 к Правилам составления, представления, рассмотрения бюджетного запроса
B2: Паспорт бюджетной программы
B3: 333 Управление занятости и социальной защиты города Шымкента
B4: Код и наименование администратора бюджетных программ
B5: на 2026 - 2028 годы
B6: Код и наименование бюджетной программы: | C6: 023 - «Субсидирование затрат работодателя на создание специальных рабочих мест для трудоустройства лиц с инвалидностью»
B7: Код и наименование функции (функций) государственного органа (в соответствии с реестром функций государственных органов): | C7: 06 - «Социальная помощь и социальное обеспечение»
B8: Код и наименование государственной услуги (в соответствии с реестром государственных услуг): | C8: -
B9: Описание (обоснование), в том числе текущий статус: | C9: Создание адаптированных (специальных) рабочих мест для лиц с инвалидностью в целях обеспечения их доступа к рынку труда.
B10: Вид бюджетной программы:
B11: в зависимости от содержания: | C11: Бюджетная программа, направленная на осуществление государственных функций, полномочий и оказание вытекающих из них государственных услуг
B12: в зависимости от уровня государственного управления: | C12: Бюджет города республиканского значения
B13: в зависимости от способа реализации: | C13: Индивидуальная
B14: текущая/развития | C14: Текущий
H15: (тыс. тенге)
B16: Наименование показателей | C16: Факт 2024 год | D16: План текущего 2025 года | F16: Плановый период
D17: Утвержденный | E17: Уточненный | F17: 2026 год | G17: 2027 год | H17: 2028 год
B18: Целевой индикатор документов Системы государственного планирования, собственных документов, устанавливающих показатели деятельности администратора бюджетных программ:
B19: Конечный результат бюджетной программы:
B20: Отклонение конечного результата бюджетной программы от целевого индикатора
B21: Потребность в бюджетных средствах согласно документам Системы государственного планирования, собственных документов, устанавливающих показатели деятельности администратора бюджетных программ
B22: План | C22: 1108 | D22: 1180 | E22: 1180 | F22: 1298 | G22: 1383 | H22: 1465
B23: Отклонение плана от запланированных средств для достижения целевых индикаторов
B25: Код и наименование бюджетной подпрограммы: 015 «За счет средств местного бюджета»
B26: на 2026 год 1 298,0 тыс. тенге
B27: Мероприятия, всего, в том числе: | C27: Показатель мероприятия | D27: Показатель документа Системы государственного планирования (при наличии) | E27: Отклонение (при наличии) | F27: Расходы тыс. тенге
B28: На оснащение одного специального рабочего места для лиц с инвалидностью | C28: 1
B30: на 2027 год 1 383,0 тыс. тенге
B31: Мероприятия, всего, в том числе: | C31: Показатель мероприятия | D31: Показатель документа Системы государственного планирования (при наличии) | E31: Отклонение (при наличии) | F31: Расходы тыс. тенге
B32: На оснащение одного специального рабочего места для лиц с инвалидностью | C32: 1
B34: на 2028 год 1 465,0 тыс. тенге
B35: Мероприятия, всего, в том числе: | C35: Показатель мероприятия | D35: Показатель документа Системы государственного планирования (при наличии) | E35: Отклонение (при наличии) | F35: Расходы тыс. тенге
B36: На оснащение одного специального рабочего места для лиц с инвалидностью | C36: 1
B39: Заместитель руководителя управления | D39: К. Калдыкараев
C40: (подпись)
B41: Руководитель отдела формирование консолидированная финансовая отчетность и планирования бюджета | D41: К. Даулбаева
C42: (подпись)
B43: Руководитель отдела координации занятости и рынка труда | D43: З. Кадирова
C44: (подпись)

Sheet 066
G1: Бюджеттік сұранымды жасау, ұсыну және қарау қағидаларына №4-қосымша
B2: Бюджеттік бағдарлама паспорты
B3: 333 Шымкент қаласының жұмыспен қамту және әлеуметтік қорғау басқармасы
B4: бюджеттiк бағдарлама әкiмшiсiнiң коды және атауы
B5: 2026 - 2028 жылдарға арналған
B6: Бюджеттік бағдарламаның коды мен атауы: | C6: 066 - «Сенім білдірілген агентке жастардың кәсіпкерлік бастамасына жәрдемдесу үшін бюджеттік кредиттер беру жөніндегі қызметтеріне ақы төлеу»
B7: Мемлекеттік органдар функцияларының тізіліміне сәйкес мемлекеттік орган функциясының (функцияларының) коды мен атауы: | C7: 06 - «Әлеуметтiк көмек және әлеуметтiк қамсыздандыру»
B8: Мемлекеттік көрсетілетін қызметтер тізіліміне сәйкес мемлекеттік көрсетілетін қызметтің коды мен атауы: | C8: -
B9: Сипаттама (негіздеме), оның ішінде ағымдағы мәртебе: | C9: Кәсіпкерлік бастамашылыққа жәрдемдесу, жастар қатарындағы кәсіпкерлерді қолдау шараларын іске асыру.
B10: Бюджеттік бағдарламаның түрі:
B11: мазмұнына байланысты: | C11: Мемлекеттік функцияларды, өкілеттіктерді жүзеге асыруға және олардан туындайтын мемлекеттік қызметтерді көрсетуге бағытталған бюджеттік бағдарлама
B12: мемлекеттік басқару деңгейіне байланысты: | C12: Республикалық маңызы бар қаланың бюджеті
B13: іске асыру тәсіліне байланысты: | C13: Жеке
B14: ағымдағы/даму | C14: ағымдағы
H15: (мың теңге)
B16: Көрсеткіштердің атауы | C16: Факт 2024 жыл | D16: 2025 жылғы есепті кезең | F16: Жоспарлы кезең
D17: Бекітілген | E17: Нақтыланған | F17: 2026 жыл | G17: 2027 жыл | H17: 2028 жыл
B18: Мемлекеттік жоспарлау жүйесі құжаттарының, бюджеттік бағдарлама әкімшісінің қызметінің көрсеткіштерін белгілейтін меншікті құжаттардың нысаналы индикаторы:
B19: Бюджеттік бағдарламаның түпкілікті нәтижесі:
B20: Бюджеттік бағдарламаның түпкілікті нәтижесінің нысаналы индикаторлардан ауытқуы
B21: Мемлекеттік жоспарлау жүйесінің құжаттарына, бюджеттік бағдарлама әкімшісінің қызметінің көрсеткіштерін белгілейтін меншікті құжаттарға сәйкес бюджет қаражатына қажеттілік
B22: Жоспар | C22: 31291 | D22: 11016 | E22: 21960 | F22: 17845 | G22: 13168 | H22: 8514
B23: Нысаналы индикаторларға қол жеткізу үшін жоспардың жоспарланған қаражаттан ауытқуы
B25: Бюджеттік кіші бағдарламаның коды мен атауы: 015 «Жергілікті бюджет қаражаты есебінен»
B26: 2026 жылға 17 845,0 мың теңге
B27: Іс-шаралар, барлығы, оның ішінде | C27: Іс-шара көрсеткіші | D27: Мемлекеттік жоспарлау жүйелері құжатының көрсеткіші (бар болған жағдайда) | E27: Ауытқу (бар болған жағдайда)
B28: Кәсіпкерлік бастамашылық шеңберінде жастарға берілетін микрокредиттер бойынша сенім білдірілген агентке қызметтері үшін жылдық сыйақы мөлшерін төлеу қызметі | C28: 1
B30: 2027 жылға 13 168,0 мың теңге
B31: Іс-шаралар, барлығы, оның ішінде | C31: Іс-шара көрсеткіші | D31: Мемлекеттік жоспарлау жүйелері құжатының көрсеткіші (бар болған жағдайда) | E31: Ауытқу (бар болған жағдайда)
B32: Кәсіпкерлік бастамашылық шеңберінде жастарға берілетін микрокредиттер бойынша сенім білдірілген агентке қызметтері үшін жылдық сыйақы мөлшерін төлеу қызметі | C32: 1
B34: 2028 жылға 8 514,0 мың теңге
B35: Іс-шаралар, барлығы, оның ішінде | C35: Іс-шара көрсеткіші | D35: Мемлекеттік жоспарлау жүйелері құжатының көрсеткіші (бар болған жағдайда) | E35: Ауытқу (бар болған жағдайда)
B36: Кәсіпкерлік бастамашылық шеңберінде жастарға берілетін микрокредиттер бойынша сенім білдірілген агентке қызметтері үшін жылдық сыйақы мөлшерін төлеу қызметі | C36: 1
B39: Басқарма басшысының орынбасары | D39: К. Калдыкараев
C40: (қолы)
B41: Шоғырландырылған қаржылық есептілікті қалыптастыру және бюджеттік жоспарлау бөлімінің басшысы | D41: К. Даулбаева
C42: (қолы)
B43: Жұмыспен қамтуды және еңбек нарығын үйлестіру бөлімінің басшысы | D43: З. Кадирова
C44: (қолы)

Sheet 066-рус
F1: Приложение 4 к Правилам составления, представления, рассмотрения бюджетного запроса
B2: Паспорт бюджетной программы
B3: 333 Управление занятости и социальной защиты города Шымкента
B4: Код и наименование администратора бюджетных программ
B5: на 2026 - 2028 годы
B6: Код и наименование бюджетной программы: | C6: 066 - «Оплата услуг поверенному агенту по предоставлению бюджетных кредитов для содействия предпринимательской инициативе молодежи»
B7: Код и наименование функции (функций) государственного органа (в соответствии с реестром функций государственных органов): | C7: 06 - «Социальная помощь и социальное обеспечение»
B8: Код и наименование государственной услуги (в соответствии с реестром государственных услуг): | C8: -
B9: Описание (обоснование), в том числе текущий статус: | C9: Содействие предпринимательской инициативе, реализация мер поддержки предпринимателей из числа молодёжи
B10: Вид бюджетной программы:
B11: в зависимости от содержания: | C11: Бюджетная программа, направленная на осуществление государственных функций, полномочий и оказание вытекающих из них государственных услуг
B12: в зависимости от уровня государственного управления: | C12: Бюджет города республиканского значения
B13: в зависимости от способа реализации: | C13: Индивидуальная
B14: текущая/развития | C14: Текущий
H15: (тыс. тенге)
B16: Наименование показателей | C16: Факт 2024 год | D16: План текущего 2025 года | F16: Плановый период
D17: Утвержденный | E17: Уточненный | F17: 2026 год | G17: 2027 год | H17: 2028 год
B18: Целевой индикатор документов Системы государственного планирования, собственных документов, устанавливающих показатели деятельности администратора бюджетных программ:
B19: Конечный результат бюджетной программы:
B20: Отклонение конечного результата бюджетной программы от целевого индикатора
B21: Потребность в бюджетных средствах согласно документам Системы государственного планирования, собственных документов, устанавливающих показатели деятельности администратора бюджетных программ
B22: План | C22: 31291 | D22: 11016 | E22: 21960 | F22: 17845 | G22: 13168 | H22: 8514
B23: Отклонение плана от запланированных средств для достижения целевых индикаторов
B25: Код и наименование бюджетной подпрограммы: 015 «За счет средств местного бюджета»
B26: на 2026 год 17 845,0 тыс. тенге
B27: Мероприятия, всего, в том числе: | C27: Показатель мероприятия | D27: Показатель документа Системы государственного планирования (при наличии) | E27: Отклонение (при наличии) | F27: Расходы тыс. тенге
B28: Услуга по выплате годового вознаграждения доверенному агенту за оказанные услуги по микрокредитам, предоставляемым молодёжи в рамках предпринимательской инициативы | C28: 1
B30: на 2027 год 13 168,0 тыс. тенге
B31: Мероприятия, всего, в том числе: | C31: Показатель мероприятия | D31: Показатель документа Системы государственного планирования (при наличии) | E31: Отклонение (при наличии) | F31: Расходы тыс. тенге
B32: Услуга по выплате годового вознаграждения доверенному агенту за оказанные услуги по микрокредитам, предоставляемым молодёжи в рамках предпринимательской инициативы | C32: 1
B34: на 2028 год 8 514,0 тыс. тенге
B35: Мероприятия, всего, в том числе: | C35: Показатель мероприятия | D35: Показатель документа Системы государственного планирования (при наличии) | E35: Отклонение (при наличии) | F35: Расходы тыс. тенге
B36: Услуга по выплате годового вознаграждения доверенному агенту за оказанные услуги по микрокредитам, предоставляемым молодёжи в рамках предпринимательской инициативы | C36: 1
B39: Заместитель руководителя управления | D39: К. Калдыкараев
C40: (подпись)
B41: Руководитель отдела формирование консолидированная финансовая отчетность и планирования бюджета | D41: К. Даулбаева
C42: (подпись)
B43: Руководитель отдела координации занятости и рынка труда | D43: З. Кадирова
C44: (подпись)

Sheet 034
G1: Бюджеттік сұранымды жасау, ұсыну және қарау қағидаларына №4-қосымша
B2: Бюджеттік бағдарлама паспорты
B3: 333 Шымкент қаласының жұмыспен қамту және әлеуметтік қорғау басқармасы
B4: бюджеттiк бағдарлама әкiмшiсiнiң коды және атауы
B5: 2026 - 2028 жылдарға арналған
B6: Бюджеттік бағдарламаның коды мен атауы: | C6: 034 - «Жергілікті атқарушы органдар төлейтін міндетті әлеуметтік медициналық сақтандыруға мемлекеттік жарналарына әлеуметтік медициналық сақтандыру қорына берілетін трансферттер»
B7: Мемлекеттік органдар функцияларының тізіліміне сәйкес мемлекеттік орган функциясының (функцияларының) коды мен атауы: | C7: 06 - «Әлеуметтiк көмек және әлеуметтiк қамсыздандыру»
B8: Мемлекеттік көрсетілетін қызметтер тізіліміне сәйкес мемлекеттік көрсетілетін қызметтің коды мен атауы: | C8: -
B9: Сипаттама (негіздеме), оның ішінде ағымдағы мәртебе: | C9: Міндетті әлеуметтік медициналық сақтандыру жүйесінде жұмыссыз азаматтарды қамтуға бағытталады. Қаражат соңғы үш ай бойы міндетті зейнетақы жарналарын аудармаған, әлеуметтік саламаттылықтың дағдарыстық немесе шұғыл деңгейіне жататын және жұмыссыз ретінде тіркелген адамдар үшін МӘМС жарналарын төлеуге жұмсалады.
B10: Бюджеттік бағдарламаның түрі:
B11: мазмұнына байланысты: | C11: Мемлекеттік функцияларды, өкілеттіктерді жүзеге асыруға және олардан туындайтын мемлекеттік қызметтерді көрсетуге бағытталған бюджеттік бағдарлама
B12: мемлекеттік басқару деңгейіне байланысты: | C12: Республикалық маңызы бар қаланың бюджеті
B13: іске асыру тәсіліне байланысты: | C13: Жеке
B14: ағымдағы/даму | C14: ағымдағы
H15: (мың теңге)
B16: Көрсеткіштердің атауы | C16: Факт 2024 жыл | D16: 2025 жылғы есепті кезең | F16: Жоспарлы кезең
D17: Бекітілген | E17: Нақтыланған | F17: 2026 жыл | G17: 2027 жыл | H17: 2028 жыл
B18: Мемлекеттік жоспарлау жүйесі құжаттарының, бюджеттік бағдарлама әкімшісінің қызметінің көрсеткіштерін белгілейтін меншікті құжаттардың нысаналы индикаторы:
B19: Бюджеттік бағдарламаның түпкілікті нәтижесі:
B20: Бюджеттік бағдарламаның түпкілікті нәтижесінің нысаналы индикаторлардан ауытқуы
B21: Мемлекеттік жоспарлау жүйесінің құжаттарына, бюджеттік бағдарлама әкімшісінің қызметінің көрсеткіштерін белгілейтін меншікті құжаттарға сәйкес бюджет қаражатына қажеттілік
B22: Жоспар | F22: 1329330 | G22: 1281447 | H22: 1322940
B23: Нысаналы индикаторларға қол жеткізу үшін жоспардың жоспарланған қаражаттан ауытқуы
B25: Бюджеттік кіші бағдарламаның коды мен атауы: 015 «Жергілікті бюджет қаражаты есебінен»
B26: 2026 жылға 1 329 330,0 мың теңге
B27: Іс-шаралар, барлығы, оның ішінде | C27: Іс-шара көрсеткіші | D27: Мемлекеттік жоспарлау жүйелері құжатының көрсеткіші (бар болған жағдайда) | E27: Ауытқу (бар болған жағдайда)
B28: Жергілікті атқарушы органдар төлейтін мемлекеттің міндетті әлеуметтік медициналық сақтандыруға жарналары (адам саны), оның ішінде: | C28: =SUM(C29:C30) -> 17722
B29: МӘМС жарналарын төлеу үшін есепке алынған Д, Е санатына жататын адамдар саны | C29: 12067
B30: МӘМС жарналарын төлеу үшін есепке алынған жұмыссыздар саны | C30: 5655
B32: 2027 жылға 1 281 447,0 мың теңге
B33: Іс-шаралар, барлығы, оның ішінде | C33: Іс-шара көрсеткіші | D33: Мемлекеттік жоспарлау жүйелері құжатының көрсеткіші (бар болған жағдайда) | E33: Ауытқу (бар болған жағдайда)
B34: Жергілікті атқарушы органдар төлейтін мемлекеттің міндетті әлеуметтік медициналық сақтандыруға жарналары (адам саны), оның ішінде: | C34: =SUM(C35:C36) -> 17084
B35: МӘМС жарналарын төлеу үшін есепке алынған Д, Е санатына жататын адамдар саны | C35: 11429
B36: МӘМС жарналарын төлеу үшін есепке алынған жұмыссыздар саны | C36: 5655
B38: 2028 жылға 1 322 940,0 мың теңге
B39: Іс-шаралар, барлығы, оның ішінде | C39: Іс-шара көрсеткіші | D39: Мемлекеттік жоспарлау жүйелері құжатының көрсеткіші (бар болған жағдайда) | E39: Ауытқу (бар болған жағдайда)
B40: Жергілікті атқарушы органдар төлейтін мемлекеттің міндетті әлеуметтік медициналық сақтандыруға жарналары (адам саны), оның ішінде: | C40: =SUM(C41:C42) -> 17637
B41: МӘМС жарналарын төлеу үшін есепке алынған Д, Е санатына жататын адамдар саны | C41: 11982
B42: МӘМС жарналарын төлеу үшін есепке алынған жұмыссыздар саны | C42: 5655
B45: Басқарма басшысының орынбасары | D45: К. Калдыкараев
C46: (қолы)
B47: Шоғырландырылған қаржылық есептілікті қалыптастыру және бюджеттік жоспарлау бөлімінің басшысы | D47: К. Даулбаева
C48: (қолы)
B49: Жұмыспен қамтуды және еңбек нарығын үйлестіру бөлімінің басшысы | D49: З. Кадирова
C50: (қолы)
B51: Әлеуметтік көмекті тағайындау және төлемдерін жүргізу бөлімінің басшысы м.у.а | D51: А. Байырбекова
C52: (қолы)

Sheet 034-рус
F1: Приложение 4 к Правилам составления, представления, рассмотрения бюджетного запроса
B2: Паспорт бюджетной программы
B3: 333 Управление занятости и социальной защиты города Шымкента
B4: Код и наименование администратора бюджетных программ
B5: на 2026 - 2028 годы
B6: Код и наименование бюджетной программы: | C6: 034 - «Трансферты в фонд социального медицинского страхования на взносы государства на обязательное социальное медицинское страхование, уплачиваемые местными исполнительными органами»
B7: Код и наименование функции (функций) государственного органа (в соответствии с реестром функций государственных органов): | C7: 06 - «Социальная помощь и социальное обеспечение»
B8: Код и наименование государственной услуги (в соответствии с реестром государственных услуг): | C8: -
B9: Описание (обоснование), в том числе текущий статус: | C9: Направляется на охват безработных граждан системой обязательного социального медицинского страхования. Средства используются для уплаты взносов ОСМС за лиц, которые в течение последних трёх месяцев не перечисляли обязательные пенсионные взносы, относятся к кризисному или экстренному уровню социального благополучия и зарегистрированы в качестве безработных.
B10: Вид бюджетной программы:
B11: в зависимости от содержания: | C11: Бюджетная программа, направленная на осуществление государственных функций, полномочий и оказание вытекающих из них государственных услуг
B12: в зависимости от уровня государственного управления: | C12: Бюджет города республиканского значения
B13: в зависимости от способа реализации: | C13: Индивидуальная
B14: текущая/развития | C14: Текущий
H15: (тыс. тенге)
B16: Наименование показателей | C16: Факт 2024 год | D16: План текущего 2025 года | F16: Плановый период
D17: Утвержденный | E17: Уточненный | F17: 2026 год | G17: 2027 год | H17: 2028 год
B18: Целевой индикатор документов Системы государственного планирования, собственных документов, устанавливающих показатели деятельности администратора бюджетных программ:
B19: Конечный результат бюджетной программы:
B20: Отклонение конечного результата бюджетной программы от целевого индикатора
B21: Потребность в бюджетных средствах согласно документам Системы государственного планирования, собственных документов, устанавливающих показатели деятельности администратора бюджетных программ
B22: План | F22: 1329330 | G22: 1281447 | H22: 1322940
B23: Отклонение плана от запланированных средств для достижения целевых индикаторов
B24: Код и наименование бюджетной подпрограммы: 015 «За счет средств местного бюджета»
B25: на 2026 год 1 329 330,0 тыс. тенге
B26: Мероприятия, всего, в том числе: | D26: Показатель мероприятия | E26: Показатель документа Системы государственного планирования (при наличии) | F26: Отклонение (при наличии) | G26: Расходы тыс. тенге
B27: Взносы государства на обязательное социальное медицинское страхование, уплачиваемые местными исполнительными органами (количество человек), в том числе: | D27: =SUM(D28:D29) -> 17722
B28: Количество лиц, относящихся к категориям D и E, взятых на учёт для уплаты взносов ОСМС | D28: 12067
B29: Количество безработных, взятых на учёт для уплаты взносов ОСМС | D29: 5655
B31: на 2027 год 1 281 447,0 тыс. тенге
B32: Мероприятия, всего, в том числе: | D32: Показатель мероприятия | E32: Показатель документа Системы государственного планирования (при наличии) | F32: Отклонение (при наличии) | G32: Расходы тыс. тенге
B33: Взносы государства на обязательное социальное медицинское страхование, уплачиваемые местными исполнительными органами (количество человек), в том числе: | D33: =SUM(D34:D35) -> 17084
B34: Количество лиц, относящихся к категориям D и E, взятых на учёт для уплаты взносов ОСМС | D34: 11429
B35: Количество безработных, взятых на учёт для уплаты взносов ОСМС | D35: 5655
B37: на 2028 год 1 322 940,0 тыс. тенге
B38: Мероприятия, всего, в том числе: | D38: Показатель мероприятия | E38: Показатель документа Системы государственного планирования (при наличии) | F38: Отклонение (при наличии) | G38: Расходы тыс. тенге
B39: Взносы государства на обязательное социальное медицинское страхование, уплачиваемые местными исполнительными органами (количество человек), в том числе: | D39: =SUM(D40:D41) -> 17637
B40: Количество лиц, относящихся к категориям D и E, взятых на учёт для уплаты взносов ОСМС | D40: 11982
B41: Количество безработных, взятых на учёт для уплаты взносов ОСМС | D41: 5655
B44: Заместитель руководителя управления | D44: К. Калдыкараев
C45: (подпись)
B46: Руководитель отдела формирование консолидированная финансовая отчетность и планирования бюджета | D46: К. Даулбаева
C47: (подпись)
B48: Руководитель отдела координации занятости и рынка труда | D48: З. Кадирова
C49: (подпись)
B50: И.о руководитель отдела назначения и выплат по социальной помощи | D50: А. Байырбекова
C51: (подпись)

Sheet 076
G1: Бюджеттік сұранымды жасау, ұсыну және қарау қағидаларына №4-қосымша
B2: Бюджеттік бағдарлама паспорты
B3: 333 Шымкент қаласының жұмыспен қамту және әлеуметтік қорғау басқармасы
B4: бюджеттiк бағдарлама әкiмшiсiнiң коды және атауы
B5: 2026 - 2028 жылдарға арналған
B6: Бюджеттік бағдарламаның коды мен атауы: | C6: 076 - «Әлеуметтік қорғау саласында жартылай стационар жағдайында арнаулы әлеуметтік қызметтер көрсету»
B7: Мемлекеттік органдар функцияларының тізіліміне сәйкес мемлекеттік орган функциясының (функцияларының) коды мен атауы: | C7: 06 - «Әлеуметтiк көмек және әлеуметтiк қамсыздандыру»
B8: Мемлекеттік көрсетілетін қызметтер тізіліміне сәйкес мемлекеттік көрсетілетін қызметтің коды мен атауы: | C8: 705009 - "Арнаулы әлеуметтік қызметтер көрсету орталықтарында арнаулы әлеуметтік көрсетілетін қызметтерге құжаттарды ресімдеу"
B9: Сипаттама (негіздеме), оның ішінде ағымдағы мәртебе: | C9: Жеке сектор субъектілері (Үкіметтік емес ұйымдар) жартылай стационарлық жағдайда мүгедектігі бар балаларға арнаулы әлеуметтік қызметтер көрсетуді жүзеге асырады. Атап айтқанда: психоневрологиялық патологиясы бар балаларға және тірек-қимыл аппараты бұзылған 18 жасқа дейінгі мүгедектігі бар балаларға көрсетіледі. Арнаулы әлеуметтік қызметтерді белгіленген талаптарға сәйкес толық көлемде қамтамасыз ету
B10: Бюджеттік бағдарламаның түрі:
B11: мазмұнына байланысты: | C11: Мемлекеттік функцияларды, өкілеттіктерді жүзеге асыруға және олардан туындайтын мемлекеттік қызметтерді көрсетуге бағытталған бюджеттік бағдарлама
B12: мемлекеттік басқару деңгейіне байланысты: | C12: Республикалық маңызы бар қаланың бюджеті
B13: іске асыру тәсіліне байланысты: | C13: Жеке
B14: ағымдағы/даму | C14: ағымдағы
H15: (мың теңге)
B16: Көрсеткіштердің атауы | C16: Факт 2024 жыл | D16: 2025 жылғы есепті кезең | F16: Жоспарлы кезең
D17: Бекітілген | E17: Нақтыланған | F17: 2026 жыл | G17: 2027 жыл | H17: 2028 жыл
B18: Мемлекеттік жоспарлау жүйесі құжаттарының, бюджеттік бағдарлама әкімшісінің қызметінің көрсеткіштерін белгілейтін меншікті құжаттардың нысаналы индикаторы:
B19: Бюджеттік бағдарламаның түпкілікті нәтижесі:
B20: Бюджеттік бағдарламаның түпкілікті нәтижесінің нысаналы индикаторлардан ауытқуы
B21: Мемлекеттік жоспарлау жүйесінің құжаттарына, бюджеттік бағдарлама әкімшісінің қызметінің көрсеткіштерін белгілейтін меншікті құжаттарға сәйкес бюджет қаражатына қажеттілік
B22: Жоспар | E22: 7929 | F22: 461173
B23: Нысаналы индикаторларға қол жеткізу үшін жоспардың жоспарланған қаражаттан ауытқуы
B25: Бюджеттік кіші бағдарламаның коды мен атауы: 015 «Жергілікті бюджет қаражаты есебінен»
B26: 2026 жылға 1 177 674,0 мың теңге
B27: Іс-шаралар, барлығы, оның ішінде | D27: Іс-шара көрсеткіші | E27: Мемлекеттік жоспарлау жүйелері құжатының көрсеткіші (бар болған жағдайда) | F27: Ауытқу (бар болған жағдайда)
B28: Жеке сектор субъектілері (Үкіметтік емес ұйымдар) жартылай стационарлық жағдайда мүгедектігі бар балаларға арнаулы әлеуметтік қызметтер көрсетілетін мүгедектігі бар балалар саны, оның ішінде: | D28: =SUM(D29:D30) -> 180
B29: Психоневрологиялық ауытқулары бар 18 жасқа дейінгі мүгедектігі бар балалар саны | D29: 110
B30: Тірек қимыл аппараты бұзылған 18 жасқа дейінгі мүгедектігі бар балалар саны | D30: 70
B34: Басқарма басшысының орынбасары | D34: К. Калдыкараев
C35: (қолы)
B36: Шоғырландырылған қаржылық есептілікті қалыптастыру және бюджеттік жоспарлау бөлімінің басшысы | D36: К. Даулбаева
C37: (қолы)
B38: Әлеуметтік мекемелерді және арнаулы әлеуметтік қызметтерді үйлестіру бөлімінің басшысы | D38: Р. Сейдакбар
C39: (қолы)

Sheet 076-рус
F1: Приложение 4 к Правилам составления, представления, рассмотрения бюджетного запроса
B2: Паспорт бюджетной программы
B3: 333 Управление занятости и социальной защиты города Шымкента
B4: Код и наименование администратора бюджетных программ
B5: на 2026 - 2028 годы
B6: Код и наименование бюджетной программы: | C6: 076 - «Предоставление специальных социальных услуг в условиях полустационара в области социальной защиты»
B7: Код и наименование функции (функций) государственного органа (в соответствии с реестром функций государственных органов): | C7: 06 - «Социальная помощь и социальное обеспечение»
B8: Код и наименование государственной услуги (в соответствии с реестром государственных услуг): | C8: 705009 — «Оформление документов на получение специальных социальных услуг в центрах оказания специальных социальных услуг»
B9: Описание (обоснование), в том числе текущий статус: | C9: Субъекты частного сектора (Неправительственные организации)предоставляют специальные социальные услуги детям с инвалидностью в условиях полустационара, в том числе детям с психоневрологической патологией и детям с инвалидностью в возрасте до 18 лет с нарушениями опорно-двигательного аппарата. Обеспечение специальных социальных услуг в полном объёме в соответствии с установленными требованиями.
B10: Вид бюджетной программы:
B11: в зависимости от содержания: | C11: Бюджетная программа, направленная на осуществление государственных функций, полномочий и оказание вытекающих из них государственных услуг
B12: в зависимости от уровня государственного управления: | C12: Бюджет города республиканского значения
B13: в зависимости от способа реализации: | C13: Индивидуальная
B14: текущая/развития | C14: Текущий
H15: (тыс. тенге)
B16: Наименование показателей | C16: Факт 2024 год | D16: План текущего 2025 года | F16: Плановый период
D17: Утвержденный | E17: Уточненный | F17: 2026 год | G17: 2027 год | H17: 2028 год
B18: Целевой индикатор документов Системы государственного планирования, собственных документов, устанавливающих показатели деятельности администратора бюджетных программ:
B19: Конечный результат бюджетной программы:
B20: Отклонение конечного результата бюджетной программы от целевого индикатора
B21: Потребность в бюджетных средствах согласно документам Системы государственного планирования, собственных документов, устанавливающих показатели деятельности администратора бюджетных программ
B22: План | E22: 7929 | F22: 416747
B23: Отклонение плана от запланированных средств для достижения целевых индикаторов
B25: Код и наименование бюджетной подпрограммы: 015 «За счет средств местного бюджета»
B26: на 2026 год 416 747,0 тыс. тенге
B27: Мероприятия, всего, в том числе: | D27: Показатель мероприятия | E27: Показатель документа Системы государственного планирования (при наличии) | F27: Отклонение (при наличии) | G27: Расходы тыс. тенге
B28: Количество детей с инвалидностью, которым субъекты частного сектора (Неправительственные организации) предоставляют специальные социальные услуги в условиях полустационара, в том числе: | D28: =SUM(D29:D30) -> 180
B29: Количество детей с инвалидностью в возрасте до 18 лет с психоневрологическими нарушениями. | D29: 110
B30: Количество детей с инвалидностью в возрасте до 18 лет с нарушениями опорно-двигательного аппарата | D30: 70
B34: Заместитель руководителя управления | D34: К. Калдыкараев
C35: (подпись)
B36: Руководитель отдела формирование консолидированная финансовая отчетность и планирования бюджета | D36: К. Даулбаева
C37: (подпись)
B38: Руководитель отдела координации социальных учреждений и специальных социальных услуг | D38: Р. Сейдакбар
C39: (подпись)

Sheet 077
G1: Бюджеттік сұранымды жасау, ұсыну және қарау қағидаларына №4-қосымша
B2: Бюджеттік бағдарлама паспорты
B3: 333 Шымкент қаласының жұмыспен қамту және әлеуметтік қорғау басқармасы
B4: бюджеттiк бағдарлама әкiмшiсiнiң коды және атауы
B5: 2026 - 2028 жылдарға арналған
B6: Бюджеттік бағдарламаның коды мен атауы: | C6: 077 - «Әлеуметтік қорғау саласында үйде қызметтер көрсету жағдайында арнаулы әлеуметтік қызметтер көрсету»
B7: Мемлекеттік органдар функцияларының тізіліміне сәйкес мемлекеттік орган функциясының (функцияларының) коды мен атауы: | C7: 06 - «Әлеуметтiк көмек және әлеуметтiк қамсыздандыру»
B8: Мемлекеттік көрсетілетін қызметтер тізіліміне сәйкес мемлекеттік көрсетілетін қызметтің коды мен атауы: | C8: 705009 - "Арнаулы әлеуметтік қызметтер көрсету орталықтарында арнаулы әлеуметтік көрсетілетін қызметтерге құжаттарды ресімдеу"
B9: Сипаттама (негіздеме), оның ішінде ағымдағы мәртебе: | C9: Жеке сектор субъектілері (Үкіметтік емес ұйымдар) әлеуметтік қорғау саласында үйде қызметтер көрсету жағдайында арнаулы әлеуметтік қызметтер көрсету. Арнаулы әлеуметтік қызметтерді белгіленген талаптарға сәйкес толық көлемде қамтамасыз ету.
B10: Бюджеттік бағдарламаның түрі:
B11: мазмұнына байланысты: | C11: Мемлекеттік функцияларды, өкілеттіктерді жүзеге асыруға және олардан туындайтын мемлекеттік қызметтерді көрсетуге бағытталған бюджеттік бағдарлама
B12: мемлекеттік басқару деңгейіне байланысты: | C12: Республикалық маңызы бар қаланың бюджеті
B13: іске асыру тәсіліне байланысты: | C13: Жеке
B14: ағымдағы/даму | C14: ағымдағы
H15: (мың теңге)
B16: Көрсеткіштердің атауы | C16: Факт 2024 жыл | D16: 2025 жылғы есепті кезең | F16: Жоспарлы кезең
D17: Бекітілген | E17: Нақтыланған | F17: 2026 жыл | G17: 2027 жыл | H17: 2028 жыл
B18: Мемлекеттік жоспарлау жүйесі құжаттарының, бюджеттік бағдарлама әкімшісінің қызметінің көрсеткіштерін белгілейтін меншікті құжаттардың нысаналы индикаторы:
B19: Бюджеттік бағдарламаның түпкілікті нәтижесі:
B20: Бюджеттік бағдарламаның түпкілікті нәтижесінің нысаналы индикаторлардан ауытқуы
B21: Мемлекеттік жоспарлау жүйесінің құжаттарына, бюджеттік бағдарлама әкімшісінің қызметінің көрсеткіштерін белгілейтін меншікті құжаттарға сәйкес бюджет қаражатына қажеттілік
B22: Жоспар | E22: 8682 | F22: 135500
B23: Нысаналы индикаторларға қол жеткізу үшін жоспардың жоспарланған қаражаттан ауытқуы
B25: Бюджеттік кіші бағдарламаның коды мен атауы: 015 «Жергілікті бюджет қаражаты есебінен»
B26: 2026 жылға 135 500,0 мың теңге
B27: Іс-шаралар, барлығы, оның ішінде | D27: Іс-шара көрсеткіші | E27: Мемлекеттік жоспарлау жүйелері құжатының көрсеткіші (бар болған жағдайда) | F27: Ауытқу (бар болған жағдайда)
B28: Жеке сектор субъектілері (Үкіметтік емес ұйымдар) әлеуметтік қорғау саласында үйде қызметтер көрсету жағдайында арнаулы әлеуметтік қызметтерді алушылар саны, оның ішінде: | D28: =SUM(D29:D32) -> 233
B29: I, II топтағы мүгедектігі бар адамдар саны | D29: 25
B30: Тірек-қозғалу функциялары бұзылған және психоневрологиялық ауытқуы бар 1,5 жастан 18 жасқа дейінгі мүгедектігі бар балалар саны | D30: =40+53 -> 93
B31: Психоневрологиялық аурулары бар он сегіз жастан асқан мүгедектігі бар адамдар саны | D31: 35
B32: үйде қызмет көрсетуге мұқтаж егде жастағы қарттар | D32: 80
B35: Басқарма басшысының орынбасары | D35: К. Калдыкараев
C36: (қолы)
B37: Шоғырландырылған қаржылық есептілікті қалыптастыру және бюджеттік жоспарлау бөлімінің басшысы | D37: К. Даулбаева
C38: (қолы)
B39: Әлеуметтік мекемелерді және арнаулы әлеуметтік қызметтерді үйлестіру бөлімінің басшысы | D39: Р. Сейдакбар
C40: (қолы)

Sheet 077-рус
F1: Приложение 4 к Правилам составления, представления, рассмотрения бюджетного запроса
B2: Паспорт бюджетной программы
B3: 333 Управление занятости и социальной защиты города Шымкента
B4: Код и наименование администратора бюджетных программ
B5: на 2026 - 2028 годы
B6: Код и наименование бюджетной программы: | C6: 077 - «Предоставление специальных социальных услуг в условиях оказания услуг на дому в области социальной защиты»
B7: Код и наименование функции (функций) государственного органа (в соответствии с реестром функций государственных органов): | C7: 06 - «Социальная помощь и социальное обеспечение»
B8: Код и наименование государственной услуги (в соответствии с реестром государственных услуг): | C8: 705009 — «Оформление документов на получение специальных социальных услуг в центрах оказания специальных социальных услуг»
B9: Описание (обоснование), в том числе текущий статус: | C9: Жеке сектор субъектілері (Үкіметтік емес ұйымдар) әлеуметтік қорғау саласында үйде қызметтер көрсету жағдайында арнаулы әлеуметтік қызметтер көрсету. Арнаулы әлеуметтік қызметтерді белгіленген талаптарға сәйкес толық көлемде қамтамасыз ету.
B10: Вид бюджетной программы:
B11: в зависимости от содержания: | C11: Бюджетная программа, направленная на осуществление государственных функций, полномочий и оказание вытекающих из них государственных услуг
B12: в зависимости от уровня государственного управления: | C12: Бюджет города республиканского значения
B13: в зависимости от способа реализации: | C13: Индивидуальная
B14: текущая/развития | C14: Текущий
H15: (тыс. тенге)
B16: Наименование показателей | C16: Факт 2024 год | D16: План текущего 2025 года | F16: Плановый период
D17: Утвержденный | E17: Уточненный | F17: 2026 год | G17: 2027 год | H17: 2028 год
B18: Целевой индикатор документов Системы государственного планирования, собственных документов, устанавливающих показатели деятельности администратора бюджетных программ:
B19: Конечный результат бюджетной программы:
B20: Отклонение конечного результата бюджетной программы от целевого индикатора
B21: Потребность в бюджетных средствах согласно документам Системы государственного планирования, собственных документов, устанавливающих показатели деятельности администратора бюджетных программ
B22: План | E22: 8682 | F22: 135500
B23: Отклонение плана от запланированных средств для достижения целевых индикаторов
B25: Код и наименование бюджетной подпрограммы: 015 «За счет средств местного бюджета»
B26: на 2026 год 135 500,0 тыс. тенге
B27: Мероприятия, всего, в том числе: | D27: Показатель мероприятия | E27: Показатель документа Системы государственного планирования (при наличии) | F27: Отклонение (при наличии) | G27: Расходы тыс. тенге
B28: Количество получателей специальных социальных услуг, предоставляемых субъектами частного сектора (неправительственными организациями) в условиях оказания услуг на дому в сфере социальной защиты, в том числе: | D28: =SUM(D29:D32) -> 233
B29: Количество лиц с инвалидностью I и II групп | D29: 25
B30: Количество детей с инвалидностью в возрасте от 1,5 до 18 лет с нарушениями опорно-двигательных функций и психоневрологическими нарушениями | D30: =40+53 -> 93
B31: Количество лиц с инвалидностью старше 18 лет с психоневрологическими заболеваниями | D31: 35
B32: Пожилые граждане, нуждающиеся в обслуживании на дому | D32: 80
B35: Заместитель руководителя управления | D35: К. Калдыкараев
C36: (подпись)
B37: Руководитель отдела формирование консолидированная финансовая отчетность и планирования бюджета | D37: К. Даулбаева
C38: (подпись)
B39: Руководитель отдела координации социальных учреждений и специальных социальных услуг | D39: Р. Сейдакбар
C40: (подпись)

Sheet 032
G1: Бюджеттік сұранымды жасау, ұсыну және қарау қағидаларына №4-қосымша
B2: Бюджеттік бағдарлама паспорты
B3: 333 Шымкент қаласының жұмыспен қамту және әлеуметтік қорғау басқармасы
B4: бюджеттiк бағдарлама әкiмшiсiнiң коды және атауы
B5: 2026 - 2028 жылдарға арналған
B6: Бюджеттік бағдарламаның коды мен атауы: | C6: 032 - «Ведомстволық бағыныстағы мемлекеттік мекемелер мен ұйымдардың күрделі шығыстары»
B7: Мемлекеттік органдар функцияларының тізіліміне сәйкес мемлекеттік орган функциясының (функцияларының) коды мен атауы: | C7: 06 - «Әлеуметтiк көмек және әлеуметтiк қамсыздандыру»
B8: Мемлекеттік көрсетілетін қызметтер тізіліміне сәйкес мемлекеттік көрсетілетін қызметтің коды мен атауы: | C8: -
B9: Сипаттама (негіздеме), оның ішінде ағымдағы мәртебе: | C9: Ведомстволық бағынысты мемлекеттік мекемелерді материалдық-техникалық жарақтандыруды жақсарту. Жабдықтар мен басқа да негізгі құралдарды сатып алу. Негізгі қажеттіліктерді 100% қамтамасыз ету
B10: Бюджеттік бағдарламаның түрі:
B11: мазмұнына байланысты: | C11: Күрделі шығыстарды жүзеге асыру
B12: мемлекеттік басқару деңгейіне байланысты: | C12: Республикалық маңызы бар қаланың бюджеті
B13: іске асыру тәсіліне байланысты: | C13: Жеке
B14: ағымдағы/даму | C14: ағымдағы
H15: (мың теңге)
B16: Көрсеткіштердің атауы | C16: Факт 2024 жыл | D16: 2025 жылғы есепті кезең | F16: Жоспарлы кезең
D17: Бекітілген | E17: Нақтыланған | F17: 2026 жыл | G17: 2027 жыл | H17: 2028 жыл
B18: Мемлекеттік жоспарлау жүйесі құжаттарының, бюджеттік бағдарлама әкімшісінің қызметінің көрсеткіштерін белгілейтін меншікті құжаттардың нысаналы индикаторы:
B19: Бюджеттік бағдарламаның түпкілікті нәтижесі:
B20: Бюджеттік бағдарламаның түпкілікті нәтижесінің нысаналы индикаторлардан ауытқуы
B21: Мемлекеттік жоспарлау жүйесінің құжаттарына, бюджеттік бағдарлама әкімшісінің қызметінің көрсеткіштерін белгілейтін меншікті құжаттарға сәйкес бюджет қаражатына қажеттілік
B22: Жоспар | C22: 176534 | D22: 604840 | E22: 139946 | F22: 59278
B23: Нысаналы индикаторларға қол жеткізу үшін жоспардың жоспарланған қаражаттан ауытқуы
B25: Бюджеттік кіші бағдарламаның коды мен атауы: 015 «Жергілікті бюджет қаражаты есебінен»
B26: 2026 жылға 59 278,0 мың теңге
B27: Іс-шаралар, барлығы, оның ішінде | D27: Іс-шара көрсеткіші (бірлік саны) | E27: Мемлекеттік жоспарлау жүйелері құжатының көрсеткіші (бар болған жағдайда) | F27: Ауытқу (бар болған жағдайда) | G27: Шығыстар сомасы мың тенге
B28: Кеңсе жиһазымен жабдықтары | G28: 59278
B29: Компьютерлік жабдықтар | D29: =191-40 -> 151
B30: Медициналық жабдықтар | D30: =1 -> 1
B31: Өзге машиналар мен жабдықтар | D31: =8+15+1 -> 24
B35: Басқарма басшысының орынбасары | D35: К. Калдыкараев
C36: (қолы)
B37: Шоғырландырылған қаржылық есептілікті қалыптастыру және бюджеттік жоспарлау бөлімінің басшысы | D37: К. Даулбаева
C38: (қолы)
B39: Әлеуметтік мекемелерді және арнаулы әлеуметтік қызметтерді үйлестіру бөлімінің басшысы | D39: Р. Сейдакбар
C40: (қолы)
B41: Мүгедектігі бар азаматтармен және ардагерлермен жұмыс жөніндегі бөлімнің басшысы | D41: М. Карибаева
C42: (қолы)
B43: Әлеуметтік көмекті тағайындау және төлемдерін жүргізу бөлімінің басшысының у.м.а | D43: А. Байырбекова
C44: (қолы)

Sheet 032-рус
F1: Приложение 4 к Правилам составления, представления, рассмотрения бюджетного запроса
B2: Паспорт бюджетной программы
B3: 333 Управление занятости и социальной защиты города Шымкента
B4: Код и наименование администратора бюджетных программ
B5: на 2026 - 2028 годы
B6: Код и наименование бюджетной программы: | C6: 032 - «Капитальные расходы подведомственных государственных учреждений и организаций»
B7: Код и наименование функции (функций) государственного органа (в соответствии с реестром функций государственных органов): | C7: 06 - «Социальная помощь и социальное обеспечение»
B8: Код и наименование государственной услуги (в соответствии с реестром государственных услуг): | C8: -
B9: Описание (обоснование), в том числе текущий статус: | C9: Улучшение материально-технического оснащения подведомственных государственных учреждений. Приобретение оборудования и других основных средств. Обеспечение основных потребностей на 100%.
B10: Вид бюджетной программы:
B11: в зависимости от содержания: | C11: Осуществление капитальных расходов
B12: в зависимости от уровня государственного управления: | C12: Бюджет города республиканского значения
B13: в зависимости от способа реализации: | C13: Индивидуальная
B14: текущая/развития | C14: Текущий
H15: (тыс. тенге)
B16: Наименование показателей | C16: Факт 2024 год | D16: План текущего 2025 года | F16: Плановый период
D17: Утвержденный | E17: Уточненный | F17: 2026 год | G17: 2027 год | H17: 2028 год
B18: Целевой индикатор документов Системы государственного планирования, собственных документов, устанавливающих показатели деятельности администратора бюджетных программ:
B19: Конечный результат бюджетной программы:
B20: Отклонение конечного результата бюджетной программы от целевого индикатора
B21: Потребность в бюджетных средствах согласно документам Системы государственного планирования, собственных документов, устанавливающих показатели деятельности администратора бюджетных программ
B22: План | C22: 176534 | D22: 604840 | E22: 139946 | F22: 59278
B23: Отклонение плана от запланированных средств для достижения целевых индикаторов
B25: Код и наименование бюджетной подпрограммы: 015 «За счет средств местного бюджета»
B26: на 2026 год 59 278,0 тыс. тенге
B27: Мероприятия, всего, в том числе: | D27: Показатель мероприятия (количество) | E27: Показатель документа Системы государственного планирования (при наличии) | F27: Отклонение (при наличии) | G27: Расходы тыс. тенге
B28: Обеспечение офисной мебелью и оборудованием | G28: 59278
B29: Компьютерное оборудование | D29: =191-40 -> 151
B30: Медицинское оборудование | D30: =1 -> 1
B31: Прочие машины и оборудование | D31: =8+15+1 -> 24
B35: Заместитель руководителя управления | D35: К. Калдыкараев
C36: (подпись)
B37: Руководитель отдела формирование консолидированная финансовая отчетность и планирования бюджета | D37: К. Даулбаева
C38: (подпись)
B39: Руководитель отдела координации социальных учреждений и специальных социальных услуг | D39: Р. Сейдакбар
C40: (подпись)
B41: И.о руководитель отдела по работе с лицами с инвалидностью и ветеранами | D41: А. Мокенова
C42: (подпись)
B43: И.о руководитель отдела назначения и выплат по социальной помощи | D43: А. Байырбекова
C44: (подпись)

Sheet 002
G1: Бюджеттік сұранымды жасау, ұсыну және қарау қағидаларына №4-қосымша
B2: Бюджеттік бағдарлама паспорты
B3: 333 Шымкент қаласының жұмыспен қамту және әлеуметтік қорғау басқармасы
B4: бюджеттiк бағдарлама әкiмшiсiнiң коды және атауы
B5: 2026 - 2028 жылдарға арналған
B6: Бюджеттік бағдарламаның коды мен атауы: | C6: 002 - «Жалпы үлгідегі медициналық-әлеуметтік мекемелерде (ұйымдарда), арнаулы әлеуметтік қызметтер көрсету орталықтарында, әлеуметтік қызмет көрсету орталықтарында қарттар мен мүгедектігі бар адамдарға арнаулы әлеуметтік қызметтер көрсету»
B7: Мемлекеттік органдар функцияларының тізіліміне сәйкес мемлекеттік орган функциясының (функцияларының) коды мен атауы: | C7: 06 - «Әлеуметтiк көмек және әлеуметтiк қамсыздандыру»
B8: Мемлекеттік көрсетілетін қызметтер тізіліміне сәйкес мемлекеттік көрсетілетін қызметтің коды мен атауы: | C8: 705009 - "Арнаулы әлеуметтік қызметтер көрсету орталықтарында арнаулы әлеуметтік көрсетілетін қызметтерге құжаттарды ресімдеу"
B9: Сипаттама (негіздеме), оның ішінде ағымдағы мәртебе: | C9: Психоневрологиялық ауытқулары бар бір жарым жастан он сегіз жасқа дейінгі мүгедектігі бар балаларға жартылай стационарлық жағдайда, үйде қызметтер көрсету жағдайында арнаулы әлеуметтік қызметтерін көрсету; Зейнеткерлік жастағы адамдардың физикалық және психикалық денсаулығын ұзарту мақсатында, оларды белсенді мәдени, шығармашылық, спорттық және іскерлік өмірге әлеуметтендіруді жүзеге асыру; Бірінші және екінші топтағы мүгедектігі бар адамдарға және егде жасына байланысты өзіне қызмет көрсетуге мүмкіндігі жоқ адамдарға және зейнеткерлік жастағы адамдардың физикалық және психикалық денсаулығын ұзарту, оларды белсенді мәдени, шығармашылық, спорттық және іскерлік өмірге әлеуметтендіру функцияларын жүзеге асыру мақсатында стационарлық және жартылай стационарлық жағдайда арнаулы әлеуметтік қызметтерін көрсету; Жасы бойынша зейнеткерлік жасқа жеткен адамдардың қысқа мерзімде демалуын және емделуін жүзеге асыру.
B10: Бюджеттік бағдарламаның түрі:
B11: мазмұнына байланысты: | C11: Мемлекеттік функцияларды, өкілеттіктерді жүзеге асыруға және олардан туындайтын мемлекеттік қызметтерді көрсетуге бағытталған бюджеттік бағдарлама
B12: мемлекеттік басқару деңгейіне байланысты: | C12: Республикалық маңызы бар қаланың бюджеті
B13: іске асыру тәсіліне байланысты: | C13: Жеке
B14: ағымдағы/даму | C14: ағымдағы
H15: (мың теңге)
B16: Көрсеткіштердің атауы | C16: Факт 2024 жыл | D16: 2025 жылғы есепті кезең | F16: Жоспарлы кезең
D17: Бекітілген | E17: Нақтыланған | F17: 2026 жыл | G17: 2027 жыл | H17: 2028 жыл
B18: Мемлекеттік жоспарлау жүйесі құжаттарының, бюджеттік бағдарлама әкімшісінің қызметінің көрсеткіштерін белгілейтін меншікті құжаттардың нысаналы индикаторы:
B19: Бюджеттік бағдарламаның түпкілікті нәтижесі:
B20: Бюджеттік бағдарламаның түпкілікті нәтижесінің нысаналы индикаторлардан ауытқуы
B21: Мемлекеттік жоспарлау жүйесінің құжаттарына, бюджеттік бағдарлама әкімшісінің қызметінің көрсеткіштерін белгілейтін меншікті құжаттарға сәйкес бюджет қаражатына қажеттілік
B22: Жоспар | C22: 2176135 | D22: 2371547.3 | E22: 2476729 | F22: 3102053 | G22: 3340618.2 | H22: 3409048.8
B23: Нысаналы индикаторларға қол жеткізу үшін жоспардың жоспарланған қаражаттан ауытқуы
B25: Бюджеттік кіші бағдарламаның коды мен атауы: 015 «Жергілікті бюджет қаражаты есебінен»
B26: 2026 жылға 3 102 053,0 мың теңге
B27: Іс-шаралар, барлығы, оның ішінде | E27: Іс-шара көрсеткіші | F27: Мемлекеттік жоспарлау жүйелері құжатының көрсеткіші (бар болған жағдайда) | G27: Ауытқу (бар болған жағдайда) | H27: Шығыстар сомасы мың тенге
B28: «Аялы алақан балалар орталығы» КММ-сі бойынша | H28: =SUM(H29) -> 443065 | J28: =SUM(H28+H31+H34+H40+H47+H51+H54+H37) -> 3102053
B29: Жартылай стационарлық жағдайда психоневрологиялық ауытқулары бар 1,5 жастан 18 жасқа дейінгі мүгедектігі бар балалар саны: | E29: 115 | H29: =441065+2000 -> 443065
B30: Еңбек ақылар төленетін азаматтық қызметшілердің саны | E30: 121
B31: «Балауса балалар орталығы» КММ-сі бойынша | H31: =SUM(H32) -> 632299
B32: Жартылай стационарлық жағдайда психоневрологиялық ауытқулары бар 1,5 жастан 18 жасқа дейінгі мүгедектігі бар балалар саны: | E32: 150 | H32: =740273+2000+2374-112348 -> 632299
B33: Еңбек ақылар төленетін азаматтық қызметшілердің саны | E33: 122
B34: «Шапағат» КММ-сі бойынша | H34: =SUM(H35) -> 208079
B35: Жартылай стационарлық жағдайда 18 жастан асқан I және II топтағы мүгедектігі бар азаматтарға тәуліктің күндізгі уақытында ұзақ немесе уақытша (1 айға дейінгі мерзімге) болуына арналған арнаулы әлеуметтік қызметтер көрсетілетін адамдар саны | E35: 70 | H35: =203972+2000+2107 -> 208079
B36: Еңбек ақылар төленетін азаматтық қызметшілердің саны | E36: 48.5
B37: «Қарттар үйі» КММ-сі бойынша | H37: =SUM(H38) -> 349996
B38: Стационарлық жағдайда егде жастағы адамдарға (қарттарға) және I және II топтағы мүгедектігі бар адамдар саны | E38: 70 | H38: =347996+2000 -> 349996
B39: Еңбек ақылар төленетін азаматтық қызметшілердің саны | E39: 65
B40: «Үйде қызметтер көрсету орталығы» КММ-сі бойынша | H40: =SUM(H41) -> 536343
B41: Үйде күтім көрсету жағдайында арнаулы әлеуметтік қызметпен қамтылатын адамдар саны, оның ішінде: | E41: =SUM(E42:E45) -> 956 | H41: =534343+2000 -> 536343
B42: тірек-қозғалу функциялары бұзылған және психоневрологиялық ауытқуы бар 1,5 жастан 18 жасқа дейінгі мүгедектігі бар балалар; | E42: 111
B43: психоневрологиялық ауытқуы бар мүгедектігі бар балалар; | E43: 70
B44: үйде қызмет көрсетуге мұқтаж егде жастағы қарттар; | E44: 595
B45: I,II топтағы 18 жастан асқан психоневрологиялық ауытқуы бар мүгедектігі бар адамдар; | E45: 180
B46: Еңбек ақылар төленетін азаматтық қызметшілердің саны | E46: 154
B47: «Белсенді ұзақ өмір орталығы» КММ-сі бойынша | H47: =SUM(H48) -> 376098
B48: Жартылай стационарлық жағдайда жасына байланысты өзіне қызмет көрсетуге мүмкіндігі жоқ егде жастағы азаматтар; | E48: 25 | H48: =380570+3000+1663-9135 -> 376098
B49: Зейнет жасындағы азаматтар; | E49: 435
B50: Еңбек ақылар төленетін азаматтық қызметшілердің саны | E50: 75.5
B51: «Ten Qogam» әлеуметтік қолдау орталығы» КММ-сі бойынша | H51: =SUM(H52) -> 95096
B52: Мүгедектігі бар адамдарға ақпараттық-консультациялық әлеуметтік, психологиялық көрсетілетін қызметтер көрсету | E52: 15 | H52: =92623+2000+473 -> 95096
B53: Еңбек ақылар төленетін азаматтық қызметшілердің саны | E53: 28
B54: «Ізетті зейнеткер» КММ-сі бойынша | H54: =SUM(H55) -> 461077
B55: Жасы бойынша зейнеткерлік жасқа жеткен адамдардың қысқа мерзімде демалу мен емделу қызметтерін көрсету (адам саны) | E55: 120 | H55: =459077+2000 -> 461077
B56: Еңбек ақылар төленетін азаматтық қызметшілердің саны | E56: 60
B58: 2027 жылға 3 340 618,0 мың теңге
B59: Іс-шаралар, барлығы, оның ішінде | E59: Іс-шара көрсеткіші | F59: Мемлекеттік жоспарлау жүйелері құжатының көрсеткіші (бар болған жағдайда) | G59: Ауытқу (бар болған жағдайда) | H59: Шығыстар сомасы мың тенге
B60: Әлеуметтік орталықтардағы қызмет алушылардың жалпы саны | E60: 1917 | H60: 3340618
B61: Еңбек ақылар төленетін азаматтық қызметшілердің жалпы саны | E61: 674
B63: 2028 жылға 3 409 049,0 мың теңге
B64: Іс-шаралар, барлығы, оның ішінде | E64: Іс-шара көрсеткіші | F64: Мемлекеттік жоспарлау жүйелері құжатының көрсеткіші (бар болған жағдайда) | G64: Ауытқу (бар болған жағдайда) | H64: Шығыстар сомасы мың тенге
B65: Әлеуметтік орталықтардағы қызмет алушылардың жалпы саны | E65: 1917 | H65: 3409049
B66: Еңбек ақылар төленетін азаматтық қызметшілердің жалпы саны | E66: 674
B70: Басқарма басшысының орынбасары | D70: К. Калдыкараев
C71: (қолы)
B72: Шоғырландырылған қаржылық есептілікті қалыптастыру және бюджеттік жоспарлау бөлімінің басшысы | D72: К. Даулбаева
C73: (қолы)
B74: Әлеуметтік мекемелерді және арнаулы әлеуметтік қызметтерді үйлестіру бөлімінің басшысы | D74: Р. Сейдакбар
C75: (қолы)
B76: Мүгедектігі бар азаматтармен және ардагерлермен жұмыс жөніндегі бөлімнің басшысы | D76: М. Карибаева
C77: (қолы)

Sheet 002-рус
F1: Приложение 4 к Правилам составления, представления, рассмотрения бюджетного запроса
B2: Паспорт бюджетной программы
B3: 333 Управление занятости и социальной защиты города Шымкента
B4: Код и наименование администратора бюджетных программ
B5: на 2026 - 2028 годы
B6: Код и наименование бюджетной программы: | C6: 002 - «Предоставление специальных социальных услуг для престарелых и лиц с инвалидностью в медико-социальных учреждениях (организациях) общего типа, в центрах оказания специальных социальных услуг, в центрах социального обслуживания»
B7: Код и наименование функции (функций) государственного органа (в соответствии с реестром функций государственных органов): | C7: 06 - «Социальная помощь и социальное обеспечение»
B8: Код и наименование государственной услуги (в соответствии с реестром государственных услуг): | C8: 705009 — «Оформление документов на получение специальных социальных услуг в центрах оказания специальных социальных услуг»
B9: Описание (обоснование), в том числе текущий статус: | C9: Предоставление специальных социальных услуг детям с инвалидностью в возрасте от 1,5 до 18 лет с психоневрологическими нарушениями в условиях полустационара и на дому. Осуществление мероприятий, направленных на продление физического и психического здоровья лиц пенсионного возраста, их социализацию и вовлечение в активную культурную, творческую, спортивную и общественную жизнь. Предоставление специальных социальных услуг лицам с инвалидностью первой и второй групп, а также лицам, неспособным к самообслуживанию в связи с преклонным возрастом, в условиях стационара и полустационара в целях поддержания их физического и психического здоровья, социализации и вовлечения в активную культурную, творческую, спортивную и общественную жизнь. Обеспечение краткосрочного отдыха и оздоровления лиц, достигших пенсионного возраста.
B10: Вид бюджетной программы:
B11: в зависимости от содержания: | C11: Бюджетная программа, направленная на осуществление государственных функций, полномочий и оказание вытекающих из них государственных услуг
B12: в зависимости от уровня государственного управления: | C12: Бюджет города республиканского значения
B13: в зависимости от способа реализации: | C13: Индивидуальная
B14: текущая/развития | C14: Текущий
H15: (тыс. тенге)
B16: Наименование показателей | C16: Факт 2024 год | D16: План текущего 2025 года | F16: Плановый период
D17: Утвержденный | E17: Уточненный | F17: 2026 год | G17: 2027 год | H17: 2028 год
B18: Целевой индикатор документов Системы государственного планирования, собственных документов, устанавливающих показатели деятельности администратора бюджетных программ:
B19: Конечный результат бюджетной программы:
B20: Отклонение конечного результата бюджетной программы от целевого индикатора
B21: Потребность в бюджетных средствах согласно документам Системы государственного планирования, собственных документов, устанавливающих показатели деятельности администратора бюджетных программ
B22: План | C22: 2176135 | D22: 2371547.3 | E22: 2476729 | F22: 3102053 | G22: 3340618.2 | H22: 3409048.8
B23: Отклонение плана от запланированных средств для достижения целевых индикаторов
B25: Код и наименование бюджетной подпрограммы: 015 «За счет средств местного бюджета»
B26: на 2026 год 3 102 053,0 тыс. тенге
B27: Мероприятия, всего, в том числе: | E27: Показатель мероприятия | F27: Показатель документа Системы государственного планирования (при наличии) | G27: Отклонение (при наличии) | H27: Расходы тыс. тенге
B28: По КГУ «Детский центр Аялы алакан» | H28: =SUM(H29) -> 443065 | J28: =SUM(H28+H31+H34+H37+H40+H47+H51+H54) -> 3102053
B29: Количество детей с инвалидностью от 1,5 до 18 лет с психоневрологическими отклонениями в полустационарных условиях | E29: =SUM('002'!E29) -> 115 | H29: =SUM('002'!H29:H30) -> 443065
B30: Количество гражданских служащих, которым выплачивается заработная плата | E30: =SUM('002'!E30) -> 121
B31: По КГУ «Детский центр Балауса» | H31: =SUM(H32) -> 632299
B32: Количество детей с инвалидностью от 1,5 до 18 лет с психоневрологическими отклонениями в полустационарных условиях | E32: =SUM('002'!E32) -> 150 | H32: =SUM('002'!H32:H33) -> 632299
B33: Количество гражданских служащих, которым выплачивается заработная плата | E33: =SUM('002'!E33) -> 122
B34: По КГУ «Шапағат» | H34: =SUM(H35) -> 208079
B35: Количество лиц, которым в полустационарных условиях предоставляются специальные социальные услуги на длительное или временное (на срок до 1 месяца) пребывание в дневное время суток гражданам с инвалидностью I и II групп старше 18 лет | E35: =SUM('002'!E35) -> 70 | H35: =SUM('002'!H35:H36) -> 208079
B36: Количество гражданских служащих, которым выплачивается заработная плата | E36: =SUM('002'!E36) -> 48.5
B37: По КГУ «Дом престарелых» | H37: =SUM(H38) -> 349996
B38: Количество лиц, имеющих инвалидность I и II групп и лиц пожилого возраста (престарелых) в стационарных условиях | E38: =SUM('002'!E38) -> 70 | H38: =SUM('002'!H38:H39) -> 349996
B39: Количество гражданских служащих, которым выплачивается заработная плата | E39: =SUM('002'!E39) -> 65
B40: По КГУ «Центр услуг на дому» | H40: =SUM(H41) -> 536343
B41: Количество лиц, охваченных специальными социальными услугами в условиях ухода на дому, в том числе: | E41: =SUM(E42:E45) -> 956 | H41: =SUM('002'!H41:H46) -> 536343
B42: дети с инвалидностью от 1,5 до 18 лет с нарушением опорно-двигательных функций и психоневрологическими отклонениями; | E42: =SUM('002'!E42) -> 111
B43: дети с инвалидностью с психоневрологическими отклонениями; | E43: =SUM('002'!E43) -> 70
B44: пожилые люди, нуждающиеся в обслуживании на дому; | E44: =SUM('002'!E44) -> 595
B45: Лица с инвалидностью с психоневрологическими отклонениями I,II групп старше 18 лет; | E45: =SUM('002'!E45) -> 180
B46: Количество гражданских служащих, которым выплачивается заработная плата | E46: 154
B47: По КГУ «Центр активного долголетия» | H47: =SUM(H48) -> 376098
B48: Граждане пожилого возраста, не имеющие возможности самостоятельно обслуживать себя по возрасту в полустационарных условиях | E48: =SUM('002'!E48) -> 25 | H48: =SUM('002'!H48:H50) -> 376098
B49: Количество лиц пенсионного возраста | E49: =SUM('002'!E49) -> 435
B50: Количество гражданских служащих, которым выплачивается заработная плата | E50: =SUM('002'!E50) -> 75.5
B51: По КГУ "Центр социальной поддержки "Ten Qogam" | H51: =SUM(H52) -> 95096
B52: Оказание информационно-консультационных социальных, психологических услуг лицам с инвалидностью | E52: =SUM('002'!E52) -> 15 | H52: =SUM('002'!H52:H53) -> 95096
B53: Количество гражданских служащих, которым выплачивается заработная плата | E53: =SUM('002'!E53) -> 28
B54: По КГУ «Ізетті зейнеткер» | H54: =SUM(H55) -> 461077
B55: Оказание услуг по краткосрочному отдыху и лечению лиц, достигших пенсионного возраста по возрасту (количество человек) | E55: =SUM('002'!E55) -> 120 | H55: =SUM('002'!H55:H56) -> 461077
B56: Количество гражданских служащих, которым выплачивается заработная плата | E56: =SUM('002'!E56) -> 60
B58: на 2027 год 3 340 618,0 тыс. тенге
B59: Мероприятия, всего, в том числе: | E59: Показатель мероприятия | F59: Показатель документа Системы государственного планирования (при наличии) | G59: Отклонение (при наличии) | H59: Расходы тыс. тенге
B60: Общее количество получателей услуг в социальных центрах | E60: 1917 | H60: 3340618
B61: Общее количество гражданских служащих, которым выплачивается заработная плата | E61: 674
B63: на 2028 год 3 409 049,0 тыс. тенге
B64: Мероприятия, всего, в том числе: | E64: Показатель мероприятия | F64: Показатель документа Системы государственного планирования (при наличии) | G64: Отклонение (при наличии) | H64: Расходы тыс. тенге
B65: Общее количество получателей услуг в социальных центрах | E65: 1917 | H65: 3409049
B66: Общее количество гражданских служащих, которым выплачивается заработная плата | E66: 674
B70: Заместитель руководителя управления | D70: К. Калдыкараев
C71: (подпись)
B72: Руководитель отдела формирование консолидированная финансовая отчетность и планирования бюджета | D72: К. Даулбаева
C73: (подпись)
B74: Руководитель отдела координации социальных учреждений и специальных социальных услуг | D74: Р. Сейдакбар
C75: (подпись)
B76: Мүгедектігі бар азаматтармен және ардагерлермен жұмыс жөніндегі бөлімнің басшысы | D76: М. Карибаева
C77: (қолы)

Sheet 002+-рус
F1: Приложение 4 к Правилам составления, представления, рассмотрения бюджетного запроса
B2: Паспорт бюджетной программы
B3: 333 Управление занятости и социальной защиты города Шымкента
B4: Код и наименование администратора бюджетных программ
B5: на 2026 - 2028 годы
B6: Код и наименование бюджетной программы: | C6: 002 - «Предоставление специальных социальных услуг для престарелых и лиц с инвалидностью в медико-социальных учреждениях (организациях) общего типа, в центрах оказания специальных социальных услуг, в центрах социального обслуживания»
B7: Код и наименование функции (функций) государственного органа (в соответствии с реестром функций государственных органов): | C7: 06 - «Социальная помощь и социальное обеспечение»
B8: Код и наименование государственной услуги (в соответствии с реестром государственных услуг): | C8: 705009 — «Оформление документов на получение специальных социальных услуг в центрах оказания специальных социальных услуг»
B9: Описание (обоснование), в том числе текущий статус: | C9: Предоставление специальных социальных услуг детям с инвалидностью в возрасте от 1,5 до 18 лет с психоневрологическими нарушениями в условиях полустационара и на дому. Осуществление мероприятий, направленных на продление физического и психического здоровья лиц пенсионного возраста, их социализацию и вовлечение в активную культурную, творческую, спортивную и общественную жизнь. Предоставление специальных социальных услуг лицам с инвалидностью первой и второй групп, а также лицам, неспособным к самообслуживанию в связи с преклонным возрастом, в условиях стационара и полустационара в целях поддержания их физического и психического здоровья, социализации и вовлечения в активную культурную, творческую, спортивную и общественную жизнь. Обеспечение краткосрочного отдыха и оздоровления лиц, достигших пенсионного возраста.
B10: Вид бюджетной программы:
B11: в зависимости от содержания: | C11: Бюджетная программа, направленная на осуществление государственных функций, полномочий и оказание вытекающих из них государственных услуг
B12: в зависимости от уровня государственного управления: | C12: Бюджет города республиканского значения
B13: в зависимости от способа реализации: | C13: Индивидуальная
B14: текущая/развития | C14: Текущий
H15: (тыс. тенге)
B16: Наименование показателей | C16: Факт 2024 год | D16: План текущего 2025 года | F16: Плановый период
D17: Утвержденный | E17: Уточненный | F17: 2026 год | G17: 2027 год | H17: 2028 год
B18: Целевой индикатор документов Системы государственного планирования, собственных документов, устанавливающих показатели деятельности администратора бюджетных программ:
B19: Конечный результат бюджетной программы:
B20: Отклонение конечного результата бюджетной программы от целевого индикатора
B21: Потребность в бюджетных средствах согласно документам Системы государственного планирования, собственных документов, устанавливающих показатели деятельности администратора бюджетных программ
B22: План | C22: 2176135 | D22: 2371547.3 | E22: 2476729 | F22: 3102053 | G22: 3340618.2 | H22: 3409048.8
B23: Отклонение плана от запланированных средств для достижения целевых индикаторов
B25: Код и наименование бюджетной подпрограммы: 015 «За счет средств местного бюджета»
B26: на 2026 год 3 102 053,0 тыс. тенге
B27: Мероприятия, всего, в том числе: | D27: Показатель мероприятия | E27: Показатель документа Системы государственного планирования (при наличии) | F27: Отклонение (при наличии) | G27: Расходы тыс. тенге
B28: Количество детей с инвалидностью в возрасте от 1,5 до 18 лет с психоневрологическими нарушениями в условиях полустационара, в том числе: | D28: =SUM(D29:D30) -> 266
B29: По КГУ «Центр для детей «Аялы алақан» | D29: 116
B30: По КГУ «Центр для детей «Балауса» | D30: 150
B31: Количество лиц, охваченных специальными социальными услугами в условиях обслуживания на дому, по КГУ «Центр оказания услуг на дому»: | D31: =SUM(D32:D35) -> 948
B32: Дети с инвалидностью в возрасте от 1,5 до 18 лет с нарушениями опорно-двигательных функций и психоневрологическими нарушениями; | D32: 191
B33: Дети с инвалидностью с психоневрологическими нарушениями;
B34: Пожилые граждане, нуждающиеся в обслуживании на дому; | D34: 651
B35: Лица с инвалидностью I и II групп старше 18 лет с психоневрологическими нарушениями; | D35: 106
B36: Количество лиц пенсионного возраста, в том числе: по КГУ «Центр активного долголетия», | D36: =SUM(D37:D38) -> 460
B37: Пожилые граждане, неспособные к самообслуживанию в связи с преклонным возрастом, в условиях полустационара; | D37: 25
B38: Граждане пенсионного возраста; | D38: 435
B39: Количество пожилых граждан (престарелых) и лиц с инвалидностью I и II групп по КГУ «Дом престарелых», | D39: =SUM(D40) -> 70
B40: - В условиях стационара | D40: 70
B41: Количество лиц с инвалидностью I и II групп старше 18 лет, которым предоставляются специальные социальные услуги для длительного или временного (сроком до 1 месяца) пребывания в дневное время суток, по КГУ «Шапағат»: | D41: =SUM(D42) -> 70
B42: - В условиях полустационара | D42: 70
B43: Предоставление лицам с инвалидностью информационно-консультационных социальных и психологических услуг, по КГУ «Центр социальной поддержки «Ten Qogam» | D43: 15
B44: Предоставление услуг по краткосрочному отдыху и оздоровлению лицам, достигшим пенсионного возраста, по КГУ «Ізетті зейнеткер» | D44: 120
B45: Количество гражданских служащих, которым выплачивается заработная плата, в том числе: | D45: =SUM(D46:D53) -> 674
B46: по КГУ «Шапағат» | D46: 48.5
B47: По КГУ «Центр для детей «Аялы алақан» | D47: 121
B48: по КГУ «Центр оказания услуг на дому» | D48: 154
B49: по КГУ «Дом престарелых» | D49: 65
B50: По КГУ «Центр для детей «Балауса» | D50: 122
B51: по КГУ «Центр активного долголетия» | D51: 75.5
B52: по КГУ «Центр социальной поддержки «Ten Qogam» | D52: 28
B53: по КГУ «Ізетті зейнеткер» | D53: 60
B55: на 2027 год 3 340 618,0 тыс. тенге
B56: Мероприятия, всего, в том числе: | D56: Показатель мероприятия | E56: Показатель документа Системы государственного планирования (при наличии) | F56: Отклонение (при наличии) | G56: Расходы тыс. тенге
B57: Общее количество получателей услуг в социальных центрах | D57: 1917
B58: Общее количество гражданских служащих, которым выплачивается заработная плата | D58: 674
B60: на 2028 год 3 340 618,0 тыс. тенге
B61: Мероприятия, всего, в том числе: | D61: Показатель мероприятия | E61: Показатель документа Системы государственного планирования (при наличии) | F61: Отклонение (при наличии) | G61: Расходы тыс. тенге
B62: Общее количество получателей услуг в социальных центрах | D62: 1917
B63: Общее количество гражданских служащих, которым выплачивается заработная плата | D63: 674
B67: Заместитель руководителя управления | D67: К. Калдыкараев
C68: (подпись)
B69: Руководитель отдела формирование консолидированная финансовая отчетность и планирования бюджета | D69: К. Даулбаева
C70: (подпись)
B71: Руководитель отдела координации социальных учреждений и специальных социальных услуг | D71: Р. Сейдакбар
C72: (подпись)
B73: И.о руководитель отдела по работе с лицами с инвалидностью и ветеранами | D73: А. Мокенова
C74: (подпись)

Sheet 020
G1: Бюджеттік сұранымды жасау, ұсыну және қарау қағидаларына №4-қосымша
B2: Бюджеттік бағдарлама паспорты
B3: 333 Шымкент қаласының жұмыспен қамту және әлеуметтік қорғау басқармасы
B4: бюджеттiк бағдарлама әкiмшiсiнiң коды және атауы
B5: 2026 - 2028 жылдарға арналған
B6: Бюджеттік бағдарламаның коды мен атауы: | C6: 020 - «Психоневрологиялық медициналық-әлеуметтік мекемелерде (ұйымдарда), арнаулы әлеуметтік қызметтер көрсету орталықтарында, әлеуметтік қызмет көрсету орталықтарында психоневрологиялық аурулармен ауыратын мүгедектігі бар адамдар үшін арнаулы әлеуметтік қызметтер көрсету»
B7: Мемлекеттік органдар функцияларының тізіліміне сәйкес мемлекеттік орган функциясының (функцияларының) коды мен атауы: | C7: 06 - «Әлеуметтiк көмек және әлеуметтiк қамсыздандыру»
B8: Мемлекеттік көрсетілетін қызметтер тізіліміне сәйкес мемлекеттік көрсетілетін қызметтің коды мен атауы: | C8: 705009 - "Арнаулы әлеуметтік қызметтер көрсету орталықтарында арнаулы әлеуметтік көрсетілетін қызметтерге құжаттарды ресімдеу"
B9: Сипаттама (негіздеме), оның ішінде ағымдағы мәртебе: | C9: Психоневрологиялық аурулары бар он сегіз жастан асқан мүгедектігі бар адамдарға стационарлық және жартылай стационарлық жағдайда арнаулы әлеуметтік қызмет көрсету
B10: Бюджеттік бағдарламаның түрі:
B11: мазмұнына байланысты: | C11: Мемлекеттік функцияларды, өкілеттіктерді жүзеге асыруға және олардан туындайтын мемлекеттік қызметтерді көрсетуге бағытталған бюджеттік бағдарлама
B12: мемлекеттік басқару деңгейіне байланысты: | C12: Республикалық маңызы бар қаланың бюджеті
B13: іске асыру тәсіліне байланысты: | C13: Жеке
B14: ағымдағы/даму | C14: ағымдағы
H15: (мың теңге)
B16: Көрсеткіштердің атауы | C16: Факт 2024 жыл | D16: 2025 жылғы есепті кезең | F16: Жоспарлы кезең
D17: Бекітілген | E17: Нақтыланған | F17: 2026 жыл | G17: 2027 жыл | H17: 2028 жыл
B18: Мемлекеттік жоспарлау жүйесі құжаттарының, бюджеттік бағдарлама әкімшісінің қызметінің көрсеткіштерін белгілейтін меншікті құжаттардың нысаналы индикаторы:
B19: Бюджеттік бағдарламаның түпкілікті нәтижесі:
B20: Бюджеттік бағдарламаның түпкілікті нәтижесінің нысаналы индикаторлардан ауытқуы
B21: Мемлекеттік жоспарлау жүйесінің құжаттарына, бюджеттік бағдарлама әкімшісінің қызметінің көрсеткіштерін белгілейтін меншікті құжаттарға сәйкес бюджет қаражатына қажеттілік
B22: Жоспар | C22: 1633095 | D22: 1858907 | E22: 1913869 | F22: 2444680 | G22: 2407797.2 | H22: 2461883.8
B23: Нысаналы индикаторларға қол жеткізу үшін жоспардың жоспарланған қаражаттан ауытқуы
B25: Бюджеттік кіші бағдарламаның коды мен атауы: 015 «Жергілікті бюджет қаражаты есебінен»
B26: 2026 жылға 2 444 680,0 мың теңге
B27: Іс-шаралар, барлығы, оның ішінде | D27: Іс-шара көрсеткіші | E27: Мемлекеттік жоспарлау жүйелері құжатының көрсеткіші (бар болған жағдайда) | F27: Ауытқу (бар болған жағдайда) | G27: Шығыстар сомасы мың тенге
B28: «№1 стационар жағдайдағы орталығы» КММ-сі бойынша | G28: =SUM(G29) -> 837491 | J28: =SUM(G28+G31+G34+G37) -> 2444680
B29: Психоневрологиялық аурулары бар он сегіз жастан асқан мүгедектігі бар адамдарға стационарлық жағдайда арнаулы әлеуметтік қызмет алушылар саны | D29: 225 | G29: =835491+2000 -> 837491
B30: Еңбек ақылар төленетін азаматтық қызметшілердің саны | D30: 160.5
B31: «№2 стационар жағдайдағы орталығы» КММ-сі бойынша | G31: =SUM(G32) -> 900117
B32: Психоневрологиялық аурулары бар он сегіз жастан асқан мүгедектігі бар адамдарға стационарлық жағдайда арнаулы әлеуметтік қызмет алушылар саны | D32: 240 | G32: =891190+2000+6927 -> 900117
B33: Еңбек ақылар төленетін азаматтық қызметшілердің саны | D33: 161
B34: «№3 стационар жағдайдағы орталығы» КММ-сі бойынша | G34: =SUM(G35) -> 485186
B35: Психоневрологиялық аурулары бар он сегіз жастан асқан мүгедектігі бар адамдарға стационарлық жағдайда арнаулы әлеуметтік қызмет алушылар саны | D35: 100 | G35: =483186+2000 -> 485186
B36: Еңбек ақылар төленетін азаматтық қызметшілердің саны | D36: 85
B37: «Сенім» КММ-сі бойынша | G37: =SUM(G38) -> 221886
B38: Психоневрологиялық аурулары бар он сегіз жастан асқан мүгедектігі бар адамдарға жартылай стационарлық жағдайда арнаулы әлеуметтік қызмет алушылар саны | D38: 50 | G38: =224160+2270+2000-6544 -> 221886
B39: Еңбек ақылар төленетін азаматтық қызметшілердің саны | D39: 41
B41: 2027 жылға 2 407 797,0 мың теңге
B42: Іс-шаралар, барлығы, оның ішінде | D42: Іс-шара көрсеткіші | E42: Мемлекеттік жоспарлау жүйелері құжатының көрсеткіші (бар болған жағдайда) | F42: Ауытқу (бар болған жағдайда) | G42: Шығыстар сомасы мың тенге
B43: Әлеуметтік орталықтардағы қызмет алушылардың жалпы саны | D43: 615 | G43: 2407797
B44: Еңбек ақылар төленетін азаматтық қызметшілердің жалпы саны | D44: 447.5
B46: 2028 жылға 2 461 884,0 мың теңге
B47: Іс-шаралар, барлығы, оның ішінде | D47: Іс-шара көрсеткіші | E47: Мемлекеттік жоспарлау жүйелері құжатының көрсеткіші (бар болған жағдайда) | F47: Ауытқу (бар болған жағдайда) | G47: Шығыстар сомасы мың тенге
B48: Әлеуметтік орталықтардағы қызмет алушылардың жалпы саны | D48: 615 | G48: 2461884
B49: Еңбек ақылар төленетін азаматтық қызметшілердің жалпы саны | D49: 447.5
B53: Басқарма басшысының орынбасары | D53: К. Калдыкараев
C54: (қолы)
B55: Шоғырландырылған қаржылық есептілікті қалыптастыру және бюджеттік жоспарлау бөлімінің басшысы | D55: К. Даулбаева
C56: (қолы)
B57: Әлеуметтік мекемелерді және арнаулы әлеуметтік қызметтерді үйлестіру бөлімінің басшысы | D57: Р. Сейдакбар
C58: (қолы)

Sheet 020-рус
F1: Приложение 4 к Правилам составления, представления, рассмотрения бюджетного запроса
B2: Паспорт бюджетной программы
B3: 333 Управление занятости и социальной защиты города Шымкента
B4: Код и наименование администратора бюджетных программ
B5: на 2026 - 2028 годы
B6: Код и наименование бюджетной программы: | C6: 020 - «Предоставление специальных социальных услуг для лиц с инвалидностью с психоневрологическими заболеваниями, в психоневрологических медико-социальных учреждениях (организациях), в центрах оказания специальных социальных услуг, в центрах социального обслуживания»
B7: Код и наименование функции (функций) государственного органа (в соответствии с реестром функций государственных органов): | C7: 06 - «Социальная помощь и социальное обеспечение»
B8: Код и наименование государственной услуги (в соответствии с реестром государственных услуг): | C8: 705009 — «Оформление документов на получение специальных социальных услуг в центрах оказания специальных социальных услуг»
B9: Описание (обоснование), в том числе текущий статус: | C9: Предоставление специальных социальных услуг лицам с инвалидностью старше 18 лет с психоневрологическими заболеваниями в условиях стационара и полустационара
B10: Вид бюджетной программы:
B11: в зависимости от содержания: | C11: Бюджетная программа, направленная на осуществление государственных функций, полномочий и оказание вытекающих из них государственных услуг
B12: в зависимости от уровня государственного управления: | C12: Бюджет города республиканского значения
B13: в зависимости от способа реализации: | C13: Индивидуальная
B14: текущая/развития | C14: Текущий
H15: (тыс. тенге)
B16: Наименование показателей | C16: Факт 2024 год | D16: План текущего 2025 года | F16: Плановый период
D17: Утвержденный | E17: Уточненный | F17: 2026 год | G17: 2027 год | H17: 2028 год
B18: Целевой индикатор документов Системы государственного планирования, собственных документов, устанавливающих показатели деятельности администратора бюджетных программ:
B19: Конечный результат бюджетной программы:
B20: Отклонение конечного результата бюджетной программы от целевого индикатора
B21: Потребность в бюджетных средствах согласно документам Системы государственного планирования, собственных документов, устанавливающих показатели деятельности администратора бюджетных программ
B22: План | C22: 1633095 | D22: 1858907 | E22: 1913869 | F22: 2444680 | G22: 2407797.2 | H22: 2461883.8
B23: Отклонение плана от запланированных средств для достижения целевых индикаторов
B25: Код и наименование бюджетной подпрограммы: 015 «За счет средств местного бюджета»
B26: на 2026 год 2 444 680,0 тыс. тенге
B27: Мероприятия, всего, в том числе: | D27: Показатель мероприятия | E27: Показатель документа Системы государственного планирования (при наличии) | F27: Отклонение (при наличии) | G27: Расходы тыс. тенге
B28: По КГУ «Центр №1 в условиях стационара» | G28: =SUM(G29) -> 837491
B29: Количество получателей специальных социальных услуг в условиях стационара среди лиц с инвалидностью старше 18 лет с психоневрологическими заболеваниям | D29: =SUM('020'!D29) -> 225 | G29: =SUM('020'!G29:G30) -> 837491
B30: Количество гражданских служащих, которым выплачивается заработная плата | D30: =SUM('020'!D30) -> 160.5
B31: По КГУ «Центр №2 в условиях стационара» | G31: =SUM(G32) -> 900117
B32: Количество получателей специальных социальных услуг в условиях стационара среди лиц с инвалидностью старше 18 лет с психоневрологическими заболеваниям | D32: =SUM('020'!D32) -> 240 | G32: =SUM('020'!G32:G33) -> 900117
B33: Количество гражданских служащих, которым выплачивается заработная плата | D33: =SUM('020'!D33) -> 161
B34: По КГУ «Центр №3 в условиях стационара» | G34: =SUM(G35) -> 485186
B35: Количество получателей специальных социальных услуг в условиях стационара среди лиц с инвалидностью старше 18 лет с психоневрологическими заболеваниям | D35: =SUM('020'!D35) -> 100 | G35: =SUM('020'!G35:G36) -> 485186
B36: Количество гражданских служащих, которым выплачивается заработная плата | D36: 121
B37: По КГУ «Сенім» | G37: =SUM(G38) -> 221886
B38: Количество получателей специальных социальных услуг в условиях полустационара среди лиц с инвалидностью старше 18 лет с психоневрологическими заболеваниям | D38: =SUM('020'!D38) -> 50 | G38: =SUM('020'!G38:G39) -> 221886
B39: Количество гражданских служащих, которым выплачивается заработная плата | D39: 121
B41: на 2027 год 2 407 797,0 тыс. тенге
B42: Мероприятия, всего, в том числе: | D42: Показатель мероприятия | E42: Показатель документа Системы государственного планирования (при наличии) | F42: Отклонение (при наличии) | G42: Расходы тыс. тенге
B43: Общее количество получателей услуг в социальных центрах | D43: 615 | G43: =SUM('020'!G43:G44) -> 2407797
B44: Общее количество гражданских служащих, которым выплачивается заработная плата | D44: 447.5
B46: на 2028 год 2 461 884,0 тыс. тенге
B47: Мероприятия, всего, в том числе: | D47: Показатель мероприятия | E47: Показатель документа Системы государственного планирования (при наличии) | F47: Отклонение (при наличии) | G47: Расходы тыс. тенге
B48: Общее количество получателей услуг в социальных центрах | D48: 615 | G48: =SUM('020'!G48:G49) -> 2461884
B49: Общее количество гражданских служащих, которым выплачивается заработная плата | D49: 447.5
B53: Заместитель руководителя управления | D53: К. Калдыкараев
C54: (подпись)
B55: Руководитель отдела формирование консолидированная финансовая отчетность и планирования бюджета | D55: К. Даулбаева
C56: (подпись)
B57: Руководитель отдела координации социальных учреждений и специальных социальных услуг | D57: Р. Сейдакбар
C58: (подпись)

Sheet 022
G1: Бюджеттік сұранымды жасау, ұсыну және қарау қағидаларына №4-қосымша
B2: Бюджеттік бағдарлама паспорты
B3: 333 Шымкент қаласының жұмыспен қамту және әлеуметтік қорғау басқармасы
B4: бюджеттiк бағдарлама әкiмшiсiнiң коды және атауы
B5: 2026 - 2028 жылдарға арналған
B6: Бюджеттік бағдарламаның коды мен атауы: | C6: 022 - «Балалар психоневрологиялық медициналық-әлеуметтік мекемелерінде (ұйымдарда), арнаулы әлеуметтік қызметтер көрсету орталықтарында, әлеуметтік қызмет көрсету орталықтарында психоневрологиялық патологиялары бар мүгедектігі бар балалар үшін арнаулы әлеуметтік қызметтер көрсету»
B7: Мемлекеттік органдар функцияларының тізіліміне сәйкес мемлекеттік орган функциясының (функцияларының) коды мен атауы: | C7: 06 - «Әлеуметтiк көмек және әлеуметтiк қамсыздандыру»
B8: Мемлекеттік көрсетілетін қызметтер тізіліміне сәйкес мемлекеттік көрсетілетін қызметтің коды мен атауы: | C8: 705009 - "Арнаулы әлеуметтік қызметтер көрсету орталықтарында арнаулы әлеуметтік көрсетілетін қызметтерге құжаттарды ресімдеу"
B9: Сипаттама (негіздеме), оның ішінде ағымдағы мәртебе: | C9: Психоневрологиялық ауытқулары бар бір жарым жастан он сегіз жасқа дейінгі мүгедектігі бар балаларға стационарлық және жартылай стационарлық жағдайда арнаулы әлеуметтік қызмет көрсету
B10: Бюджеттік бағдарламаның түрі:
B11: мазмұнына байланысты: | C11: Мемлекеттік функцияларды, өкілеттіктерді жүзеге асыруға және олардан туындайтын мемлекеттік қызметтерді көрсетуге бағытталған бюджеттік бағдарлама
B12: мемлекеттік басқару деңгейіне байланысты: | C12: Республикалық маңызы бар қаланың бюджеті
B13: іске асыру тәсіліне байланысты: | C13: Жеке
B14: ағымдағы/даму | C14: ағымдағы
H15: (мың теңге)
B16: Көрсеткіштердің атауы | C16: Факт 2024 жыл | D16: 2025 жылғы есепті кезең | F16: Жоспарлы кезең
D17: Бекітілген | E17: Нақтыланған | F17: 2026 жыл | G17: 2027 жыл | H17: 2028 жыл
B18: Мемлекеттік жоспарлау жүйесі құжаттарының, бюджеттік бағдарлама әкімшісінің қызметінің көрсеткіштерін белгілейтін меншікті құжаттардың нысаналы индикаторы:
B19: Бюджеттік бағдарламаның түпкілікті нәтижесі:
B20: Бюджеттік бағдарламаның түпкілікті нәтижесінің нысаналы индикаторлардан ауытқуы
B21: Мемлекеттік жоспарлау жүйесінің құжаттарына, бюджеттік бағдарлама әкімшісінің қызметінің көрсеткіштерін белгілейтін меншікті құжаттарға сәйкес бюджет қаражатына қажеттілік
B22: Жоспар | C22: 1065034 | D22: 1170287 | E22: 1133507 | F22: 1177674 | G22: 1201649 | H22: 1217605
B23: Нысаналы индикаторларға қол жеткізу үшін жоспардың жоспарланған қаражаттан ауытқуы
B25: Бюджеттік кіші бағдарламаның коды мен атауы: 015 «Жергілікті бюджет қаражаты есебінен»
B26: 2026 жылға 1 177 674,0 мың теңге
B27: Іс-шаралар, барлығы, оның ішінде | D27: Іс-шара көрсеткіші | E27: Мемлекеттік жоспарлау жүйелері құжатының көрсеткіші (бар болған жағдайда) | F27: Ауытқу (бар болған жағдайда) | G27: Шығыстар сомасы мың тенге
B28: Психоневрологиялық ауытқулары бар 1,5 жастан 18 жасқа дейінгі мүгедектігі бар балалар саны, оның ішінде: «Қолдау балалар орталығы» КММ-сі бойынша | D28: =SUM(D29:D30) -> 180 | G28: =1177674 -> 1177674
B29: - Стационарлық жағдайда | D29: 110
B30: - Жартылай стационарлық жағдайда | D30: 70
B31: Еңбек ақылар төленетін азаматтық қызметшілердің саны, оның ішінде: | D31: 290
B33: 2027 жылға 1 201 649,0 мың теңге
B34: Іс-шаралар, барлығы, оның ішінде | D34: Іс-шара көрсеткіші | E34: Мемлекеттік жоспарлау жүйелері құжатының көрсеткіші (бар болған жағдайда) | F34: Ауытқу (бар болған жағдайда) | G34: Шығыстар сомасы мың тенге
B35: «Қолдау балалар орталығы» КММ-сі бойынша қызмет алушылардың жалпы саны | D35: 180 | G35: 1201649
B36: Еңбек ақылар төленетін азаматтық қызметшілердің жалпы саны | D36: 290
B38: 2028 жылға 1 217 605,0 мың теңге
B39: Іс-шаралар, барлығы, оның ішінде | D39: Іс-шара көрсеткіші | E39: Мемлекеттік жоспарлау жүйелері құжатының көрсеткіші (бар болған жағдайда) | F39: Ауытқу (бар болған жағдайда) | G39: Шығыстар сомасы мың тенге
B40: «Қолдау балалар орталығы» КММ-сі бойынша қызмет алушылардың жалпы саны | D40: 180 | G40: 1217605
B41: Еңбек ақылар төленетін азаматтық қызметшілердің жалпы саны | D41: 290
B45: Басқарма басшысының орынбасары | D45: К. Калдыкараев
C46: (қолы)
B47: Шоғырландырылған қаржылық есептілікті қалыптастыру және бюджеттік жоспарлау бөлімінің басшысы | D47: К. Даулбаева
C48: (қолы)
B49: Әлеуметтік мекемелерді және арнаулы әлеуметтік қызметтерді үйлестіру бөлімінің басшысы | D49: Р. Сейдакбар
C50: (қолы)

Sheet 022-рус
F1: Приложение 4 к Правилам составления, представления, рассмотрения бюджетного запроса
B2: Паспорт бюджетной программы
B3: 333 Управление занятости и социальной защиты города Шымкента
B4: Код и наименование администратора бюджетных программ
B5: на 2026 - 2028 годы
B6: Код и наименование бюджетной программы: | C6: 022 - «Предоставление специальных социальных услуг для детей с инвалидностью с психоневрологическими патологиями в детских психоневрологических медико-социальных учреждениях (организациях), в центрах оказания специальных социальных услуг, в центрах социального обслуживания»
B7: Код и наименование функции (функций) государственного органа (в соответствии с реестром функций государственных органов): | C7: 06 - «Социальная помощь и социальное обеспечение»
B8: Код и наименование государственной услуги (в соответствии с реестром государственных услуг): | C8: 705009 — «Оформление документов на получение специальных социальных услуг в центрах оказания специальных социальных услуг»
B9: Описание (обоснование), в том числе текущий статус: | C9: Предоставление специальных социальных услуг детям с инвалидностью в возрасте от 1,5 до 18 лет с психоневрологическими нарушениями в условиях стационара и полустационара.
B10: Вид бюджетной программы:
B11: в зависимости от содержания: | C11: Бюджетная программа, направленная на осуществление государственных функций, полномочий и оказание вытекающих из них государственных услуг
B12: в зависимости от уровня государственного управления: | C12: Бюджет города республиканского значения
B13: в зависимости от способа реализации: | C13: Индивидуальная
B14: текущая/развития | C14: Текущий
H15: (тыс. тенге)
B16: Наименование показателей | C16: Факт 2024 год | D16: План текущего 2025 года | F16: Плановый период
D17: Утвержденный | E17: Уточненный | F17: 2026 год | G17: 2027 год | H17: 2028 год
B18: Целевой индикатор документов Системы государственного планирования, собственных документов, устанавливающих показатели деятельности администратора бюджетных программ:
B19: Конечный результат бюджетной программы:
B20: Отклонение конечного результата бюджетной программы от целевого индикатора
B21: Потребность в бюджетных средствах согласно документам Системы государственного планирования, собственных документов, устанавливающих показатели деятельности администратора бюджетных программ
B22: План | C22: 1065034 | D22: 1170287 | E22: 1133507 | F22: 1177674 | G22: 1201649 | H22: 1217605
B23: Отклонение плана от запланированных средств для достижения целевых индикаторов
B25: Код и наименование бюджетной подпрограммы: 015 «За счет средств местного бюджета»
B26: на 2026 год 1 177 674,0 тыс. тенге
B27: Мероприятия, всего, в том числе: | D27: Показатель мероприятия | E27: Показатель документа Системы государственного планирования (при наличии) | F27: Отклонение (при наличии) | G27: Расходы тыс. тенге
B28: Количество детей с инвалидностью в возрасте от 1,5 до 18 лет с психоневрологическими нарушениями, в том числе: по КГУ «Центр поддержки детей Колдау» | D28: =SUM(D29:D30) -> 180 | G28: =SUM('022'!G28:G31) -> 1177674
B29: - В условиях стационара | D29: =SUM('022'!D29) -> 110
B30: - В условиях полустационара | D30: =SUM('022'!D30) -> 70
B31: Количество гражданских служащих, которым выплачивается заработная плата, | D31: =SUM('022'!D31) -> 290
B33: на 2027 год 1 201 649,0 тыс. тенге
B34: Мероприятия, всего, в том числе: | D34: Показатель мероприятия | E34: Показатель документа Системы государственного планирования (при наличии) | F34: Отклонение (при наличии) | G34: Расходы тыс. тенге
B35: Количество детей с инвалидностью в возрасте от 1,5 до 18 лет с психоневрологическими нарушениями | D35: 180 | G35: =SUM('022'!G35:G36) -> 1201649
B36: Общее количество гражданских служащих, которым выплачивается заработная плата | D36: 290
B38: на 2028 год 1 217 605,0 тыс. тенге
B39: Мероприятия, всего, в том числе: | D39: Показатель мероприятия | E39: Показатель документа Системы государственного планирования (при наличии) | F39: Отклонение (при наличии) | G39: Расходы тыс. тенге
B40: Количество детей с инвалидностью в возрасте от 1,5 до 18 лет с психоневрологическими нарушениями | D40: 180 | G40: =SUM('022'!G40:G41) -> 1217605
B41: Общее количество гражданских служащих, которым выплачивается заработная плата | D41: 290
B45: Заместитель руководителя управления | D45: К. Калдыкараев
C46: (подпись)
B47: Руководитель отдела формирование консолидированная финансовая отчетность и планирования бюджета | D47: К. Даулбаева
C48: (подпись)
B49: Руководитель отдела координации социальных учреждений и специальных социальных услуг | D49: Р. Сейдакбар
C50: (подпись)

Sheet 028
G1: Бюджеттік сұранымды жасау, ұсыну және қарау қағидаларына №4-қосымша
B2: Бюджеттік бағдарлама паспорты
B3: 333 Шымкент қаласының жұмыспен қамту және әлеуметтік қорғау басқармасы
B4: бюджеттiк бағдарлама әкiмшiсiнiң коды және атауы
B5: 2026 - 2028 жылдарға арналған
B6: Бюджеттік бағдарламаның коды мен атауы: | C6: 028 - «Күш көрсету немесе күш көрсету қаупі салдарынан қиын жағдайларға тап болған тәуекелдер тобындағы адамдарға қызметтер»
B7: Мемлекеттік органдар функцияларының тізіліміне сәйкес мемлекеттік орган функциясының (функцияларының) коды мен атауы: | C7: 06 - «Әлеуметтiк көмек және әлеуметтiк қамсыздандыру»
B8: Мемлекеттік көрсетілетін қызметтер тізіліміне сәйкес мемлекеттік көрсетілетін қызметтің коды мен атауы: | C8: 705009 - "Арнаулы әлеуметтік қызметтер көрсету орталықтарында арнаулы әлеуметтік көрсетілетін қызметтерге құжаттарды ресімдеу"
B9: Сипаттама (негіздеме), оның ішінде ағымдағы мәртебе: | C9: Уақытша болу жағдайында тұрмыстық зорлық-зомбылық құрбандарына, адам саудасының құрбандарына уақытша болу жағдайында арнаулы әлеуметтік қызметтер көрсету, террористік белсенділік аймақтарынан қайтып келген әйелдер мен кәмелетке толмағандарға (отбасыларға) дерадикаландыру, өмірлік қиын жағдайға тап болған адамдарды (отбасыларды) өз құзыреті шегінде мемлекеттік органдардың қолдауымен, оның ішінде интеграцияланған модель арқылы қолдаумен қамту жөніндегі жұмысты үйлестіру және оларға әлеуметтік, заңдық және психологиялық қолдау көрсетуге жәрдемдесу түріндегі кешенді бағдарламаларды жүзеге асыру
B10: Бюджеттік бағдарламаның түрі:
B11: мазмұнына байланысты: | C11: Мемлекеттік функцияларды, өкілеттіктерді жүзеге асыруға және олардан туындайтын мемлекеттік қызметтерді көрсетуге бағытталған бюджеттік бағдарлама
B12: мемлекеттік басқару деңгейіне байланысты: | C12: Республикалық маңызы бар қаланың бюджеті
B13: іске асыру тәсіліне байланысты: | C13: Жеке
B14: ағымдағы/даму | C14: ағымдағы
H15: (мың теңге)
B16: Көрсеткіштердің атауы | C16: Факт 2024 жыл | D16: 2025 жылғы есепті кезең | F16: Жоспарлы кезең
D17: Бекітілген | E17: Нақтыланған | F17: 2026 жыл | G17: 2027 жыл | H17: 2028 жыл
B18: Мемлекеттік жоспарлау жүйесі құжаттарының, бюджеттік бағдарлама әкімшісінің қызметінің көрсеткіштерін белгілейтін меншікті құжаттардың нысаналы индикаторы:
B19: Бюджеттік бағдарламаның түпкілікті нәтижесі:
B20: Бюджеттік бағдарламаның түпкілікті нәтижесінің нысаналы индикаторлардан ауытқуы
B21: Мемлекеттік жоспарлау жүйесінің құжаттарына, бюджеттік бағдарлама әкімшісінің қызметінің көрсеткіштерін белгілейтін меншікті құжаттарға сәйкес бюджет қаражатына қажеттілік
B22: Жоспар | C22: 146153 | D22: 167844 | E22: 171855 | F22: 169506 | G22: 174889 | H22: 178901
B23: Нысаналы индикаторларға қол жеткізу үшін жоспардың жоспарланған қаражаттан ауытқуы
B24: Бюджеттік кіші бағдарламаның коды мен атауы: 015 «Жергілікті бюджет қаражаты есебінен»
B25: 2026 жылға 169 506,0 мың теңге
B26: Іс-шаралар, барлығы, оның ішінде | D26: Іс-шара көрсеткіші | E26: Мемлекеттік жоспарлау жүйелері құжатының көрсеткіші (бар болған жағдайда) | F26: Ауытқу (бар болған жағдайда) | G26: Шығыстар сомасы мың тенге
B27: «Отбасын қолдау орталығы» КММ-сі бойынша | G27: =166766+2268+2000-1528 -> 169506
B28: Уақытша болу жағдайында арнаулы әлеуметтік қызмет алушылардың саны | D28: 55
B29: Еңбек ақылар төленетін азаматтық қызметшілердің саны | D29: 34.5
B31: 2027 жылға 174 889,0 мың теңге
B32: Іс-шаралар, барлығы, оның ішінде | D32: Іс-шара көрсеткіші | E32: Мемлекеттік жоспарлау жүйелері құжатының көрсеткіші (бар болған жағдайда) | F32: Ауытқу (бар болған жағдайда) | G32: Шығыстар сомасы мың тенге
B33: Уақытша болу жағдайында арнаулы әлеуметтік қызмет алушылардың саны | D33: 55 | G33: 174889
B34: Еңбек ақылар төленетін азаматтық қызметшілердің саны | D34: 34.5
B36: 2028 жылға 178 901,0 мың теңге
B37: Іс-шаралар, барлығы, оның ішінде | D37: Іс-шара көрсеткіші | E37: Мемлекеттік жоспарлау жүйелері құжатының көрсеткіші (бар болған жағдайда) | F37: Ауытқу (бар болған жағдайда) | G37: Шығыстар сомасы мың тенге
B38: Уақытша болу жағдайында арнаулы әлеуметтік қызмет алушылардың саны | D38: 55 | G38: 178901
B39: Еңбек ақылар төленетін азаматтық қызметшілердің саны | D39: 34.5
B43: Басқарма басшысының орынбасары | D43: К. Калдыкараев
C44: (қолы)
B45: Шоғырландырылған қаржылық есептілікті қалыптастыру және бюджеттік жоспарлау бөлімінің басшысы | D45: К. Даулбаева
C46: (қолы)
B47: Әлеуметтік мекемелерді және арнаулы әлеуметтік қызметтерді үйлестіру бөлімінің басшысы | D47: Р. Сейдакбар
C48: (қолы)

Sheet 028-рус
F1: Приложение 4 к Правилам составления, представления, рассмотрения бюджетного запроса
B2: Паспорт бюджетной программы
B3: 333 Управление занятости и социальной защиты города Шымкента
B4: Код и наименование администратора бюджетных программ
B5: на 2026 - 2028 годы
B6: Код и наименование бюджетной программы: | C6: 028 - «Услуги лицам из групп риска, попавшим в сложную ситуацию вследствие насилия или угрозы насилия»
B7: Код и наименование функции (функций) государственного органа (в соответствии с реестром функций государственных органов): | C7: 06 - «Социальная помощь и социальное обеспечение»
B8: Код и наименование государственной услуги (в соответствии с реестром государственных услуг): | C8: 705009 — «Оформление документов на получение специальных социальных услуг в центрах оказания специальных социальных услуг»
B9: Описание (обоснование), в том числе текущий статус: | C9: Оказание специальных социальных услуг в условиях временного пребывания жертвам бытового насилия и торговли людьми, а также женщинам и несовершеннолетним (семьям), вернувшимся из зон террористической активности. Реализация комплексных программ по дерерадикализации, координация работы по охвату лиц (семей), оказавшихся в трудной жизненной ситуации, поддержкой со стороны государственных органов в пределах их компетенции, в том числе посредством интегрированной модели, а также содействие в предоставлении им социальной, правовой и психологической поддержки
B10: Вид бюджетной программы:
B11: в зависимости от содержания: | C11: Бюджетная программа, направленная на осуществление государственных функций, полномочий и оказание вытекающих из них государственных услуг
B12: в зависимости от уровня государственного управления: | C12: Бюджет города республиканского значения
B13: в зависимости от способа реализации: | C13: Индивидуальная
B14: текущая/развития | C14: Текущий
H15: (тыс. тенге)
B16: Наименование показателей | C16: Факт 2024 год | D16: План текущего 2025 года | F16: Плановый период
D17: Утвержденный | E17: Уточненный | F17: 2026 год | G17: 2027 год | H17: 2028 год
B18: Целевой индикатор документов Системы государственного планирования, собственных документов, устанавливающих показатели деятельности администратора бюджетных программ:
B19: Конечный результат бюджетной программы:
B20: Отклонение конечного результата бюджетной программы от целевого индикатора
B21: Потребность в бюджетных средствах согласно документам Системы государственного планирования, собственных документов, устанавливающих показатели деятельности администратора бюджетных программ
B22: План | C22: 146153 | D22: 167844 | E22: 171855 | F22: 169506 | G22: 174889 | H22: 178901
B23: Отклонение плана от запланированных средств для достижения целевых индикаторов
B24: Код и наименование бюджетной подпрограммы: 015 «За счет средств местного бюджета»
B25: на 2026 год 169 506,0 тыс. тенге
B26: Мероприятия, всего, в том числе: | D26: Показатель мероприятия | E26: Показатель документа Системы государственного планирования (при наличии) | F26: Отклонение (при наличии) | G26: Расходы тыс. тенге
B27: По КГУ «Центр поддержки семьи»
B28: Количество получателей специальных социальных услуг в условиях временного пребывания | D28: 55 | G28: =SUM('028'!G27:G29) -> 169506
B29: Количество гражданских служащих, которым выплачивается заработная плата | D29: 34.5
B31: на 2027 год 174 889,0 тыс. тенге
B32: Мероприятия, всего, в том числе: | D32: Показатель мероприятия | E32: Показатель документа Системы государственного планирования (при наличии) | F32: Отклонение (при наличии) | G32: Расходы тыс. тенге
B33: Количество получателей специальных социальных услуг в условиях временного пребывания | D33: 55 | G33: =SUM('028'!G32:G34) -> 174889
B34: Количество гражданских служащих, которым выплачивается заработная плата | D34: 34.5
B36: на 2028 год 178 901,0 тыс. тенге
B37: Мероприятия, всего, в том числе: | D37: Показатель мероприятия | E37: Показатель документа Системы государственного планирования (при наличии) | F37: Отклонение (при наличии) | G37: Расходы тыс. тенге
B38: Количество получателей специальных социальных услуг в условиях временного пребывания | D38: 55 | G38: =SUM('028'!G37:G39) -> 178901
B39: Количество гражданских служащих, которым выплачивается заработная плата | D39: 34.5
B43: Заместитель руководителя управления | D43: К. Калдыкараев
C44: (подпись)
B45: Руководитель отдела формирование консолидированная финансовая отчетность и планирования бюджета | D45: К. Даулбаева
C46: (подпись)
B47: Руководитель отдела координации социальных учреждений и специальных социальных услуг | D47: Р. Сейдакбар
C48: (подпись)

Sheet 006
G1: Бюджеттік сұранымды жасау, ұсыну және қарау қағидаларына №4-қосымша
B2: Бюджеттік бағдарлама паспорты
B3: 333 Шымкент қаласының жұмыспен қамту және әлеуметтік қорғау басқармасы
B4: бюджеттiк бағдарлама әкiмшiсiнiң коды және атауы
B5: 2026 - 2028 жылдарға арналған
B6: Бюджеттік бағдарламаның коды мен атауы: | C6: 006 - «Халықты әлеуметтік қорғау жөніндегі іс-шараларды іске асыру»
B7: Мемлекеттік органдар функцияларының тізіліміне сәйкес мемлекеттік орган функциясының (функцияларының) коды мен атауы: | C7: 06 - «Әлеуметтiк көмек және әлеуметтiк қамсыздандыру»
B8: Мемлекеттік көрсетілетін қызметтер тізіліміне сәйкес мемлекеттік көрсетілетін қызметтің коды мен атауы: | C8: -
B9: Сипаттама (негіздеме), оның ішінде ағымдағы мәртебе: | C9: Өмірлік қиын жағдайға тап болған адамдарды (отбасыларды) өз құзыреті шегінде мемлекеттік органдардың қолдауымен, оның ішінде интеграцияланған модель арқылы қолдаумен қамту жөніндегі жұмысты үйлестіру және оларға әлеуметтік, заңдық және психологиялық қолдау көрсетуге жәрдемдесу түріндегі кешенді бағдарламаларды жүзеге асыру
B10: Бюджеттік бағдарламаның түрі:
B11: мазмұнына байланысты: | C11: Мемлекеттік функцияларды, өкілеттіктерді жүзеге асыруға және олардан туындайтын мемлекеттік қызметтерді көрсетуге бағытталған бюджеттік бағдарлама
